 Dungeon Crawl Stone Soup version 0.31-a0-844-gdc52ec4 (webtiles) character file.

Game seed: 4082690858868492519

9338304 steven32 the Plutocrat (level 27, 254/273 HPs)
             Began as a Demonspawn Conjurer on Sept 28, 2023.
             Was an Initiate of Gozag.
             Escaped with the Orb
             ... and 15 runes on Sept 29, 2023!
             The game lasted 08:51:03 (196011 turns).

steven32 the Plutocrat (Demonspawn Conjurer)      Turns: 196011, Time: 08:51:04

Health: 254/273    AC: 56    Str: 13    XL:     27
Magic:  17/54      EV:  7    Int: 61    God:    Gozag
Gold:   50026      SH: 37    Dex: 18    Spells: 1/80 levels left

rFire   + + +        a - +18 lance "Wyrmbane" {slay drac, rPois rF+ rC+ AC+3}
rCold   + + .        Y - +18 shield of the Gong {Loud rN+ Will+ rCorr EV-5}
rNeg    + + .        E - +8 orange crystal plate armour {Archmagi, Int+3 Clar}
rPois   +            (helmet unavailable)
rElec   +            u - +0 cloak "Idaityir" {rPois rF++}
rCorr   +            g - +0 pair of gloves "Xobotyde" {*Corrode Int+5 Dex+3}
SInv    +            M - +4 pair of boots of the Byakko {rC+}
Will    ++++.        T - macabre finger necklace {Finger+ rN+}
Stlth   +            V - ring of Odiaq {rElec rF+++ Will+ Int+6 Dex-5}
HPRegen 0.65/turn    B - ring "Ahed" {Wiz rElec rCorr Int+7}
MPRegen 0.34/turn    D - ring "Piwok" {rElec Will- Int+8 Dex+6}

%: corrode self (3%), clarity, wizardry (x1), archmagi
@: no status effects
A: antennae 3, yellow scales 3, hurl damnation, foul stench 3, powered by death
3, torment resistance 1, demonic willpower, agile 1, clever 1, robust 1, strong
1, MP-powered wands
0: Orb of Zot
}: 15/15 runes: barnacled, slimy, silver, golden, iron, obsidian, icy, bone,
abyssal, demonic, glowing, magical, fiery, dark, gossamer
a: Hurl Damnation, Renounce Religion, Potion Petition, Call Merchant, Bribe
Branch


You escaped.
You worshipped Gozag.
Gozag was exalted by your worship.
You visited 17 branches of the dungeon, and saw 87 of its levels.
You visited Pandemonium 1 time, and saw 18 of its levels.
You visited the Abyss 4 times.
You visited 1 bazaar.
You visited 7 ziggurats (completing 6), and saw 185 of their levels.
You also visited: Trove, Sewer, Bailey, Ice Cave and Wizlab.

You collected 215229 gold pieces.
You spent 7118 gold pieces at shops.
You paid 158085 gold pieces to Gozag.

Inventory:

Hand Weapons
 a - the +18 lance "Wyrmbane" (weapon) {slay drac, rPois rF+ rC+ AC+3}
   (You found it on level 5 of the Pits of Slime)

   AC+3:      It affects your AC (+3).
   rF+:       It protects you from fire.
   rC+:       It protects you from cold.
   rPois:     It protects you from poison
 b - the +6 Majin-Bo {spellvamp, MP+6 Int+6}
   (You found it on level 3 of the Crypt)

   Int+6:     It affects your intelligence (+6).
   MP+6:      It affects your magic capacity (+6).
 r - the +5 Lochaber axe {reach-cleave, Poleaxe Drain}
   (You found it on level 8 of a ziggurat)

   Poleaxe:   It uses either Axes or Polearms skill, whichever is higher.
   Drain:     It drains your maximum health when unequipped.
 F - the +9 sword of Zonguldrok {reap}
   (You found it on level 10 of a ziggurat)
 I - a +0 demon whip of distortion
 O - the +11 plutonium sword {Contam Stlth-}
   (You found it on level 18 of a ziggurat)

   Contam:    It causes magical contamination when unequipped.
   Stlth-:    It makes you less stealthy.
Missiles
 s - 10 curare-tipped darts
 x - 104 silver javelins
 G - 22 javelins
 Q - 35 throwing nets
Armour
 g - the +0 pair of gloves "Xobotyde" (worn) {*Corrode Int+5 Dex+3}
   (You found it on level 6 of the Dungeon)

   Int+5:     It affects your intelligence (+5).
   Dex+3:     It affects your dexterity (+3).
   *Corrode:  It may corrode you when you take damage.
 u - the +0 cloak "Idaityir" (worn) {rPois rF++}
   (You acquired it on level 1 of the Depths)

   rF++:      It greatly protects you from fire.
   rPois:     It protects you from poison
 E - the +8 orange crystal plate armour (worn) {Archmagi, Int+3 Clar}
   (You found it on level 25 of a ziggurat)

   Int+3:     It affects your intelligence (+3).
   Clar:      It protects you from confusion, rage, mesmerisation and fear.
 L - the +3 warlock's mirror {omnireflect}
   (You found it on level 13 of a ziggurat)

   Omnireflect: It can block and reflect piercing ranged attacks and magical
   attacks against the wielder's willpower.
 M - the +4 pair of boots of the Byakko (worn) {rC+}
   (You bought it in a shop on level 9 of the Dungeon)

   rC+:       It protects you from cold.
 U - the +0 pair of fencer's gloves {Riposte Dex+3}
   (You found it on level 20 of a ziggurat)

   Riposte:   It allows the wearer to riposte with melee weapons, swiftly
   retaliating against missed or blocked melee attacks.
   Dex+3:     It affects your dexterity (+3).
 Y - the +18 shield of the Gong (worn) {Loud rN+ Will+ rCorr EV-5}
   (You acquired it in Pandemonium)

   Loud:      It is deafeningly noisy when blocking attacks.
   EV-5:      It affects your evasion (-5).
   rN+:       It protects you from negative energy.
   Will+:     It increases your willpower.
   rCorr:     It protects you from acid and corrosion.
Jewellery
 m - the ring of Myos {+Blink rN+ Will- Str+3 Dex+2}
   (You found it on level 3 of the Crypt)

   [ring of positive energy]

   Str+3:     It affects your strength (+3).
   Dex+2:     It affects your dexterity (+2).
   rN+:       It protects you from negative energy.
   Will-:     It decreases your willpower.
   +Blink:    It lets you blink.
 B - the ring "Ahed" (right hand) {Wiz rElec rCorr Int+7}
   (You found it on level 5 of a ziggurat)

   [ring of wizardry]

   Wiz:       It improves your spell success rate.
   Int+7:     It affects your intelligence (+7).
   rElec:     It insulates you from electricity.
   rCorr:     It protects you from acid and corrosion.
 D - the ring "Piwok" (on amulet) {rElec Will- Int+8 Dex+6}
   (You found it on level 3 of the Tomb of the Ancients)

   [ring of dexterity]

   Int+8:     It affects your intelligence (+8).
   Dex+6:     It affects your dexterity (+6).
   rElec:     It insulates you from electricity.
   Will-:     It decreases your willpower.
 P - the ring of the Tortoise {AC+8}
   (You found it on level 15 of a ziggurat)

   [ring of protection]

   AC+8:      It affects your AC (+8).
 T - the macabre finger necklace (around neck) {Finger+ rN+}
   (You found it on level 11 of a ziggurat)

   [amulet of nothing]

   Finger+:   It enables you to equip an extra ring.
   rN+:       It protects you from negative energy.
 V - the ring of Odiaq (left hand) {rElec rF+++ Will+ Int+6 Dex-5}
   (You found it on level 17 of a ziggurat)

   [ring of intelligence]

   Int+6:     It affects your intelligence (+6).
   Dex-5:     It affects your dexterity (-5).
   rF+++:     It renders you almost immune to fire.
   rElec:     It insulates you from electricity.
   Will+:     It increases your willpower.
Talismans
 w - a talisman of death
Wands
 f - a wand of iceblast (417)
 k - a wand of charming (166)
 X - a wand of quicksilver (354)
Scrolls
 c - 3 scrolls of summoning
 d - 110 scrolls of fog
 e - 48 scrolls of blinking
 p - 156 scrolls of teleportation
 q - 23 scrolls of torment
 A - 50 scrolls of immolation
 C - 34 scrolls of vulnerability
 K - 26 scrolls of fear
 Z - a scroll of acquirement
Potions
 h - 40 potions of curing
 i - 11 potions of brilliance
 j - 6 potions of invisibility
 l - 26 potions of attraction
 n - 6 potions of experience
 o - 18 potions of lignification
 t - 24 potions of heal wounds
 v - 26 potions of magic
 z - 162 potions of mutation
 H - 36 potions of haste
 J - 8 potions of resistance
 N - 14 potions of ambrosia
 W - 33 potions of cancellation
Miscellaneous
 y - a phial of floods
 R - a condenser vane
 S - a +6 figurine of a ziggurat


   Skills:
 O Level 27 Fighting
 O Level 27 Short Blades
 O Level 27 Long Blades
 O Level 27 Axes
 O Level 27 Maces & Flails
 O Level 27 Polearms
 O Level 27 Staves
 O Level 27 Ranged Weapons
 O Level 27 Throwing
 O Level 27 Armour
 O Level 27 Dodging
 O Level 27 Stealth
 O Level 27 Shields
 O Level 27 Unarmed Combat
 O Level 27 Spellcasting
 O Level 27 Conjurations
 O Level 27 Hexes
 O Level 27 Summonings
 O Level 27 Necromancy
 O Level 27 Translocations
 O Level 27 Transmutations
 O Level 27 Fire Magic
 O Level 27 Ice Magic
 O Level 27 Air Magic
 O Level 27 Earth Magic
 O Level 27 Poison Magic
 O Level 27 Invocations
 O Level 27 Evocations
 O Level 27 Shapeshifting


You had one spell level left.
You knew the following spells:

 Your Spells              Type           Power      Damage    Failure   Level
a - Death Channel         Necr           93%        N/A       0%          6
b - Blink                 Tloc           100%       N/A       0%          2
c - Chain Lightning       Conj/Air       93%        3d124     1%          9
d - Death's Door          Necr           93%        N/A       1%          9
f - Fire Storm            Conj/Fire      93%        8d23      1%          9
g - Lehudib's Crystal Sp  Conj/Erth      93%        10d20     1%          8
h - Ignition              Fire           93%        3d24      1%          8
p - Polar Vortex          Ice            93%        12d12*    1%          9
r - Ozocubu's Refrigerat  Ice            93%        4d28      1%          7
s - Shatter               Erth           93%        3d67*     1%          9
x - Apportation           Tloc           100%       N/A       0%          1
z - Sublimation of Blood  Necr           100%       N/A       0%          2

Your spell library contained the following spells:

 Spells                   Type           Power      Damage    Failure   Level
 Foxfire                  Conj/Fire      100%       2x1d9     0%          1
 Freeze                   Ice            100%       1d10      0%          1
 Kiss of Death            Conj/Necr      100%       2d13      0%          1
 Magic Dart               Conj           100%       1d8       0%          1
 Necrotise                Necr           100%       1d9       0%          1
 Sandblast                Erth           100%       2d20      0%          1
 Shock                    Conj/Air       100%       1d9       0%          1
 Slow                     Hex            100%       N/A       0%          1
 Sting                    Tmut/Pois      100%       1d8       0%          1
 Summon Small Mammal      Summ           100%       N/A       0%          1
 Call Imp                 Summ           100%       N/A       0%          2
 Cigotuvi's Dreadful Rot  Necr/Pois/Air  100%       N/A       0%          2
 Ensorcelled Hibernation  Hex/Ice        100%       N/A       0%          2
 Jinxbite                 Hex            100%       N/A       0%          2
 Lesser Beckoning         Tloc           100%       N/A       0%          2
 Momentum Strike          Conj/Tloc      100%       3d10      0%          2
 Passwall                 Tmut/Erth      100%       N/A       0%          2
 Poisonous Vapours        Pois/Air       100%       N/A       0%          2
 Scorch                   Fire           100%       2d9       0%          2
 Searing Ray              Conj           100%       2d8       0%          2
 Static Discharge         Conj/Air       100%       2-7/arc   0%          2
 Wereblood                Tmut           100%       N/A       0%          2
 Call Canine Familiar     Summ           100%       N/A       0%          3
 Confusing Touch          Hex            100%       N/A       0%          3
 Dazzling Flash           Conj/Hex       100%       N/A       0%          3
 Frozen Ramparts          Ice            100%       1d16      0%          3
 Gell's Gravitas          Tloc           100%       N/A       0%          3
 Hailstorm                Conj/Ice       100%       3d20      0%          3
 Ignite Poison            Fire/Tmut/Pois 100%       N/A       0%          3
 Inner Flame              Hex/Fire       100%       N/A       0%          3
 Mephitic Cloud           Conj/Pois/Air  100%       N/A       0%          3
 Ozocubu's Armour         Ice            100%       N/A       0%          3
 Sigil of Binding         Hex            100%       N/A       0%          3
 Stone Arrow              Conj/Erth      100%       3d13      0%          3
 Summon Guardian Golem    Hex/Summ       100%       N/A       0%          3
 Swiftness                Air            100%       N/A       0%          3
 Teleport Other           Tloc           100%       N/A       0%          3
 Tukima's Dance           Hex            100%       N/A       0%          3
 Vampiric Draining        Necr           100%       2d13      0%          3
 Volatile Blastmotes      Fire/Tloc      100%       2d18      0%          3
 Airstrike                Air            93%        2d(14-30) 0%          4
 Anguish                  Hex/Necr       93%        N/A       0%          4
 Animate Armour           Summ/Erth      100%       N/A       0%          4
 Brom's Barrelling Bould  Conj/Erth      100%       2d11      0%          4
 Cause Fear               Hex            93%        N/A       0%          4
 Dimensional Bullseye     Hex/Tloc       93%        N/A       0%          4
 Dispel Undead            Necr           100%       3d31      0%          4
 Flame Wave               Conj/Fire      100%       2d21      0%          4
 Fulminant Prism          Conj/Hex       93%        3d36      0%          4
 Iskenderun's Mystic Bla  Conj/Tloc      100%       2d19      0%          4
 Leda's Liquefaction      Hex/Erth       93%        N/A       0%          4
 Manifold Assault         Tloc           100%       N/A       0%          4
 Olgreb's Toxic Radiance  Pois           100%       N/A       0%          4
 Passage of Golubria      Tloc           100%       N/A       0%          4
 Petrify                  Tmut/Erth      100%       N/A       0%          4
 Sticky Flame             Conj/Fire      100%       2d11      0%          4
 Summon Ice Beast         Ice/Summ       100%       N/A       0%          4
 Summon Lightning Spire   Summ/Air       100%       N/A       0%          4
 Vhi's Electric Charge    Tloc/Air       100%       N/A       0%          4
 Agony                    Necr           100%       N/A       0%          5
 Alistair's Intoxication  Tmut/Pois      100%       N/A       0%          5
 Arcjolt                  Conj/Air       93%        1d103     0%          5
 Borgnjor's Vile Clutch   Necr/Erth      93%        N/A       0%          5
 Fireball                 Conj/Fire      93%        3d34      0%          5
 Freezing Cloud           Conj/Ice/Air   93%        6-21      0%          5
 Irradiate                Conj/Tmut      93%        3d42      0%          5
 Iskenderun's Battlesphe  Conj           100%       2d15      0%          5
 Lee's Rapid Deconstruct  Erth           93%        3d41*     0%          5
 Metabolic Englaciation   Hex/Ice        93%        N/A       0%          5
 Silence                  Hex/Air        93%        N/A       0%          5
 Summon Forest            Summ/Tloc      93%        N/A       0%          5
 Summon Mana Viper        Hex/Summ       100%       N/A       0%          5
 Yara's Violent Unravell  Hex/Tmut       93%        3d34      0%          5
 Bombard                  Conj/Erth      93%        9d15      0%          6
 Conjure Ball Lightning   Conj/Air       93%        3x3d36    0%          6
 Dispersal                Tloc           93%        N/A       0%          6
 Eringya's Noxious Bog    Tmut/Pois      93%        4d6       0%          6
 Plasma Beam              Fire/Air       93%        2x1d112   0%          6
 Starburst                Conj/Fire      93%        6d23      0%          6
 Summon Cactus Giant      Summ           93%        N/A       0%          6
 Enfeeble                 Hex            93%        N/A       1%          7
 Haunt                    Necr/Summ      93%        N/A       1%          7
 Malign Gateway           Summ/Tloc      93%        N/A       1%          7
 Monstrous Menagerie      Summ           93%        N/A       1%          7
 Orb of Destruction       Conj           93%        9d20      1%          7
 Spellforged Servitor     Conj/Summ      93%        N/A       1%          7
 Summon Hydra             Summ           93%        N/A       1%          7
 Borgnjor's Revivificati  Necr           93%        N/A       1%          8
 Discord                  Hex            93%        N/A       1%          8
 Disjunction              Tloc           93%        N/A       1%          8
 Infestation              Necr           93%        N/A       1%          8
 Maxwell's Capacitive Co  Air            93%        ∞         1%          8
 Summon Horrible Things   Summ           93%        N/A       1%          8
 Dragon's Call            Summ           93%        N/A       1%          9
 Animate Dead             Necr           Unusable   N/A       N/A         4
 Simulacrum               Ice/Necr       Unusable   N/A       N/A         6

Dungeon Overview and Level Annotations

Branches:
Dungeon (15/15)            Temple (0/1) D:7            Lair (5/5) D:9
 Shoals (4/4) Lair:2       Spider (4/4) Lair:2        Slime (5/5) Lair:4
    Orc (2/2) D:12            Elf (3/3) Orc:2        Vaults (5/5) D:13
  Crypt (3/3) Vaults:2       Tomb (3/3) Crypt:3      Depths (4/4) D:15
   Hell (visited)             Dis (7/7) Hell            Geh (7/7) Hell
    Coc (7/7) Hell            Tar (7/7) Hell            Zot (5/5) Depths:4
  Sewer (visited)          Bailey (visited)           IceCv (visited)
 WizLab (visited)

Altars:
Ashenzari
Fedhas
Gozag
Hepliaklqana
Makhleb
Nemelex Xobeh
Okawaru
Qazlal
Ru
Trog
Wu Jian
Yredelemnul

Shops:
D:1 !   D:9 [[![[[[[   Orc:2 =[[[   Shoals:4 *   Vaults:1 *(::   Vaults:3 !
Depths:4 [*=(:

Portals:
Hell: Depths:1 Depths:2 Depths:3 Depths:4
Abyss: Depths:1 Depths:3
Pandemonium: Depths:2 Depths:3

Annotations:
Elf:1 2 transporters, Pisiet's ghost, adept DjBe
Elf:2 2 transporters, Pisot's ghost, adept SpBr
Depths:3 4 transporters


Innate Abilities, Weirdness & Mutations

You have a pair of large antennae on your head. (SInv)
You are completely covered in yellow scales. (AC +4, rCorr)
You can hurl damnation.
You frequently emit foul miasma when damaged in melee.
You regenerate a lot of health from kills.
You are resistant to unholy torment.
You punish those that try to bend your will. (Will+)
You are agile. (Dex +4, Str/Int -1)
Your mind is acute. (Int +4, Str/Dex -1)
You are robust. (+10% HP)
Your muscles are strong. (Str +4, Int/Dex -1)
You expend magic power (3 MP) to strengthen your wands.


Message History

a +0 great sword; a +0 ring mail You see here 6 gold pieces.
You reach to attack!
You puncture the lorocyproca!
The lorocyproca decays.
The lorocyproca is lightly wounded.
You reach to attack!
You closely miss the lorocyproca.
The lorocyproca is lightly wounded.
You block the lorocyproca's attack.
PANG!
You see here 6 gold pieces.
You now have 49600 gold pieces (gained 6).
You block the lorocyproca's attack.
PANG!
You impale the lorocyproca!!
The lorocyproca decays.
The lorocyproca is heavily wounded.
You hit the lorocyproca but do no damage.
The lorocyproca is heavily wounded.
You hit the lorocyproca.
The lorocyproca decays.
The lorocyproca is heavily wounded.
The lorocyproca hits you but does no damage.
You impale the lorocyproca!!
The lorocyproca decays.
The lorocyproca is almost dead.
You hit the lorocyproca.
The lorocyproca decays.
The lorocyproca is almost dead.
You puncture the lorocyproca!
You kill the lorocyproca!
You now have 49608 gold pieces (gained 8).
Things that are here:
a +0 dire flail; a +0 ring mail You see here a +0 trident.
You start resting.
A rakshasa comes into view. It is wielding a +0 trident.
Casting: Fire Storm (mildly dangerous; 1% risk of failure)
Confirm with . or Enter, or press ? or * to list all spells.
Aiming: Fire Storm (mildly dangerous; 1% risk of failure)
Press: ? - help, Dir - move target You feel a surge of power!
A raging storm of fire appears!
The great blast of fire engulfs the rakshasa!!!!
You kill the rakshasa!
You now have 41/54 mp.
You sense a monster nearby. 2 large abominations come into view.
You regained 5 mp, and now have 47/54 mp.
There are monsters nearby!
There are monsters nearby!
A large abomination comes into view.
An Executioner comes into view.
The Executioner gives a hideous shriek!
Casting: Fire Storm (mildly dangerous; 1% risk of failure)
Confirm with . or Enter, or press ? or * to list all spells.
Aiming: Fire Storm (mildly dangerous; 1% risk of failure)
Press: ? - help, Dir - move target You feel a surge of power!
A raging storm of fire appears!
The great blast of fire engulfs the large abomination!!!!
You destroy the large abomination!
The great blast of fire engulfs the large abomination!!!!
You destroy the large abomination!
The great blast of fire engulfs the large abomination!!!!
You destroy the large abomination!
The great blast of fire engulfs the Executioner!!!!
The Executioner partially resists.
You kill the Executioner!
You now have 39/54 mp.
You start resting.
A tormentor comes into view.
You regained 4 mp, and now have 43/54 mp.
Casting: Fire Storm (mildly dangerous; 1% risk of failure)
Confirm with . or Enter, or press ? or * to list all spells.
Aiming: Fire Storm (mildly dangerous; 1% risk of failure)
Press: ? - help, Dir - move target You feel a surge of power!
A raging storm of fire appears!
The great blast of fire engulfs the tormentor!!!
The tormentor partially resists.
You kill the tormentor!
You now have 34/54 mp.
You now have 49627 gold pieces (gained 19).
You now have 49646 gold pieces (gained 19).
You now have 49661 gold pieces (gained 15).
A tormentor comes into view.
Casting: Fire Storm (mildly dangerous; 1% risk of failure)
Confirm with . or Enter, or press ? or * to list all spells.
Aiming: Fire Storm (mildly dangerous; 1% risk of failure)
Press: ? - help, Dir - move target You feel a surge of power!
A raging storm of fire appears!
The great blast of fire engulfs the tormentor!!!
The tormentor partially resists.
You kill the tormentor!
You now have 29/54 mp.
Voadgh comes into view.
You see here 14 gold pieces.
Voadgh is engulfed in blazing flames. x2
Voadgh gestures.
Casting: Fire Storm (mildly dangerous; 1% risk of failure)
Confirm with . or Enter, or press ? or * to list all spells.
Aiming: Fire Storm (mildly dangerous; 1% risk of failure)
Press: ? - help, Dir - move target, f - Ice Fiend
Aim: an Ice Fiend (summoned)
You feel a surge of power!
A raging storm of fire appears!
The great blast of fire engulfs the Ice Fiend!!!!!
The Ice Fiend is burned terribly!
You kill the Ice Fiend!
The Ice Fiend disappears in a puff of smoke!
The great blast of fire engulfs Voadgh!!!!
You kill Voadgh!
You now have 22/54 mp.
Casting: Fire Storm (mildly dangerous; 1% risk of failure)
Confirm with . or Enter, or press ? or * to list all spells.
Aiming: Fire Storm (mildly dangerous; 1% risk of failure)
Press: ? - help, Dir - move target, f - you
Okay, then.
You now have 49675 gold pieces (gained 14).
A chaos spawn comes into view.
You see here 8 gold pieces.
Things that are here:
a +0 great sword; a +0 ring mail The chaos spawn is distracted by your dazzling golden aura.
You see here 17 gold pieces.
You now have 49692 gold pieces (gained 17).
The chaos spawn is no longer distracted by gold.
Things that are here:
a +6 great sword of flaming; +1 pearl dragon scales Unknown command.
You see here 4 gold pieces.
You now have 49696 gold pieces (gained 4).
You block the chaos spawn's attack.
GONNNNG!
You impale the chaos spawn!!
The chaos spawn decays.
The chaos spawn is severely wounded.
You hit the chaos spawn but do no damage.
The chaos spawn is severely wounded.
You impale the chaos spawn!!
You kill the chaos spawn!
The chaos spawn degenerates into a cloud of primal chaos!
No target in view!
Okay, then.
You now have 49714 gold pieces (gained 18).
You now have 49718 gold pieces (gained 4).
Things that are here:
a +0 trident; a +0 robe An Orb Guardian comes into view.
You block the Orb Guardian's attack.
SHROANNG!
You impale the Orb Guardian!!
The Orb Guardian decays.
The Orb Guardian is moderately wounded.
You puncture the Orb Guardian!
The Orb Guardian decays.
The Orb Guardian is moderately wounded.
You block the Orb Guardian's attack.
PTOANNNG!
You closely miss the Orb Guardian.
The Orb Guardian is moderately wounded.
You puncture the Orb Guardian!
The Orb Guardian decays.
The Orb Guardian is heavily wounded.
You block the Orb Guardian's attack.
BOUMMMMG!
You miss the Orb Guardian.
The Orb Guardian is heavily wounded.
You impale the Orb Guardian!!
The Orb Guardian decays.
The Orb Guardian is severely wounded.
You block the Orb Guardian's attack.
SHROANNG!
A reaper comes into view.
It is wielding a +4 scythe of protection.
You barely miss the Orb Guardian.
The Orb Guardian is severely wounded.
You impale the Orb Guardian!!
The Orb Guardian decays.
The Orb Guardian is almost dead.
The Orb Guardian hits you but does no damage.
You impale the Orb Guardian!!
You kill the Orb Guardian!
The reaper hits you but does no damage.
You see here 23 gold pieces.
You block the reaper's attack.
BOUMMMMG!
You hit the reaper but do no damage. You hit the reaper.
The reaper decays.
The reaper is lightly wounded.
You closely miss the reaper.
The reaper is lightly wounded.
You block the reaper's attack.
PTOANNNG!
You puncture the reaper!
The reaper decays.
The reaper is lightly wounded.
You impale the reaper!!
The reaper decays.
The reaper is heavily wounded.
You impale the reaper!!
The reaper decays.
The reaper is almost dead.
You block the reaper's attack.
BONNNG!
You puncture the reaper!
The reaper decays.
The reaper is almost dead.
You hit the reaper but do no damage.
The reaper is almost dead.
You puncture the reaper!
You kill the reaper!
Unknown command.
Things that are here:
a +0 great sword; a +0 ring mail You now have 49723 gold pieces (gained 5).
You see here a +4 scythe of protection.
You now have 49731 gold pieces (gained 8).
Things that are here:
a +0 great sword; a +0 ring mail
Things that are here:
a +0 dire flail; a +0 ring mail You now have 49754 gold pieces (gained 23).
You start resting.
You start resting.
Magic restored.
MP restored: 54 You start waiting.
An Orb Guardian comes into view.
You hit the Orb Guardian.
The Orb Guardian decays.
The Orb Guardian is lightly wounded.
You puncture the Orb Guardian!
The Orb Guardian decays.
The Orb Guardian is lightly wounded.
The Orb Guardian hits you but does no damage.
You miss the Orb Guardian.
The Orb Guardian is lightly wounded.
You puncture the Orb Guardian!
The Orb Guardian decays.
The Orb Guardian is moderately wounded.
You block the Orb Guardian's attack.
GONNNNG!
You puncture the Orb Guardian!
The Orb Guardian decays.
The Orb Guardian is moderately wounded.
You impale the Orb Guardian!!
The Orb Guardian decays.
The Orb Guardian is severely wounded.
The Orb Guardian barely misses you.
Casting: Fire Storm (mildly dangerous; 1% risk of failure)
Confirm with . or Enter, or press ? or * to list all spells.
You feel a surge of power! Lightning arcs from your hands!
The bolt of lightning hits the Orb Guardian!!!!!
You kill the Orb Guardian!
The bolt of lightning hits you but does no damage.
Unknown command.
You now have 45/54 mp.
You now have 49774 gold pieces (gained 20).
You start resting.
Magic restored.
MP restored: 54 You start waiting.
An Asku and an orange demon come into view.
The orange demon screeches!
Casting: Chain Lightning (mildly dangerous; 1% risk of failure)
Confirm with . or Enter, or press ? or * to list all spells.
Aiming: Lehudib's Crystal Spear (mildly dangerous; 1% risk of failure)
Press: ? - help, Shift-Dir - straight line, f - Asku
Aim: Asku (77% to hit)
You feel a surge of power!
The crystal spear hits Asku!!!!
Asku is almost dead.
Asku gestures at you.
The bolt of energy hits you but does no damage.
You now have 46/54 mp.
Casting: Lehudib's Crystal Spear (mildly dangerous; 1% risk of failure)
Confirm with . or Enter, or press ? or * to list all spells.
Aiming: Lehudib's Crystal Spear (mildly dangerous; 1% risk of failure)
Press: ? - help, Shift-Dir - straight line, f/p - Asku
Aim: Asku (almost dead, 77% to hit)
You feel a surge of power!
The crystal spear hits Asku!!!!
You kill Asku!
You now have 39/54 mp.
Casting: Lehudib's Crystal Spear (mildly dangerous; 1% risk of failure)
Confirm with . or Enter, or press ? or * to list all spells.
You don't know that spell.
There are no items here.
Casting: Lehudib's Crystal Spear (mildly dangerous; 1% risk of failure)
Confirm with . or Enter, or press ? or * to list all spells.
Aiming: Lehudib's Crystal Spear (mildly dangerous; 1% risk of failure)
Press: ? - help, Shift-Dir - straight line, f - orange demon
Aim: an orange demon (92% to hit)
You feel a surge of power!
The crystal spear hits the orange demon!!!!
You kill the orange demon!
You now have 31/54 mp.
Things that are here:
a +1 scimitar of flaming; a +0 shortbow; a +0 robe You now have 49793 gold pieces (gained 19).
You now have 49797 gold pieces (gained 4).
Things that are here:
a +1 scimitar of flaming; a +0 shortbow; a +0 robe You start resting.
You start resting.
An orange demon comes into view.
You regained 11 mp, and now have 45/54 mp.
Casting: Lehudib's Crystal Spear (mildly dangerous; 1% risk of failure)
Confirm with . or Enter, or press ? or * to list all spells.
You can't see any susceptible monsters within range! (Use Z to cast anyway.) Unknown command.
You block the orange demon's attack.
GONNNNG!
You hear a roar!
Casting: Lehudib's Crystal Spear (mildly dangerous; 1% risk of failure)
Confirm with . or Enter, or press ? or * to list all spells.
Aiming: Lehudib's Crystal Spear (mildly dangerous; 1% risk of failure)
Press: ? - help, Shift-Dir - straight line, f - orange demon
Aim: an orange demon (92% to hit)
You feel a surge of power!
The crystal spear hits the orange demon!!!!
You kill the orange demon!
You now have 40/54 mp.
You now have 49805 gold pieces (gained 8).
You start resting.
A demonspawn black sun, a lorocyproca and a demonspawn warmonger come into view.
The demonspawn warmonger is wielding a +4 dire flail of protection and wearing a +0 chain mail of cold resistance.
Casting: Lehudib's Crystal Spear (mildly dangerous; 1% risk of failure)
Confirm with . or Enter, or press ? or * to list all spells.
Aiming: Lehudib's Crystal Spear (mildly dangerous; 1% risk of failure)
Press: ? - help, Shift-Dir - straight line, f - demonspawn black sun
Aim: a demonspawn black sun, wielding a +0 glaive and wearing a +0 scale mail (85% to hit)
Okay, then.
Casting: Lehudib's Crystal Spear (mildly dangerous; 1% risk of failure)
Confirm with . or Enter, or press ? or * to list all spells.
You feel a surge of power! Lightning arcs from your hands!
The bolt of lightning hits the demonspawn black sun!!!!!
You kill the demonspawn black sun!
The bolt of lightning hits you. You resist.
The bolt of lightning hits the demonspawn warmonger!!!!!
You kill the demonspawn warmonger!
The bolt of lightning hits the lorocyproca!!!!
The lorocyproca resists.
You kill the lorocyproca!
You now have 33/54 mp.
You now have 49811 gold pieces (gained 6).
Things that are here:
a +0 glaive; a +0 scale mail You now have 49817 gold pieces (gained 6).
Things that are here:
a +4 dire flail of protection; a +0 chain mail of cold resistance
Things that are here:
a +0 glaive; a +0 scale mail You now have 49822 gold pieces (gained 5).
Things that are here:
a +1 scimitar of flaming; a +0 shortbow; a +0 robe You start resting.
You start resting.
Magic restored.
MP restored: 54 You start waiting.
A Hell Sentinel comes into view.
A Hell Sentinel is nearby!
Casting: Chain Lightning (mildly dangerous; 1% risk of failure)
Confirm with . or Enter, or press ? or * to list all spells.
You feel a surge of power!
The dungeon rumbles!
The Hell Sentinel is almost dead.
The plant begins to die.
The plant is heavily damaged.
The plant begins to die.
The plant is severely damaged.
The plant begins to die.
The plant is heavily damaged.
The bush is severely damaged.
The plant begins to die.
The plant is moderately damaged.
Ka-crash!
You now have 45/54 mp.
Casting: Shatter (mildly dangerous; 1% risk of failure)
Confirm with . or Enter, or press ? or * to list all spells.
You feel a surge of power!
The dungeon rumbles!
You kill the Hell Sentinel!
The plant is almost destroyed.
You destroy the plant!
The plant is almost destroyed.
You destroy the bush!
The plant is almost destroyed.
Ka-crash!
You now have 36/54 mp.
Casting: Shatter (mildly dangerous; 1% risk of failure)
Confirm with . or Enter, or press ? or * to list all spells.
You feel a surge of power!
The dungeon rumbles!
You destroy the plant!
You destroy the bush!
You destroy the plant!
The plant begins to die.
The plant is heavily damaged.
You destroy the plant!
The plant begins to die.
The plant is heavily damaged.
The plant begins to die.
The plant is severely damaged.
Ka-crash!
You now have 28/54 mp.
Casting: Shatter (mildly dangerous; 1% risk of failure)
Confirm with . or Enter, or press ? or * to list all spells.
You feel a surge of power!
The dungeon rumbles!
The plant is almost destroyed.
You destroy the plant!
The plant begins to die.
The plant is severely damaged.
You destroy the plant!
Ka-crash!
You hear a roar!
You now have 19/54 mp.
Casting: Shatter (mildly dangerous; 1% risk of failure)
Confirm with . or Enter, or press ? or * to list all spells.
You feel a surge of power!
The dungeon rumbles!
You destroy the plant!
The plant is almost destroyed.
Ka-crash!
You now have 10/54 mp.
Casting: Shatter (mildly dangerous; 1% risk of failure)
Confirm with . or Enter, or press ? or * to list all spells.
You feel a surge of power!
The dungeon rumbles!
You destroy the plant!
Ka-crash!
You now have 2/54 mp.
You start resting.
A Tzitzimitl comes into view.
You regained 3 mp, and now have 5/54 mp.
Casting: Shatter (mildly dangerous; 1% risk of failure)
Confirm with . or Enter, or press ? or * to list all spells.
You don't know that spell.
There is a staircase leading out of the dungeon here.
You reach to attack!
You puncture the Tzitzimitl!
The Tzitzimitl decays.
The Tzitzimitl is lightly wounded.
You reach to attack!
You puncture the Tzitzimitl!
The Tzitzimitl decays.
The Tzitzimitl is moderately wounded.
You reach to attack!
You closely miss the Tzitzimitl.
The Tzitzimitl is moderately wounded.
You puncture the Tzitzimitl!
The Tzitzimitl decays.
The Tzitzimitl is moderately wounded.
You puncture the Tzitzimitl!
The Tzitzimitl decays.
The Tzitzimitl is heavily wounded.
You impale the Tzitzimitl!!
The Tzitzimitl decays.
The Tzitzimitl is severely wounded.
You block the Tzitzimitl's attack.
PANG!
You block the Tzitzimitl's attack.
GONNNNG!
You hit the Tzitzimitl but do no damage.
The Tzitzimitl is severely wounded.
You impale the Tzitzimitl!!
The Tzitzimitl decays.
The Tzitzimitl is almost dead.
You hit the Tzitzimitl.
The Tzitzimitl decays.
The Tzitzimitl is almost dead.
The Tzitzimitl engulfs you but does no damage.
You block the Tzitzimitl's attack.
SHROANNG!
You puncture the Tzitzimitl!
The Tzitzimitl decays.
The Tzitzimitl is almost dead.
You hit the Tzitzimitl.
The Tzitzimitl decays.
The Tzitzimitl is almost dead.
You puncture the Tzitzimitl!
You kill the Tzitzimitl!
No target in view!
You now have 49833 gold pieces (gained 11).
An efreet comes into view.
It is wielding a +0 scimitar of flaming.
The efreet is distracted by your dazzling golden aura.
There is a staircase leading out of the dungeon here.
Casting: Shatter (mildly dangerous; 1% risk of failure)
Confirm with . or Enter, or press ? or * to list all spells.
You feel a surge of power!
The dungeon rumbles!
The bush is severely damaged.
You kill the efreet!
You destroy the bush!
The plant begins to die.
The plant is moderately damaged.
Ka-crash!
You now have 1/54 mp.
You now have 49845 gold pieces (gained 12).
A Hell Sentinel comes into view.
Things that are here:
20 gold pieces; a +0 scimitar of flaming You now have 49865 gold pieces (gained 20).
The Hell Sentinel gestures at you.
The sphere of damnation explodes!
The damnation engulfs you!!
You reach to attack!
You hit the Hell Sentinel but do no damage.
You take 24 damage, and have 249/273 hp.
You reach to attack!
You hit the Hell Sentinel.
The Hell Sentinel decays.
The Hell Sentinel is lightly wounded.
You reach to attack!
You puncture the Hell Sentinel!
The Hell Sentinel decays.
The Hell Sentinel is lightly wounded.
You hit the Hell Sentinel.
The Hell Sentinel decays.
The Hell Sentinel is lightly wounded.
You puncture the Hell Sentinel!
The Hell Sentinel decays.
The Hell Sentinel is moderately wounded.
You block the Hell Sentinel's attack.
BONNNG!
You block the Hell Sentinel's attack.
PTOANNNG!
You hear a roar!
You hit the Hell Sentinel but do no damage.
The Hell Sentinel is moderately wounded.
You puncture the Hell Sentinel!
The Hell Sentinel decays.
The Hell Sentinel is moderately wounded.
You puncture the Hell Sentinel!
The Hell Sentinel decays.
The Hell Sentinel is heavily wounded.
You block the Hell Sentinel's attack.
SHROANNG!
You block the Hell Sentinel's attack.
GONNNNG!
You hit the Hell Sentinel.
The Hell Sentinel decays.
The Hell Sentinel is heavily wounded.
You puncture the Hell Sentinel!
The Hell Sentinel decays.
The Hell Sentinel is severely wounded.
You impale the Hell Sentinel!!
The Hell Sentinel decays.
The Hell Sentinel is severely wounded.
The Hell Sentinel gestures at you.
The sphere of damnation explodes!
The damnation engulfs you!!
The damnation engulfs the Hell Sentinel.
The Hell Sentinel completely resists.
You barely miss the Hell Sentinel.
The Hell Sentinel is severely wounded.
You take 31 damage, and have 225/273 hp.
You hit the Hell Sentinel.
The Hell Sentinel decays.
The Hell Sentinel is severely wounded.
You completely miss the Hell Sentinel.
The Hell Sentinel is severely wounded.
The Hell Sentinel hits you but does no damage.
The Hell Sentinel hits you.
You emit a cloud of foul miasma!
You take 4 damage, and have 222/273 hp.
You hit the Hell Sentinel.
The Hell Sentinel decays.
The Hell Sentinel is almost dead.
You puncture the Hell Sentinel!
The Hell Sentinel decays.
The Hell Sentinel is almost dead.
You hit the Hell Sentinel.
The Hell Sentinel decays.
The Hell Sentinel is almost dead.
The Hell Sentinel gestures at you. The iron shot hits you!
You take 10 damage, and have 213/273 hp.
You impale the Hell Sentinel!!
You kill the Hell Sentinel!
You regained 2 hp, and now have 215/273 hp.
No target in view!
You now have 49882 gold pieces (gained 17).
You regained 7 hp, and now have 222/273 hp.
You regained 4 hp, and now have 226/273 hp.
You regained 3 hp, and now have 229/273 hp.
You regained 3 hp, and now have 232/273 hp.
There is a staircase leading out of the dungeon here.
You regained 3 hp, and now have 235/273 hp.
You start resting. 3 hell hounds come into view.
You regained 14 hp, and now have 249/273 hp.
You regained 3 mp, and now have 13/54 mp.
There are monsters nearby!
There are monsters nearby!
Unknown command.
A hell hound comes into view.
The hell hound barks! x2
Casting: Shatter (mildly dangerous; 1% risk of failure)
Confirm with . or Enter, or press ? or * to list all spells.
You feel a surge of power!
The dungeon rumbles!
You kill the hell hound! x3
The plant begins to die.
The plant is moderately damaged.
You kill the hell hound!
A door shatters! x2
Ka-crash!
You regained 6 hp, and now have 255/273 hp.
You now have 4/54 mp.
There is a staircase leading out of the dungeon here.
You regained 6 hp, and now have 261/273 hp.
You start resting.
A nearby plant withers and dies.
You regained 10 hp, and now have 271/273 hp.
HP restored.
A hell beast comes into view.
Health restored: 273 You regained 5 mp, and now have 10/54 mp.
A hell beast is nearby!
A hell beast is nearby!
Unknown command.
Casting: Shatter (mildly dangerous; 1% risk of failure)
Confirm with . or Enter, or press ? or * to list all spells.
Aiming: Apportation (safe; 0% risk of failure)
Press: ? - help, Dir - move target Apport: 9 gold pieces You feel a surge of power!
Yoink!
You pull the items towards yourself.
Casting: Apportation (safe; 0% risk of failure)
Confirm with . or Enter, or press ? or * to list all spells.
Aiming: Apportation (safe; 0% risk of failure)
Press: ? - help, Dir - move target Apport: 6 gold pieces You feel a surge of power!
Yoink!
You pull the items towards yourself.
You block the hell beast's attack.
GONNNNG!
You block the hell beast's attack.
BONNNG!
The hell beast bites you but does no damage.
You block the hell beast's attack.
GONNNNG!
You now have 10/54 mp.
Casting: Apportation (safe; 0% risk of failure)
Confirm with . or Enter, or press ? or * to list all spells.
Aiming: Apportation (safe; 0% risk of failure)
Press: ? - help, Dir - move target Apport: 8 gold pieces You feel a surge of power!
Yoink!
You pull the items towards yourself.
You block the hell beast's attack.
GONNNNG!
You block the hell beast's attack.
GONNNNG!
A balrug comes into view.
It is wielding a +1 demon whip of freezing.
You now have 9/54 mp.
Casting: Apportation (safe; 0% risk of failure)
Confirm with . or Enter, or press ? or * to list all spells.
Aiming: Apportation (safe; 0% risk of failure)
Press: ? - help, Dir - move target Apport: 7 gold pieces You feel a surge of power!
Yoink!
You pull the items towards yourself.
You block the hell beast's attack.
GONNNNG!
The hell beast closely misses you. You block the hell beast's attack.
PTOANNNG!
The hell beast tramples you but does no damage.
Casting: Apportation (safe; 0% risk of failure)
Confirm with . or Enter, or press ? or * to list all spells.
Aiming: Apportation (safe; 0% risk of failure)
Press: ? - help, Dir - move target Apport: a +0 scimitar of flaming
Okay, then.
You now have 49912 gold pieces (gained 30).
You block the hell beast's attack.
BOUMMMMG!
You block the hell beast's attack.
SHROANNG!
You impale the hell beast!!
The hell beast decays.
The hell beast is moderately wounded.
You block the hell beast's attack.
GONNNNG!
You block the hell beast's attack.
PTOANNNG!
You closely miss the hell beast.
The hell beast is moderately wounded.
You closely miss the hell beast.
The hell beast is moderately wounded.
You block the hell beast's attack.
GONNNNG!
You block the hell beast's attack.
BOUMMMMG!
The balrug gestures at you. The bolt of fire hits you! You resist.
You impale the hell beast!!
The hell beast decays.
The hell beast is heavily wounded.
You take 7 damage, and have 266/273 hp.
You puncture the hell beast!
The hell beast decays.
The hell beast is heavily wounded.
The balrug gestures at you. Makhleb smites you!
You block the hell beast's attack.
PANG!
You block the hell beast's attack.
BOUMMMMG!
You take 7 damage, and have 259/273 hp.
You barely miss the hell beast.
The hell beast is heavily wounded.
You impale the hell beast!!
The hell beast decays.
The hell beast is almost dead.
You block the hell beast's attack.
PTOANNNG!
You block the hell beast's attack.
PTOANNNG!
You barely miss the hell beast.
The hell beast is almost dead.
A demonspawn blood saint comes into view.
It is wielding a +0 quarterstaff.
The balrug gestures at you.
The bolt of fire hits you but does no damage.
You impale the hell beast!!
You kill the hell beast!
You reach to attack!
You impale the balrug!!
The balrug decays.
The balrug is moderately wounded.
You regained 2 hp, and now have 263/273 hp.
Casting: Apportation (safe; 0% risk of failure)
Confirm with . or Enter, or press ? or * to list all spells.
You feel a surge of power!
The dungeon rumbles!
You kill the balrug!
A door shatters!
You kill the demonspawn blood saint!
Ka-crash!
You regained 5 hp, and now have 268/273 hp.
You now have 2/54 mp.
You now have 49930 gold pieces (gained 18).
You see here a +1 demon whip of freezing.
Health restored: 273 You see here a +1 demon whip of freezing.
You now have 49945 gold pieces (gained 15).
You now have 49951 gold pieces (gained 6).
Things that are here:
a +0 quarterstaff; a +0 robe You start resting.
An Orb Guardian comes into view.
An Orb Guardian is nearby!
You regained 8 mp, and now have 15/54 mp.
You block the Orb Guardian's attack.
BONNNG!
You block the Orb Guardian's attack.
GONNNNG!
You hear a roar!
You puncture the Orb Guardian!
The Orb Guardian decays.
The Orb Guardian is lightly wounded.
You impale the Orb Guardian!!
The Orb Guardian decays.
The Orb Guardian is moderately wounded.
You block the Orb Guardian's attack.
PTOANNNG!
Casting: Shatter (mildly dangerous; 1% risk of failure)
Confirm with . or Enter, or press ? or * to list all spells.
You feel a surge of power!
The dungeon rumbles!
You kill the Orb Guardian!
The plant begins to die.
The plant is severely damaged.
Ka-crash!
You now have 8/54 mp.
You now have 49978 gold pieces (gained 27).
You start resting.
A nearby plant withers and dies.
You start resting.
A soul eater comes into view.
You regained 3 mp, and now have 12/54 mp.
A soul eater is nearby!
Casting: Shatter (mildly dangerous; 1% risk of failure)
Confirm with . or Enter, or press ? or * to list all spells.
You feel a surge of power!
The dungeon rumbles!
Ka-crash!
You now have 4/54 mp.
You block the soul eater's attack.
GONNNNG!
You puncture the soul eater!
The soul eater decays.
The soul eater is moderately wounded.
You hit the soul eater.
The soul eater decays.
The soul eater is moderately wounded.
You hit the soul eater but do no damage.
The soul eater is moderately wounded.
You puncture the soul eater!
The soul eater decays.
The soul eater is moderately wounded.
You block the soul eater's attack.
PTOANNNG!
A ynoxinul comes into view.
You hit the soul eater but do no damage.
The soul eater is moderately wounded.
You impale the soul eater!!
The soul eater decays.
The soul eater is severely wounded.
You impale the soul eater!!
The soul eater decays.
The soul eater is almost dead.
You block the soul eater's attack.
BOUMMMMG!
The ynoxinul gestures at you. You block the iron shot.
PTOANNNG!
You puncture the soul eater!
You kill the soul eater!
The ynoxinul gestures at you. You block the iron shot.
GONNNNG!
You hear a roar!
You hit the ynoxinul.
The ynoxinul decays.
The ynoxinul is lightly wounded.
You puncture the ynoxinul!
The ynoxinul decays.
The ynoxinul is heavily wounded.
You block the ynoxinul's attack.
GONNNNG!
You impale the ynoxinul!!
You kill the ynoxinul!
No target in view!
No target in view!
You now have 49986 gold pieces (gained 8).
You now have 49994 gold pieces (gained 8).
You start resting.
A reaper comes into view. It is wielding a +3 scythe of venom.
You regained 3 mp, and now have 12/54 mp.
A reaper is nearby!
Unknown command.
Casting: Shatter (mildly dangerous; 1% risk of failure)
Confirm with . or Enter, or press ? or * to list all spells.
You feel a surge of power!
The dungeon rumbles!
You kill the reaper!
You destroy the bush!
Ka-crash!
You now have 3/54 mp.
You now have 50001 gold pieces (gained 7).
You see here a +3 scythe of venom.
There is a staircase leading out of the dungeon here.
Okay, then.
You cannot drink potions in your current state!
You begin untransforming.
You continue untransforming. x3
Naxoeze gestures.
You feel your undeath return to normal. Naxoeze gestures at you.
The tentacled monstrosity blinks!
The large abomination blinks! x4
You regained 2 mp, and now have 9/54 mp.
Unknown command.
Unknown command.
Unknown command.
Casting: Shatter (mildly dangerous; 1% risk of failure)
Confirm with . or Enter, or press ? or * to list all spells.
You feel a surge of power! Lightning arcs from your hands!
The bolt of lightning hits the large abomination!!!!!
You destroy the large abomination!
The bolt of lightning hits the large abomination!!!!!
You destroy the large abomination!
The large abomination disappears in a puff of smoke!
The bolt of lightning hits you but does no damage.
The bolt of lightning hits the large abomination!!!!
You destroy the large abomination!
The large abomination disappears in a puff of smoke!
The bolt of lightning hits the tentacled monstrosity!!!
The tentacled monstrosity resists.
The tentacled monstrosity is heavily wounded.
The bolt of lightning hits the large abomination!!!!
You destroy the large abomination!
The large abomination disappears in a puff of smoke!
The bolt of lightning hits the large abomination!!!!
You destroy the large abomination!
The large abomination disappears in a puff of smoke!
The bolt of lightning hits Naxoeze!!!!
Naxoeze resists.
Naxoeze is almost dead.
You block the tentacled monstrosity's attack.
SHROANNG!
You block the tentacled monstrosity's attack.
BONNNG!
The tentacled monstrosity tentacle-slaps you but does no damage.
The tentacled monstrosity grabs you.
The tentacled monstrosity constricts you.
You now have 0/54 mp.
Magic courses through your body.
Naxoeze gestures.
A Brimstone Fiend comes into view.
You block the tentacled monstrosity's attack.
BOUMMMMG!
You block the tentacled monstrosity's attack.
GONNNNG!
You block the tentacled monstrosity's attack.
BONNNG!
The tentacled monstrosity constricts you.
Naxoeze trunk-slaps you but does no damage.
You regained 28 mp, and now have 28/54 mp.
Unknown command.
Casting: Chain Lightning (mildly dangerous; 1% risk of failure)
Confirm with . or Enter, or press ? or * to list all spells.
You feel a surge of power! Lightning arcs from your hands!
The bolt of lightning hits the tentacled monstrosity!!!!
The tentacled monstrosity resists.
You kill the tentacled monstrosity!
The tentacled monstrosity disappears in a puff of smoke!
The bolt of lightning hits you.
The bolt of lightning hits Naxoeze!!!
Naxoeze resists.
You kill Naxoeze!
The large abomination disappears in a puff of smoke! x4
The Brimstone Fiend gestures at you.
The sphere of damnation explodes!
The damnation engulfs you!!!
You take 42 damage, and have 231/273 hp.
You now have 19/54 mp.
You see here 13 gold pieces.
You regained 5 hp, and now have 236/273 hp.
You see here 15 gold pieces.
You regained 5 hp, and now have 241/273 hp.
Casting: Chain Lightning (mildly dangerous; 1% risk of failure)
Confirm with . or Enter, or press ? or * to list all spells.
You feel a surge of power! Lightning arcs from your hands!
The bolt of lightning hits the Brimstone Fiend!!!
The Brimstone Fiend is heavily wounded.
The Brimstone Fiend gestures at you.
The sphere of damnation explodes!
The damnation engulfs you!
You take 13 damage, and have 228/273 hp.
You now have 11/54 mp.
You see here 13 gold pieces.
You regained 4 hp, and now have 232/273 hp.
Casting: Chain Lightning (mildly dangerous; 1% risk of failure)
Confirm with . or Enter, or press ? or * to list all spells.
You feel a surge of power! Lightning arcs from your hands!
The bolt of lightning hits the Brimstone Fiend!!!!
You kill the Brimstone Fiend!
You regained 6 hp, and now have 238/273 hp.
You now have 3/54 mp.
You regained 5 hp, and now have 243/273 hp.
Okay, then.
Unknown command.
Search for what [Enter for "."]? 1 gold
x - 104 silver javelins (gained 1)
Things that are here:
a +0 robe; a +3 whip of holy wrath
Things that are here:
a +0 scale mail; a +0 glaive HP restored.
A tormentor comes into view.
Health restored: 273 You regained 3 mp, and now have 6/54 mp.
Casting: Chain Lightning (mildly dangerous; 1% risk of failure)
Confirm with . or Enter, or press ? or * to list all spells.
You don't have enough magic to cast this spell.
Unknown command.
You barely miss the tormentor. You block the tormentor's attack.
BOUMMMMG!
You block the tormentor's attack.
GONNNNG!
You puncture the tormentor!
The tormentor is moderately wounded.
You puncture the tormentor!
The tormentor is severely wounded.
You block the tormentor's attack.
BOUMMMMG!
You block the tormentor's attack.
PTOANNNG!
You hit the tormentor.
The tormentor is severely wounded.
You puncture the tormentor!
You kill the tormentor!
A Tzitzimitl comes into view.
The Tzitzimitl moves out of view.
Casting: Chain Lightning (mildly dangerous; 1% risk of failure)
Confirm with . or Enter, or press ? or * to list all spells.
You can't see any susceptible monsters within range! (Use Z to cast anyway.)
The Tzitzimitl calls on the powers of darkness!
Your body is wracked with pain!
You take 54 damage, and have 219/273 hp.
Casting: Chain Lightning (mildly dangerous; 1% risk of failure)
Confirm with . or Enter, or press ? or * to list all spells.
Aiming: Lehudib's Crystal Spear (mildly dangerous; 1% risk of failure)
Press: ? - help, Shift-Dir - straight line, f - Tzitzimitl
Aim: a Tzitzimitl (77% to hit)
You feel a surge of power!
The crystal spear hits the Tzitzimitl!!!!
The Tzitzimitl is severely wounded.
You now have 2/54 mp.
You reach to attack!
You puncture the Tzitzimitl!
The Tzitzimitl is severely wounded.
You reach to attack!
You puncture the Tzitzimitl!
The Tzitzimitl is almost dead.
You impale the Tzitzimitl!!
You kill the Tzitzimitl!
No target in view!
An Orb Guardian comes into view.
You regained 2 hp, and now have 225/273 hp.
You block the Orb Guardian's attack.
PANG!
You regained 2 hp, and now have 228/273 hp.
You impale the Orb Guardian!!
The Orb Guardian is moderately wounded.
The Orb Guardian hits you.
You take 1 damage, and have 227/273 hp.
You impale the Orb Guardian!!
The Orb Guardian is severely wounded.
You closely miss the Orb Guardian.
The Orb Guardian is severely wounded.
You block the Orb Guardian's attack.
BOUMMMMG!
You puncture the Orb Guardian!
The Orb Guardian is severely wounded.
You block the Orb Guardian's attack.
PANG!
You impale the Orb Guardian!!
You kill the Orb Guardian!
An Orb Guardian comes into view.
You regained 2 hp, and now have 230/273 hp.
You see here 18 gold pieces.
You regained 2 hp, and now have 232/273 hp.
You block the Orb Guardian's attack.
GONNNNG!
You regained 2 hp, and now have 234/273 hp.
You hit the Orb Guardian but do no damage.
The Orb Guardian is distracted by your dazzling golden aura.
You strike the helpless Orb Guardian from behind!
You puncture the Orb Guardian!
The Orb Guardian is no longer distracted by gold.
The Orb Guardian is lightly wounded.
You hit the Orb Guardian.
The Orb Guardian is moderately wounded.
You block the Orb Guardian's attack.
BOUMMMMG!
You barely miss the Orb Guardian.
The Orb Guardian is moderately wounded.
You block the Orb Guardian's attack.
SHROANNG!
You hit the Orb Guardian.
The Orb Guardian is moderately wounded.
You puncture the Orb Guardian!
The Orb Guardian is moderately wounded.
You block the Orb Guardian's attack.
GONNNNG!
You puncture the Orb Guardian!
The Orb Guardian is heavily wounded.
You block the Orb Guardian's attack.
GONNNNG!
You puncture the Orb Guardian!
The Orb Guardian is heavily wounded.
The Orb Guardian is distracted by your dazzling golden aura.
You barely miss the Orb Guardian.
The Orb Guardian is no longer distracted by gold.
The Orb Guardian is heavily wounded.
You closely miss the Orb Guardian.
The Orb Guardian is heavily wounded.
You block the Orb Guardian's attack.
GONNNNG!
You hit the Orb Guardian but do no damage.
The Orb Guardian is heavily wounded.
The Orb Guardian hits you!
You emit a cloud of foul miasma!
You take 8 damage, and have 232/273 hp.
You impale the Orb Guardian!!
The Orb Guardian is almost dead.
You puncture the Orb Guardian!
You kill the Orb Guardian!
You now have 50026 gold pieces (gained 25).
You regained 4 hp, and now have 237/273 hp.
A red devil comes into view.
It is wielding a +2 demon trident of draining.
You regained 7 hp, and now have 244/273 hp.
You regained 4 mp, and now have 12/54 mp.
There is a staircase leading out of the dungeon here.
You have escaped!

##'####.#♣P...P....(.....## #..#
#.# #.#...........(.....####..#
#.# #.#...........[..[.###....#
#.# #............).....#......#
#.# #.#.......)....[.[...$...$.
#.####.#.....................##.
#......#............[..#..#.#...
######......[.............#...#.
### #.........@.4.........#...#
..# #......$..$$........[[.....
#.# .###...........[..).......#
#.######...................).....
#÷#...#...#.......).........~..#.
..#....#..................~~~....
###...##.........)..........~....
###...#.#...................~..#.
#.'...'.............(..........##


You could see a red devil.

Vanquished Creatures
  Cerebov (Pan)
  Antaeus (Coc:7)
  the Royal Jelly (Slime:5)
  Dissolution (Slime:2)
  Asmodeus (Geh:7)
  Ignacio (Pan)
  Ereshkigal (Tar:7)
  A seraph (D:1)
  Lom Lobon (Pan)
  Gloorx Vloq (Pan)
  The ghost of Atufasha the Petrodigitator, a legendary DDBr of Makhleb (Zig:20)
  The ghost of Atufasha the Petrodigitator, a legendary DDBr of Makhleb (Zig:20)
  The ghost of Atufasha the Petrodigitator, a legendary DDBr of Makhleb (Zig:20)
  the Serpent of Hell (Tar:7)
  Mnoleg (Pan)
  27 dread liches
  21 ancient liches
  Dispater (Dis:7)
  The ghost of dontdoit the Archmage, a legendary DECj of Vehumet (Zig:19)
  The ghost of Hytegor the Cursed, a legendary GnEE of Ashenzari (Zig:20)
  The ghost of Zacaty the Axe Maniac, a legendary MiFi of Gozag (Zig:20)
  The ghost of Zacaty the Axe Maniac, a legendary MiFi of Gozag (Zig:20)
  The ghost of Wiesk the Conqueror, a legendary DDFi of Makhleb (Zig:20)
  The ghost of Wiesk the Conqueror, a legendary DDFi of Makhleb (Zig:20)
  The ghost of Obydaxko the Annihilator, a legendary DECj of Vehumet (Zig:20)
  The ghost of Obydaxko the Annihilator, a legendary DECj of Vehumet (Zig:20)
  The ghost of Obydaxko the Annihilator, a legendary DECj of Vehumet (Zig:20)
  The ghost of Obydaxko the Annihilator, a legendary DECj of Vehumet (Zig:20)
  Mennas (Pan)
  The ghost of gorushi the Invulnerable, a legendary MiFi of Okawaru (Zig:19)
  The ghost of BarneyGumball the Ruinous, a legendary DECj of Vehumet (Zig:19)
  The ghost of Pyfud Mepa the Armataur Blade, a legendary AtFi of Cheibriados (Zig:20)
  The ghost of Kinoajidouf the Axe Maniac, a master HOBe of Trog (Zig:19)
  21 orbs of fire
  The ghost of Zupseoh the Swordmaster, a legendary DDFi of Makhleb (Zig:20)
  291 pandemonium lords
  100 juggernauts
  The ghost of Yxuenos the Conqueror, a legendary DsFi of Makhleb (Zig:20)
  The ghost of PurpleRed the Executioner, a veteran AtFi of Okawaru (Zig:19)
  The ghost of Ciucila the Archmage, a veteran DEHW of Vehumet (Zig:20)
  Vv (Zot:2)
  144 royal mummies
  Sojobo (Vaults:2)
  The ghost of Fiusean the Slayer, a veteran MiBe of Trog (Zig:20)
  The ghost of Giagecsi the Executioner, a legendary GrFi of Makhleb (Zig:19)
  The ghost of Giagecsi the Executioner, a legendary GrFi of Makhleb (Zig:20)
  157 Killer Klowns
  79 shard shrikes
  The ghost of NoWhammies the Ruinous, a legendary GrCj of Ru (Zig:19)
  Frederick (Vaults:2)
  7 curse toes
  Geryon (Hell)
  103 caustic shrikes
  68 golden dragons
  Jory (Crypt:3)
  Nikola (Vaults:2)
  A golden dragon (shapeshifter) (Zig:17)
  the Enchantress (D:15)
  30 profane servitors
  22 pearl dragons
  112 bone dragons
  60 doom hounds
  66 Tzitzimimeh
  90 Brimstone Fiends
  127 hellephants
  85 Hell Sentinels
  88 iron giants
  An iron giant (shapeshifter) (Zig:13)
  Jorgrun (Orc:1)
  148 Ice Fiends
  38 electric golems
  37 tainted leviathans
  2 walking crystal tomes
  79 tentacled monstrosities
  78 deep elf blademasters
  120 searing wretches
  50 liches
  34 Orb Guardians
  252 acid blobs
  12 sphinxes
  123 titans
  A walking divine tome (Zig:22)
  94 deep elf master archers
  29 quicksilver dragons
  2 walking frostbound tomes
  A kraken (Shoals:4)
  An acid blob (shapeshifter) (Zig:20)
  3 quicksilver dragons (shapeshifter)
  Frances (Elf:1)
  85 ancient champions
  61 tentacled starspawn
  4 eldritch tentacles
  9 thorn hunters
  7 sphinxes (shapeshifter)
  50 Executioners
  10 tengu reavers
  7 death cobs
  8 shadow dragons (shapeshifter)
  80 storm dragons
  A storm dragon (shapeshifter) (Zig:12)
  Kirke (Lair:4)
  Aizul (Spider:4)
  40 revenants
  72 rockslimes
  29 demonspawn warmongers
  59 shadow dragons
  4 fenstrider witches
  6 fenstrider witches (shapeshifter)
  95 draconian monks
  104 draconian knights
  115 nagarajas
  86 fire giants
  8 azure jellies (shapeshifter)
  5 frost giants (shapeshifter)
  23 daevas
  7 deep elf elementalists
  An iron dragon (shapeshifter) (Zig:15)
  99 azure jellies
  118 narguns
  21 vault wardens
  4 fire giants (shapeshifter)
  96 frost giants
  42 iron dragons
  220 balrugs
  135 ghost moths
  3 spectral juggernauts
  71 emperor scorpions
  70 draconian shifters
  15 deep elf sorcerers
  77 draconian scorchers
  An emperor scorpion (shapeshifter) (Zig:12)
  45 quicksilver elementals
  68 orc warlords
  16 angels
  Louise (Depths:3)
  51 cacodemons
  10 shard shrike simulacra
  5 caustic shrike zombies
  25 curse skulls
  7 juggernaut zombies
  5 spectral caustic shrikes
  62 demonspawn corrupters
  43 demonspawn blood saints
  19 ironbound preservers
  19 broodmothers
  18 ghouls
  68 quicksilver oozes
  51 reapers
  2 ironbound thunderhulks
  91 draconian annihilators
  65 draconian stormcallers
  4 spriggan defenders
  32 formless jellyfish
  65 war gargoyles
  20 apis
  9 stone giants (shapeshifter)
  Nessos (Orc:2)
  4 formless jellyfish (shapeshifter)
  A broodmother (shapeshifter) (Zig:20)
  5 eleionomae (shapeshifter)
  7 caustic shrike skeletons
  95 very ugly things
  26 vampire knights
  79 stone giants
  26 elemental wellsprings
  The ghost of Sulekhlopt the Eclecticist, a journeyman DECj of Vehumet (Spider:4)
  33 lorocyprocas
  53 demonspawn black suns
  38 bennus
  5 dire elephants (shapeshifter)
  22 ophanim
  6 juggernaut skeletons
  70 black draconians
  88 deep elf demonologists
  63 putrid mouths
  3 spectral titans
  23 eleionomae
  A spark wasp (shapeshifter) (Zig:13)
  51 green draconians
  55 spark wasps
  3 minotaurs (shapeshifter)
  68 deep elf annihilators
  60 red draconians
  5 halazid warlocks (WizLab)
  21 bunyips
  39 yellow draconians
  59 purple draconians
  126 wendigos
  66 dire elephants
  55 merfolk javelineers
  Snorg (Lair:5)
  64 iron golems
  43 white draconians
  16 deep elf death magi
  107 mummy priests
  39 ettins
  99 blizzard demons
  2 spectral quicksilver dragons (WizLab)
  47 fire dragons
  64 eidola
  4 quicksilver dragon zombies
  Josephine (D:14)
  60 shambling mangroves
  A fire dragon (shapeshifter) (Zig:20)
  94 green deaths
  6 crystal guardians
  117 entropy weavers
  12 jiangshi
  90 deep elf high priests
  21 yaktaur captains
  A great orb of eyes (shapeshifter) (Zig:15)
  5 rakshasas
  Fannar (Lair:1)
  39 merfolk impalers
  25 vault guards (Vaults:5)
  A ragged hierophant (Vaults:2)
  22 ghost crabs
  50 spriggan air magi
  Harold (Lair:1)
  2 spectral sphinxes
  23 hell beasts
  54 ice dragons
  124 salamander tyrants
  4 quicksilver dragon skeletons
  11 caustic shrike simulacra
  64 great orbs of eyes
  2 spectral shadow dragons (Zig:18)
  162 hydras
  11 juggernaut simulacra
  4 peacekeepers
  9 ironbound frosthearts
  2 spectral tengu (Zig:23)
  10 jorogumos
  21 merfolk avatars
  2 satyrs (shapeshifter)
  9 ogre magi
  3 sphinx zombies
  2 spriggan zombies
  2 catoblepae (shapeshifter)
  22 centaur warriors
  17 anacondas
  An Orb Guardian zombie (Crypt:3)
  91 merfolk aquamancers
  3 alligator snapping turtles (shapeshifter)
  16 satyrs
  A radroach (shapeshifter) (Zig:17)
  14 boulder beetles
  A jorogumo (shapeshifter) (Zig:22)
  16 alligators
  46 two-headed ogres
  49 catoblepae
  17 stokers
  5 anacondas (shapeshifter)
  A spectral stone giant (Tar:1)
  4 two-headed ogres (shapeshifter)
  13 alligator snapping turtles
  116 dancing weapons
  11 tengu warriors
  30 radroaches
  A death knight (Crypt:2)
  20 death yaks
  63 death scarabs
  5 deep troll earth magi
  63 hell hogs
  5 sphinx skeletons
  2 death yaks (shapeshifter)
  60 demonic crawlers
  36 naga warriors
  5 spriggan berserkers
  28 vampire magi
  3 deep troll shamans
  71 orc high priests
  19 hell knights
  5 storm dragon zombies
  80 shock serpents
  43 naga sharpshooters
  32 iron trolls
  70 thrashing horrors
  58 sun demons
  Nergalle (Lair:1)
  38 soul eaters
  A shock serpent (shapeshifter) (Elf:3)
  A spectral dire elephant (Tar:3)
  88 deep elf knights
  6 titan zombies
  A fire crab (shapeshifter) (Zig:22)
  4 skysharks (shapeshifter)
  9 salamander mystics
  4 titan skeletons
  42 pharaoh ants
  16 spatial maelstroms
  45 crystal echidnas
  22 skysharks
  5 iron trolls (shapeshifter)
  4 deep trolls (shapeshifter)
  A storm dragon skeleton (Zig:25)
  85 wretched stars
  3 golden dragon zombies
  20 sixfirhies
  40 skeletal warriors
  16 fire crabs
  A bunyip zombie (Crypt:1)
  A spark wasp zombie (Crypt:2)
  2 death drakes (shapeshifter)
  18 goliath frogs
  2 spectral anacondas
  A goliath frog (shapeshifter) (Zig:15)
  18 flayed ghosts
  6 quicksilver dragon simulacra
  19 cherubim
  63 death drakes
  52 deep trolls
  8 sun moths
  2 spectral hydras (Tar:3)
  140 large abominations
  A sea snake (shapeshifter) (Zig:9)
  6 orb spiders (shapeshifter)
  38 shadow wraiths
  69 deep elf archers
  6 glowing orange brains (shapeshifter)
  74 spriggan druids
  68 swamp dragons
  3 swamp dragons (shapeshifter)
  70 harpies
  7 spriggan simulacra
  29 glowing orange brains
  113 orb spiders
  39 shadow demons
  6 obsidian statues
  10 wizards
  9 bog bodies
  30 ironbound convokers
  9 orange crystal statues
  3 spectral iron dragons
  A lindwurm (shapeshifter) (Zig:9)
  19 lindwurms
  A harpy (shapeshifter) (Zig:20)
  55 sea snakes
  33 phantasmal warriors
  2 fenstrider witch simulacra (Coc:1)
  5 golden dragon skeletons
  15 necromancers
  50 orc knights
  45 steelbarb worms
  A glowing shapeshifter (Zig:17)
  4 tengu zombies (Zig:25)
  5 mana vipers (shapeshifter)
  2 bunyip skeletons (Pan)
  20 naga ritualists
  113 deep elf pyromancers
  3 shadow dragon zombies
  116 deep elf zephyrmancers
  3 wolf spiders (shapeshifter)
  5 steelbarb worms (shapeshifter)
  86 ugly things
  18 mana vipers
  156 starcursed masses
  61 orc sorcerers
  32 fauns
  6 iron dragon zombies
  2 sphinx simulacra
  74 wolf spiders
  5 tengu skeletons
  4 shining eyes (shapeshifter)
  6 cyclopes (shapeshifter)
  A fire giant zombie (Vaults:4)
  A frost giant zombie (Zig:9)
  9 spectral spriggans
  2 fauns (shapeshifter)
  4 shadow dragon skeletons
  66 manticores
  90 moths of wrath
  A stone giant zombie (Vaults:4)
  70 cyclopes
  2 elephants (shapeshifter)
  10 salamanders
  A spectral centaur (Tar:1)
  25 merfolk sirens
  An oklob plant (Zig:18)
  20 will-o-the-wisps
  7 manticores (shapeshifter)
  9 worldbinders
  A naga zombie (Crypt:1)
  2 water nymphs (shapeshifter)
  66 shining eyes
  4 iron dragon skeletons
  54 guardian serpents
  140 black mambas
  A jorogumo skeleton (Crypt:3)
  10 titan simulacra
  8 rust devils
  2 stone giant skeletons
  29 elephants
  53 naga magi
  A frost giant skeleton (Vaults:3)
  76 smoke demons
  5 salamanders (shapeshifter)
  2 black mambas (shapeshifter) (Zig:26)
  2 guardian serpents (shapeshifter)
  5 eyes of devastation (shapeshifter)
  2 naga skeletons
  3 dire elephant zombies
  12 molten gargoyles (Geh:7)
  A yellow draconian zombie (Crypt:2)
  22 vault sentinels
  Maggie (D:8)
  87 apocalypse crabs
  Maurice (D:11)
  4 torpor snails (shapeshifter)
  A gargoyle (Zig:3)
  119 water nymphs
  119 torpor snails
  35 orange demons
  46 cane toads
  2 elf skeletons (Vaults:3)
  37 eyes of devastation
  127 hellions
  39 yaktaurs
  2 cane toads (shapeshifter)
  2 kobold demonologists
  3 storm dragon simulacra
  3 unseen horrors
  4 dire elephant skeletons
  6 ice statues
  37 rime drakes
  2 spark wasp simulacra (Zig:11)
  43 komodo dragons
  2 komodo dragons (shapeshifter)
  5 spectral nagas
  117 tormentors
  20 ice devils
  23 efreet
  2 unseen horrors (shapeshifter) (Zig:22)
  A yaktaur zombie (Vaults:3)
  191 guardian mummies
  7 golden dragon simulacra
  A tengu conjurer (Depths:2)
  A pale draconian skeleton (Crypt:1)
  3 bunyip simulacra
  8 anaconda simulacra
  A meliai (shapeshifter) (Zig:26)
  2 polar bears (shapeshifter)
  25 freezing wraiths
  10 red devils
  54 ancient zymes
  2 iron giant simulacra
  3 spectral harpies
  2 harpy zombies
  A troll (shapeshifter) (Zig:20)
  68 trolls
  13 meliai
  14 tyrant leeches
  A merfolk (shapeshifter) (Zig:4)
  3 shadow dragon simulacra
  A hornet (shapeshifter) (Zig:26)
  7 bloated husks
  186 merfolk
  37 wind drakes
  32 hellwings
  2 queen bees (shapeshifter)
  2 silent spectres
  54 tarantellas
  5 tengu simulacra
  108 hornets
  2 wind drakes (shapeshifter)
  20 polar bears
  3 spectral elephants (Lair:5)
  Grinder (D:5)
  An ettin zombie (Abyss:3)
  3 saltlings (Vaults:2)
  2 blink frogs (shapeshifter)
  2 boulder beetle zombies (Crypt:3)
  A raiju (shapeshifter) (Zig:7)
  3 harpy skeletons
  16 dream sheep
  3 tarantellas (shapeshifter)
  48 snapping turtles
  61 raiju
  A slime creature (shapeshifter) (Zig:22)
  2 stone giant simulacra
  46 blink frogs
  4 snapping turtles (shapeshifter)
  Sigmund (D:5)
  80 jumping spiders
  6 iron dragon simulacra
  313 slime creatures
  A jumping spider (shapeshifter) (Zig:12)
  5 shadows
  A guardian serpent zombie (Crypt:1)
  A black mamba zombie (Crypt:2)
  119 flying skulls
  61 ynoxinuls
  2 ettin skeletons
  A spriggan (shapeshifter) (Zig:23)
  70 water elementals
  64 culicivoras
  16 wraiths
  6 culicivoras (shapeshifter)
  A human (Lair:5)
  A vampire (D:10)
  30 spriggans
  83 ushabtiu
  56 air elementals
  73 yaks
  A wind drake zombie (Crypt:1)
  A yak (shapeshifter) (Zig:23)
  70 chaos spawn
  4 dire elephant simulacra
  A human (shapeshifter) (Zig:7)
  19 wyverns
  A wyvern (shapeshifter) (Zig:17)
  26 fire elementals
  A golden eye (shapeshifter) (D:15)
  47 golden eyes
  15 basilisks
  5 redbacks (shapeshifter)
  124 redbacks
  3 hogs
  69 neqoxecs
  7 vampire mosquitoes
  2 alligator snapping turtle simulacra
  3 spatial vortices
  8 steam dragons
  3 swamp worms (shapeshifter)
  50 wargs
  12 acid dragons
  A death yak simulacrum (Lair:5)
  13 harpy simulacra
  31 nagas
  A spectral cane toad (Lair:5)
  7 glowing shapeshifter zombies
  6 floating eyes (shapeshifter)
  66 water moccasins
  21 floating eyes
  2 hydra simulacra
  Duvessa (D:5)
  4 glowing shapeshifter skeletons
  Pargi (D:3)
  An ogre skeleton (Vaults:4)
  13 hell hounds
  17 ice beasts
  14 swamp drakes
  A sky beast (D:8)
  2 elephant zombies (Lair:5)
  A blink frog zombie (Crypt:2)
  3 ettin simulacra
  A hornet zombie (Crypt:3)
  An ice beast (shapeshifter) (Zig:26)
  281 orc warriors
  5 boggarts
  156 ogres
  3 black bears
  36 wolves
  A manticore skeleton (Crypt:1)
  4 centaurs
  2 phantoms
  A lemure (D:8)
  A dream sheep skeleton (Crypt:1)
  2 elf zombies (Elf:3)
  5 kobold brigands
  4 necrophages (Crypt:3)
  11 bullfrogs
  4 gnoll sergeants
  3 naga simulacra
  4 scorpions
  A cane toad simulacrum (Lair:5)
  24 earth elementals
  A human simulacrum (Zig:7)
  5 glowing shapeshifter simulacra
  23 small abominations
  A cyclops skeleton (Crypt:3)
  4 wights (Abyss:3)
  Dowan (D:5)
  An elephant simulacrum (Lair:5)
  21 killer bees
  An electric eel (Spider:1)
  8 howler monkeys
  9 spriggan skeletons
  2 jellies
  3 quasits
  3 hounds
  6 sleepcaps
  49 orc priests
  6 gnoll boudas
  4 iron imps (Abyss:3)
  An iguana (D:6)
  47 orc wizards
  9 hell rats
  A deep dwarf zombie (Crypt:2)
  290 mummies
  28 gnolls
  15 adders
  6 river rats
  2 shadow imps
  7 white imps
  3 ufetubi
  2 worms
  4 dart slugs
  70 orcs
  9 ball pythons
  5 bats
  A bat skeleton (Crypt:2)
  9 endoplasms
  2 giant cockroaches
  14 goblins
  11 hobgoblins
  5 jackals
  9 quokkas
  An endoplasm zombie (Crypt:2)
  8 frilled lizards
  30 kobolds
  A kobold skeleton (Crypt:2)
  13 rats
  3 ball lightnings (Pan)
  A butterfly (Lair:5)
  5 creeping infernos
  36 fire vortices
  A spectral weapon (Zot:4)
  28 starspawn tentacles
  3 tentacles (Shoals:4)
17701 creatures vanquished.

Vanquished Creatures (collateral kills)
  A dread lich (Tar:7)
  Mara (Vaults:5)
  4 pandemonium lords
  2 royal mummies (Tomb:1)
  A Killer Klown (Zig:17)
  A shard shrike (Zig:19)
  A caustic shrike (Zig:22)
  A golden dragon (Zig:20)
  4 electric golems (Zig:27)
  2 Tzitzimimeh
  2 Hell Sentinels
  A Brimstone Fiend (Zig:23)
  An Ice Fiend (Coc:7)
  A tainted leviathan (Tar:6)
  4 hellephants
  6 tentacled monstrosities
  3 deep elf blademasters
  3 titans (Zig:27)
  2 deep elf master archers (Zig:23)
  3 sphinxes (Tomb:1)
  An Executioner (Zig:14)
  An acid blob (Zig:27)
  4 rockslimes (Zig:27)
  An azure jelly (shapeshifter) (Zig:17)
  A draconian knight (Zig:21)
  A fire giant (Geh:4)
  8 balrugs
  An emperor scorpion (Zig:24)
  A caustic shrike zombie (Abyss:3)
  2 ghost moths (Zig:27)
  A vault warden (Vaults:5)
  A demonspawn corrupter (Zig:23)
  A very ugly thing (Abyss:3)
  A draconian annihilator (Zot:4)
  A curse skull (Zig:25)
  A war gargoyle (Vaults:5)
  A draconian shifter (Zig:24)
  2 demonspawn blood saints (Zig:14)
  A broodmother (Zig:27)
  An elemental wellspring (Coc:7)
  An ophan (Zig:19)
  A deep elf demonologist (Zig:23)
  A lorocyproca (Zig:23)
  2 purple draconians
  A white draconian (Zot:4)
  A deep elf annihilator (Zig:23)
  A black draconian (Zot:1)
  A yellow draconian (Zot:5)
  3 dire elephants
  An eidolon (Tar:7)
  A green death (Pan)
  A mummy priest (Tomb:2)
  2 entropy weavers
  A great orb of eyes (Zig:27)
  2 hydras (Zig:25)
  6 salamander tyrants (Zig:22)
  A satyr (shapeshifter) (Vaults:5)
  A radroach (Zig:27)
  11 dancing weapons
  A titan zombie (Zig:26)
  A shock serpent (Zig:27)
  A hell hog (Zig:22)
  A sun moth (Zig:27)
  5 spatial maelstroms
  A death drake (Zig:20)
  4 steelbarb worms
  An ironbound convoker (Vaults:5)
  A deep elf archer (Zig:22)
  2 deep elf zephyrmancers
  A moth of wrath (Zot:5)
  A guardian serpent (shapeshifter) (Vaults:5)
  6 smoke demons
  An eye of devastation (Pan)
  A rime drake (Zig:22)
  An ancient zyme (Zig:27)
  A red devil (Zig:14)
  A hornet (Zig:17)
  A blink frog (Zig:25)
  2 slime creatures (Zig:27)
  A jumping spider (Zig:24)
  2 flying skulls (Tomb:1)
  2 yaks (Zig:22)
  A wyvern (Zig:22)
  A basilisk (Zig:22)
  7 fire elementals
  2 golden eyes
  A spatial vortex (Zig:27)
  2 water moccasins
  4 earth elementals
  A wight (Abyss:3)
  2 starcursed masses
  12 mummies
187 creatures vanquished.

Vanquished Creatures (others)
  4 Killer Klowns
  13 pandemonium lords
  A Brimstone Fiend (Zig:21)
  3 tentacled monstrosities (Zig:17)
  A searing wretch (Zig:21)
  2 quicksilver dragons (shapeshifter)
  A shadow dragon (shapeshifter) (Zig:13)
  2 azure jellies (shapeshifter)
  A frost giant (Depths:2)
  2 fire giants
  A fire giant (shapeshifter) (Zig:22)
  A nargun (Zig:11)
  A draconian shifter (Zig:9)
  An angel (D:1)
  A stone giant (shapeshifter) (Zig:13)
  A draconian stormcaller (Zig:15)
  3 very ugly things
  A red draconian (Zig:24)
  A dire elephant (shapeshifter) (Zig:13)
  A caustic shrike simulacrum (Zig:26)
  2 rakshasas
  A hell beast (Zig:24)
  A merfolk aquamancer (Zig:23)
  An alligator snapping turtle (Shoals:2)
  An ironbound frostheart (Vaults:3)
  2 dancing weapons (Zig:26)
  A two-headed ogre (shapeshifter) (Zig:26)
  An iron troll (shapeshifter) (Zig:22)
  2 cherubim
  A quicksilver dragon simulacrum (Coc:7)
  A shadow wraith (Abyss:3)
  A spatial maelstrom (Zig:8)
  A sea snake (shapeshifter) (Zig:26)
  A glowing orange brain (Pan)
  A deep troll (Vaults:3)
  2 glowing orange brains (shapeshifter)
  2 spriggan simulacra (Zig:26)
  A bog body (Zig:21)
  A wizard (Vaults:2)
  2 deep elf pyromancers
  A deep elf zephyrmancer (Zig:23)
  3 ugly things
  12 apocalypse crabs
  A smoke demon (Pan)
  A water nymph (shapeshifter) (Zig:22)
  A tormentor (Zig:22)
  A hellwing (Pan)
  A shadow dragon simulacrum (Zig:27)
  A hornet (Zig:13)
  A dream sheep (shapeshifter) (Zig:13)
  A frost giant simulacrum (Zig:11)
  A culicivora (shapeshifter) (Zig:13)
  A spriggan (Zig:17)
  A stone giant simulacrum (Coc:2)
  A yak (Zig:21)
  A golden eye (D:1)
  A human (Lair:5)
  8 chaos spawn
  2 redbacks (shapeshifter)
  An acid dragon (shapeshifter) (Zig:17)
  A swamp worm (shapeshifter) (Zig:13)
  2 small abominations (D:1)
  A floating eye (shapeshifter) (Zig:22)
  An ogre (Zig:5)
  A gnoll (D:12)
  3 ball lightnings (Zig:15)
  A butterfly (Lair:5)
  700 fire vortices
  17 foxfires
  A lurking horror (Abyss:2)
  13 starspawn tentacles
  7 tentacles
857 creatures vanquished.

Grand Total: 18745 creatures vanquished

Notes
Turn   | Place    | Note
-------+----------+-------------------------------------------
     0 | D:1      | steven32 the Demonspawn Conjurer began the quest for the
                  | Orb.
     0 | D:1      | Reached XP level 1. HP: 13/13 MP: 3/3
   171 | D:1      | Reached skill level 1 in Fighting
   323 | D:1      | Gained mutation: You are partially covered in yellow
                  | scales. (AC +2) [demonic ancestry]
   323 | D:1      | Reached XP level 2. HP: 16/22 MP: 0/5
   970 | D:1      | Found Otzeda's Distillery.
  1020 | D:1      | Bought a potion of curing for 36 gold pieces
  1280 | D:2      | Gained mutation: You are mostly covered in yellow scales.
                  | (AC +3) [demonic ancestry]
  1280 | D:2      | Reached XP level 3. HP: 28/28 MP: 3/6
  1483 | D:1      | Learned a level 2 spell: Searing Ray
  1859 | D:2      | Found a faded altar of an unknown god.
  2037 | D:1      | Reached XP level 4. HP: 7/37 MP: 2/7
  2667 | D:2      | Identified the +0 chain mail of Xom's Generosity {rF-
                  | Regen+ Int-2 SInv}
  3071 | D:3      | Gained mutation: You have a pair of small antennae on your
                  | head. [demonic ancestry]
  3071 | D:3      | Reached XP level 5. HP: 43/43 MP: 0/8
  3162 | D:3      | Found a basalt altar of Yredelemnul.
  3276 | D:3      | Found an opulent altar of Gozag.
  3288 | D:3      | Became a worshipper of Gozag Ym Sagoz the Greedy
  3479 | D:3      | Found a sacrificial altar of Ru.
  3530 | D:3      | Reached skill level 5 in Fighting
  3607 | D:3      | Noticed Pargi
  4113 | D:3      | Killed Pargi
  4114 | D:3      | Gained mutation: You regenerate a little health from kills.
                  | [demonic ancestry]
  4114 | D:3      | Reached XP level 6. HP: 37/52 MP: 2/9
  4308 | D:3      | Found a hazy altar of Hepliaklqana.
  4832 | D:4      | Found a glowing drain.
  5016 | Sewer    | Entered a sewer
  5192 | Sewer    | Gained mutation: You may rarely emit foul miasma when
                  | damaged in melee. [demonic ancestry]
  5192 | Sewer    | Reached XP level 7. HP: 56/58 MP: 7/13
  5863 | Sewer    | Reached skill level 5 in Spellcasting
  7063 | D:1      | Bought a potion of lignification for 36 gold pieces
  7063 | D:1      | Bought a potion of brilliance for 48 gold pieces
  7063 | D:1      | Bought 2 potions of degeneration for 24 gold pieces
  7063 | D:1      | Bought a potion of heal wounds for 60 gold pieces
  7063 | D:1      | Bought a potion of magic for 96 gold pieces
  7183 | D:5      | Entered Level 5 of the Dungeon
  7259 | D:5      | Noticed Sigmund
  7264 | D:5      | Killed Sigmund
  7265 | D:5      | Reached skill level 5 in Conjurations
  7265 | D:5      | Reached XP level 8. HP: 50/64 MP: 9/17
  7327 | D:5      | Noticed Duvessa
  7344 | D:5      | Noticed Dowan
  7855 | D:5      | Found a burning altar of Makhleb.
  8150 | D:5      | Found a sparkling altar of Nemelex Xobeh.
  8167 | D:5      | Noticed Grinder
  8321 | D:5      | Paralysed by Grinder for 5 turns
  8326 | D:5      | Killed Grinder
  9289 | D:6      | Gained mutation: You have a pair of antennae on your head.
                  | [demonic ancestry]
  9289 | D:6      | Reached XP level 9. HP: 51/75 MP: 11/18
  9465 | D:6      | Identified the +0 pair of gloves "Xobotyde" {*Corrode Int+5
                  | Dex+3}
  9581 | D:6      | Found an ornate altar of the Wu Jian Council.
 10106 | D:7      | Learned a level 5 spell: Iskenderun's Battlesphere
 10188 | D:7      | Found a broken altar of Ashenzari.
 10339 | D:7      | Found a flagged portal.
 10354 | Bailey   | Entered a bailey
 10497 | Bailey   | Noticed an orc warlord
 10705 | Bailey   | Found a runed translucent gate.
 10721 | Bailey   | Found a runed translucent gate.
 10722 | Bailey   | Found a runed translucent gate.
 11401 | Bailey   | Killed an orc warlord
 11674 | D:7      | Acquired a book of the Moon
 11676 | D:7      | Acquired 668 gold pieces
 11678 | D:7      | Acquired 895 gold pieces
 11680 | D:7      | Acquired the ring "Vidorph" {Wiz Will+ Str+5}
 12038 | D:7      | Reached skill level 5 in Dodging
 12038 | D:7      | Gained mutation: You regenerate health from kills. [demonic
                  | ancestry]
 12038 | D:7      | Reached XP level 10. HP: 68/83 MP: 11/19
 12473 | D:7      | Found a staircase to the Ecumenical Temple.
 12763 | D:8      | Noticed a two-headed ogre
 12772 | D:8      | Killed a two-headed ogre
 12972 | D:8      | Noticed Pikel
 12992 | D:8      | Pikel changed into Pikel the hog
 12992 | D:8      | Noticed Pikel
 13370 | D:8      | Noticed Maggie
 13378 | D:8      | Killed Maggie
 13379 | D:8      | Reached skill level 10 in Fighting
 13391 | D:8      | Noticed a centaur warrior
 13403 | D:8      | Killed a centaur warrior
 13406 | D:8      | Noticed a centaur warrior
 13809 | D:8      | Killed Pikel the hog
 13930 | D:8      | Noticed a boulder beetle
 14140 | D:8      | Noticed a rust devil
 14167 | D:7      | Killed a boulder beetle
 14293 | D:8      | Killed a centaur warrior
 14294 | D:8      | Reached skill level 1 in Earth Magic
 14499 | D:8      | Noticed a soul eater
 14504 | D:8      | Reached XP level 11. HP: 84/95 MP: 16/20
 15259 | D:8      | Noticed a deep elf pyromancer
 15493 | D:8      | Killed a deep elf pyromancer
 15586 | D:8      | Acquired 492 gold pieces
 15639 | D:9      | Learned a level 4 spell: Iskenderun's Mystic Blast
 15800 | D:9      | Reached skill level 5 in Earth Magic
 16046 | D:9      | Found a stormy altar of Qazlal.
 16154 | D:9      | Noticed a two-headed ogre
 16159 | D:9      | Killed a two-headed ogre
 16178 | D:9      | Found a staircase to the Lair.
 16197 | D:9      | Noticed a two-headed ogre
 16219 | D:9      | Killed a two-headed ogre
 16635 | D:10     | Entered Level 10 of the Dungeon
 16663 | D:9      | Bought the +4 pair of boots of the Byakko {rC+} for 577
                  | gold pieces
 16672 | D:9      | Bought a potion of resistance for 170 gold pieces
 16672 | D:9      | Bought a potion of might for 68 gold pieces
 16672 | D:9      | Bought a potion of attraction for 51 gold pieces
 16672 | D:9      | Bought a potion of mutation for 136 gold pieces
 16672 | D:9      | Bought a potion of ambrosia for 136 gold pieces
 16852 | D:10     | Found a bloodstained altar of Trog.
 17019 | D:10     | Found a blossoming altar of Fedhas.
 17087 | D:10     | Found an iron altar of Okawaru.
 17136 | D:10     | Noticed a two-headed ogre
 17171 | D:10     | Killed a two-headed ogre
 17661 | D:9      | Bought a +2 leather armour of poison resistance for 240
                  | gold pieces
 17775 | D:11     | Noticed Maurice
 17788 | D:11     | Killed Maurice
 17881 | D:11     | Noticed a boulder beetle
 17900 | D:11     | Killed a boulder beetle
 17901 | D:11     | Reached skill level 1 in Armour
 18151 | D:11     | Noticed a two-headed ogre
 18277 | D:11     | Found a portal to a secret trove of treasure.
 18317 | D:11     | Killed a two-headed ogre
 18318 | D:11     | Reached XP level 12. HP: 102/102 MP: 21/21
 18609 | D:11     | Identified the +0 war axe "Telaet" {flame, rF- rCorr SInv}
 18770 | Lair:1   | Entered Level 1 of the Lair of Beasts
 18834 | Lair:1   | Reached skill level 10 in Conjurations
 19066 | Lair:1   | Noticed a boulder beetle
 19087 | Lair:1   | Killed a boulder beetle
 19371 | Lair:1   | Noticed Fannar
 19689 | Lair:1   | Noticed Harold
 19700 | Lair:1   | Killed Fannar
 19722 | Lair:1   | Identified the +3 falchion of Welfare {holy, Will+ Int+4}
 19732 | Lair:1   | Noticed Nergalle
 19877 | Lair:1   | Killed Harold
 19886 | Lair:1   | Learned a level 5 spell: Irradiate
 19893 | Lair:1   | Learned a level 6 spell: Bombard
 20184 | Lair:2   | Found a staircase to the Shoals.
 21093 | Lair:2   | Found a hole to the Spider Nest.
 21566 | Lair:3   | Reached XP level 13. HP: 108/108 MP: 25/25
 22024 | Lair:3   | You fall into a shaft and drop 1 floor!
 22774 | Lair:4   | Found the +3 greatsling "Punk" {acid, rCorr}
 22785 | Lair:4   | Reached skill level 10 in Earth Magic
 23090 | Lair:4   | Found a staircase to the Slime Pits.
 23611 | Lair:5   | Entered Level 5 of the Lair of Beasts
 23611 | Lair:5   | Noticed Kirke
 23624 | Lair:4   | Killed Kirke
 24693 | Lair:5   | Reached XP level 14. HP: 103/118 MP: 20/27
 25114 | Lair:5   | Noticed Snorg
 25133 | Lair:5   | Killed Snorg
 27008 | Lair:5   | Reached skill level 15 in Fighting
 27067 | Lair:5   | Reached skill level 1 in Fire Magic
 27823 | D:12     | Found a frozen archway.
 27843 | IceCv    | Entered an ice cave
 28252 | IceCv    | Reached skill level 5 in Fire Magic
 28715 | IceCv    | Noticed a frost giant
 28809 | IceCv    | Killed a frost giant
 29023 | IceCv    | Got a lithographed book
 29527 | D:12     | Found a staircase to the Orcish Mines.
 29799 | D:9      | Bought a polished cloak for 228 gold pieces
 29799 | D:9      | Identified the +1 cloak of a Billion Teeth {rElec rCorr
                  | Dex-3 Slay+4} (You bought it in a shop on level 9 of the
                  | Dungeon)
 29803 | D:9      | Bought a fine scarf for 240 gold pieces
 29803 | D:9      | Identified the scarf "Rihoutisae" {+Inv, rPois} (You bought
                  | it in a shop on level 9 of the Dungeon)
 29934 | Orc:1    | Entered Level 1 of the Orcish Mines
 29968 | Orc:1    | Noticed Jorgrun
 29977 | Orc:1    | Killed Jorgrun
 30171 | Orc:1    | Paralysed by an orc sorcerer for 2 turns
 30311 | Orc:1    | Gained mutation: You have a pair of large antennae on your
                  | head. (SInv) [demonic ancestry]
 30311 | Orc:1    | Reached XP level 15. HP: 129/129 MP: 28/28
 30385 | Orc:2    | Entered Level 2 of the Orcish Mines
 30385 | Orc:2    | Found Joitism's Antique Armour Emporium.
 30389 | Orc:2    | Noticed Nessos
 30541 | Orc:2    | Killed Nessos
 30993 | Orc:2    | Reached skill level 10 in Fire Magic
 31337 | Orc:2    | Found a staircase to the Elven Halls.
 31358 | Orc:2    | Found Duosma Kemah's Jewellery Boutique.
 31433 | Orc:2    | Found Ifuorch's Armour Shop.
 31433 | Orc:2    | Found Lina Baw's Armour Emporium.
 31457 | Orc:2    | Bought a distressingly furry robe for 165 gold pieces
 31457 | Orc:2    | Identified the +1 robe of Utino {rPois Str+3 Dex-2} (You
                  | bought it in a shop on level 2 of the Orcish Mines)
 31457 | Orc:2    | Bought a heavily jewelled robe for 165 gold pieces
 31457 | Orc:2    | Identified the +2 robe "Zeluete" {rPois rN+ Will+} (You
                  | bought it in a shop on level 2 of the Orcish Mines)
 31461 | Orc:2    | Bought the ring of Umpe Rec {rF+ rC+ Str+6 Int+4} for 719
                  | gold pieces
 31975 | D:12     | Learned a level 6 spell: Starburst
 32213 | D:13     | Gained mutation: You are completely covered in yellow
                  | scales. (AC +4, rCorr) [demonic ancestry]
 32213 | D:13     | Reached XP level 16. HP: 136/136 MP: 29/29
 32214 | D:13     | Reached skill level 10 in Spellcasting
 32214 | D:13     | Reached XP level 17. HP: 142/142 MP: 29/31
 32843 | D:13     | Found a gate to the Vaults.
 33440 | D:14     | Noticed Josephine
 33449 | D:14     | Killed Josephine
 34139 | D:15     | Entered Level 15 of the Dungeon
 35285 | D:15     | Found a staircase to the Depths.
 35289 | D:15     | Gained mutation: You regenerate a lot of health from kills.
                  | [demonic ancestry]
 35289 | D:15     | Reached XP level 18. HP: 149/149 MP: 17/34
 35487 | D:15     | Found a gateway to a bazaar.
 35606 | Bazaar   | Entered a bazaar
 35606 | Bazaar   | Found Egererim's Antique Armour Shop.
 35606 | Bazaar   | Found Eduapog's Antique Weapon Shop.
 35648 | Bazaar   | Found Semidoff's General Store.
 35656 | Bazaar   | Bought a scroll of blinking for 90 gold pieces
 35656 | Bazaar   | Bought a potion of mutation for 96 gold pieces
 35656 | Bazaar   | Bought a scroll of teleportation for 36 gold pieces
 36008 | Spider:1 | Entered Level 1 of the Spider Nest
 36282 | Spider:1 | Reached skill level 10 in Dodging
 37505 | Spider:1 | Identified the +2 robe "Pieq" {rPois rCorr Str+3 Int-5}
 37951 | Spider:1 | Learned a level 6 spell: Plasma Beam
 38272 | Shoals:1 | Entered Level 1 of the Shoals
 38291 | Shoals:1 | Reached skill level 1 in Air Magic
 39028 | Shoals:1 | Learned a level 4 spell: Airstrike
 39242 | Shoals:1 | Reached skill level 5 in Air Magic
 41013 | Shoals:3 | Identified the +1 ring mail of Ybap {Dex+2}
 42349 | D:9      | Bought the +5 ring mail of Card Tricks {rPois} for 562 gold
                  | pieces
 43247 | Shoals:4 | Entered Level 4 of the Shoals
 43357 | Shoals:4 | Found Elag's CLEARANCE SALE!.
 43381 | Shoals:4 | Reached skill level 10 in Air Magic
 43583 | Shoals:4 | Reached XP level 19. HP: 155/155 MP: 18/35
 43641 | Shoals:4 | Identified the +2 scale mail of Honour {Dex+5}
 43965 | Shoals:4 | Got a vibrating book
 44135 | Shoals:4 | Got a barnacled rune of Zot
 44715 | Elf:1    | Entered Level 1 of the Elven Halls
 45269 | Elf:1    | Noticed Frances
 45271 | Elf:1    | Paralysed by an air elemental for 1 turns
 45285 | Elf:1    | Killed Frances
 45717 | Elf:1    | Found a transporter.
 45751 | Elf:1    | Noticed Pisiet's ghost (adept DjBe)
 46096 | Elf:1    | You fall into a shaft and drop 1 floor!
 46470 | Elf:2    | Found a runed translucent gate.
 46470 | Elf:2    | Found a runed translucent gate.
 46470 | Elf:2    | Found a runed translucent gate.
 46520 | Elf:2    | Noticed Pisot's ghost (adept SpBr)
 46774 | Elf:2    | Found a transporter.
 46776 | Elf:2    | Found a transporter.
 46811 | Elf:2    | Found a bloodstained altar of Trog.
 47292 | Elf:1    | Found a transporter.
 47584 | D:5      | Killed Duvessa
 47591 | D:5      | Killed Dowan
 47628 | D:5      | Found a burning altar of Makhleb.
 48218 | D:5      | Found a sparkling altar of Nemelex Xobeh.
 48488 | Lair:1   | Killed Nergalle
 48977 | Elf:1    | Learned a level 5 spell: Fireball
 49622 | Elf:2    | Reached skill level 15 in Fire Magic
 50122 | Elf:3    | Entered Level 3 of the Elven Halls
 50550 | Elf:3    | Got a worn book
 51090 | Elf:3    | Gained mutation: You punish those that try to bend your
                  | will. (Will+) [demonic ancestry]
 51090 | Elf:3    | Reached XP level 20. HP: 81/162 MP: 10/36
 53507 | Elf:3    | Identified the staff "Ubuph" {Str+5 Earth}
 53510 | Elf:3    | Identified the staff of Peril {Fly rC- rN+ Earth}
 53516 | Elf:3    | Got a worn book
 53558 | Elf:3    | Got an upside-down book
 53583 | Elf:3    | Identified the +0 spear "Guapu" {drain, Will+}
 53678 | Elf:3    | Learned a level 2 spell: Poisonous Vapours
 53682 | Elf:3    | Learned a level 3 spell: Ignite Poison
 53686 | Elf:3    | Learned a level 2 spell: Blink
 53872 | Vaults:1 | Entered Level 1 of the Vaults
 53893 | Vaults:1 | Reached skill level 1 in Poison Magic
 54238 | Vaults:1 | Found Nutiecs's Antique Weapon Emporium.
 54264 | Vaults:1 | Found Rufiali's Book Shop.
 54476 | Vaults:1 | Reached skill level 5 in Poison Magic
 55011 | Vaults:1 | Found Otustrib's Book Shop.
 55929 | Vaults:1 | Found Jiorpheikk's General Store.
 56695 | Vaults:2 | Gained mutation: You are resistant to unholy torment.
                  | [demonic ancestry]
 56695 | Vaults:2 | Reached XP level 21. HP: 168/168 MP: 26/38
 56902 | Vaults:2 | Noticed Frederick
 57289 | Vaults:2 | Killed Frederick
 57485 | Vaults:2 | Noticed Nikola
 57492 | Vaults:2 | Killed Nikola
 57756 | Vaults:2 | Found a staircase to the Crypt.
 58263 | Vaults:2 | Noticed Sojobo
 58551 | Vaults:2 | Reached skill level 15 in Spellcasting
 58658 | Vaults:2 | Killed Sojobo
 59480 | Vaults:3 | Found Vutel's Distillery.
 59485 | Vaults:3 | Bought a potion of curing for 63 gold pieces
 59485 | Vaults:3 | Bought 2 potions of curing for 126 gold pieces
 59485 | Vaults:3 | Bought a potion of curing for 63 gold pieces
 59758 | D:9      | Bought a potion of curing for 51 gold pieces
 59758 | D:9      | Bought a potion of curing for 51 gold pieces
 59848 | D:11     | You paid a toll of 16 potions of curing to enter a treasure
                  | trove
 59849 | Trove    | Identified Sif Muna's Collected Works on Companions and
                  | Vitiation (Sif Muna gifted it to you in a treasure trove)
 59849 | Trove    | Identified Sif Muna's Vellum of Trauma (Sif Muna gifted it
                  | to you in a treasure trove)
 59849 | Trove    | Identified Sif Muna's Precepts of Kinetic Energy (Sif Muna
                  | gifted it to you in a treasure trove)
 59849 | Trove    | Entered a treasure trove
 60374 | Vaults:3 | Paralysed by a formless jellyfish for 1 turns
 62660 | Vaults:4 | Gained mutation: You can hurl damnation. [demonic ancestry]
 62660 | Vaults:4 | Reached XP level 22. HP: 179/184 MP: 17/41
 63527 | Vaults:4 | Learned a level 8 spell: Ignition
 66783 | Spider:4 | Entered Level 4 of the Spider Nest
 66894 | Spider:4 | Noticed Sulekhlopt's ghost (journeyman DECj)
 66905 | Spider:4 | Reached skill level 1 in Necromancy
 66939 | Spider:4 | Found a runed translucent door.
 67110 | Spider:4 | Killed Sulekhlopt's ghost
 67508 | Spider:4 | Noticed Aizul
 67513 | Spider:4 | Killed Aizul
 67524 | Spider:4 | Reached skill level 5 in Necromancy
 68065 | Spider:4 | Identified the +0 scale mail of Fodahan {Fly rC+}
 69011 | Spider:4 | Got a gossamer rune of Zot
 69019 | Spider:4 | Identified the +0 hat of the Maze {Harm +Inv Int-3 Dex+3}
 69246 | D:9      | Bought an ichor-stained robe for 233 gold pieces
 69246 | D:9      | Identified the +1 robe "Azuv" {rN+} (You bought it in a
                  | shop on level 9 of the Dungeon)
 69248 | D:9      | Bought a faintly humming ring mail for 369 gold pieces
 69248 | D:9      | Identified the +5 ring mail of the Sneaky Shrikes {rF-
                  | Regen+ Slay+5 SInv} (You bought it in a shop on level 9 of
                  | the Dungeon)
 69272 | D:9      | Learned a level 2 spell: Sublimation of Blood
 69458 | Crypt:1  | Entered Level 1 of the Crypt
 69685 | Crypt:1  | Reached XP level 23. HP: 146/186 MP: 22/42
 70219 | Crypt:1  | Learned a level 4 spell: Dispel Undead
 70723 | Crypt:2  | Found a magical portal.
 70771 | WizLab   | Entered Borgnjor's Mausoleum
 71508 | WizLab   | Got a blackened book
 72628 | Crypt:3  | Entered Level 3 of the Crypt
 72814 | Crypt:3  | Noticed Jory
 72823 | Crypt:3  | Killed Jory
 73264 | Crypt:3  | Found the +6 Majin-Bo {spellvamp, MP+6 Int+6}
 73782 | Crypt:3  | Noticed a curse toe
 73800 | Crypt:3  | Killed a curse toe
 73806 | Crypt:3  | Noticed a curse toe
 73855 | Crypt:3  | Killed a curse toe
 73945 | Crypt:3  | Noticed an ancient lich
 73945 | Crypt:3  | Noticed an ancient lich
 73945 | Crypt:3  | Noticed an ancient lich
 74049 | Crypt:3  | Killed an ancient lich
 74120 | Crypt:3  | Killed an ancient lich
 74120 | Crypt:3  | Killed an ancient lich
 74189 | Crypt:3  | Identified the ring of Spite {rN+ Dex+8}
 74189 | Crypt:3  | Identified the ring of Myos {+Blink rN+ Will- Str+3 Dex+2}
 74196 | Crypt:3  | Identified the ring of Ulacium {*Slow rF+ Will++ SInv
                  | Stlth+}
 74203 | Crypt:3  | Identified the +4 chain mail of the Eternal Void {rPois}
 74513 | Crypt:3  | Found a staircase to the Tomb.
 74728 | Vaults:5 | Entered Level 5 of the Vaults
 74739 | Vaults:4 | Learned a level 6 spell: Death Channel
 74743 | Vaults:5 | Reached XP level 24. HP: 204/204 MP: 45/45
 74764 | Vaults:5 | Noticed Mara
 74772 | Vaults:5 | Killed Mara
 74773 | Vaults:5 | Reached skill level 15 in Conjurations
 74790 | Vaults:5 | Noticed an ancient lich
 74798 | Vaults:5 | Killed an ancient lich
 75045 | Vaults:5 | Noticed an ancient lich
 75056 | Vaults:5 | Killed an ancient lich
 75790 | Vaults:5 | Got a silver rune of Zot
 76384 | Vaults:5 | Identified the staff of the End {rC+ Conj}
 76389 | Vaults:5 | Identified the staff "Myedgh" {rC+ rN++ Int-2 Ice}
 77099 | D:9      | Learned a level 2 spell: Poisonous Vapours
 77188 | Slime:1  | Entered Level 1 of the Pits of Slime
 77354 | Slime:2  | Noticed Dissolution
 77359 | Slime:2  | Killed Dissolution
 77466 | Slime:2  | Gained mutation: You occasionally lose the ability to drink
                  | potions when taking damage. [a shining eye]
 77873 | Slime:3  | Paralysed by a formless jellyfish for 1 turns
 77911 | Slime:3  | Paralysed by a formless jellyfish for 1 turns
 78652 | Slime:2  | Reached XP level 25. HP: 211/211 MP: 37/45
 78658 | Slime:2  | Gained mutation: You sometimes lose your temper in combat.
                  | [a shining eye]
 79082 | Slime:4  | Paralysed by a formless jellyfish for 1 turns
 80074 | Slime:5  | Entered Level 5 of the Pits of Slime
 80648 | Slime:5  | Noticed the Royal Jelly
 80670 | Slime:5  | Killed the Royal Jelly
 81131 | Slime:5  | Identified the +6 ring mail of Ezxohaus {rElec rF+ Str-5}
 81136 | Slime:5  | Got an exquisite book
 81140 | Slime:5  | Got a slimy rune of Zot
 81141 | Slime:5  | Identified the ring of Miediob {Str+3 Int+3 Slay+4}
 81175 | Slime:5  | Found the +8 lance "Wyrmbane" {slay drac, rPois rF+ rC+
                  | AC+3}
 81177 | Slime:5  | Found the +7 great mace "Undeadhunter" {deathbane, rN+}
 82141 | Depths:1 | Entered Level 1 of the Depths
 82169 | Depths:1 | Noticed the Enchantress
 82307 | Depths:1 | Reached skill level 5 in Armour
 82316 | D:15     | Killed the Enchantress
 82763 | Depths:1 | Found a one-way gateway to a ziggurat.
 82799 | Depths:1 | Found a gateway to Hell.
 82952 | Depths:1 | Found a one-way gate to the infinite horrors of the Abyss.
 83692 | Depths:2 | Found a one-way gate leading to the halls of Pandemonium.
 83732 | Depths:2 | Noticed a juggernaut
 83738 | Depths:2 | Killed a juggernaut
 83940 | Depths:2 | Identified the +1 robe of Dramatic Exits {rF++ Regen+ MP-9
                  | Int+9}
 84016 | Depths:2 | Noticed a juggernaut
 84022 | Depths:2 | Killed a juggernaut
 84023 | Depths:2 | Reached skill level 10 in Armour
 84221 | Depths:2 | Identified the +5 scale mail of Eternal Night {Harm}
 84731 | Depths:3 | Found a transporter.
 85061 | Depths:3 | Gained mutation: You sometimes emit foul miasma when
                  | damaged in melee. [demonic ancestry]
 85061 | Depths:3 | Reached XP level 26. HP: 218/218 MP: 24/45
 85178 | Depths:3 | Noticed Louise
 85186 | Depths:3 | Killed Louise
 85922 | Depths:3 | Identified the +11 war axe of Insufficient Pleasure {venom,
                  | Str+3 Int+7 Stlth+}
 86568 | Depths:3 | Found a transporter.
 86569 | Depths:3 | Found a transporter.
 86615 | Depths:3 | Found a transporter.
 86845 | Depths:4 | Entered Level 4 of the Depths
 87063 | Depths:4 | Found a gate to the Realm of Zot.
 87081 | Depths:4 | Found Til Pona's General Store.
 87089 | Depths:4 | Bought a potion of curing for 39 gold pieces
 87089 | Depths:4 | Bought a scroll of blinking for 97 gold pieces
 87089 | Depths:4 | Bought a potion of curing for 39 gold pieces
 87532 | Depths:4 | Reached skill level 1 in Shields
 87734 | Depths:4 | Found Vies's Armour Shoppe.
 87777 | Depths:4 | Found Hippi Fopu's Jewellery Emporium.
 88013 | Depths:4 | Found Vaudy's Book Emporium.
 88028 | Depths:4 | Bought a manual of Fighting for 1440 gold pieces
 88043 | Depths:4 | Found Xuyrig's Weapon Shoppe.
 88210 | Depths:4 | Learned a level 9 spell: Fire Storm
 88215 | Depths:4 | Learned a level 4 spell: Olgreb's Toxic Radiance
 88244 | Zot:1    | Entered Level 1 of the Realm of Zot
 88642 | Zot:1    | Noticed an orb of fire
 88649 | Zot:1    | Killed an orb of fire
 90176 | Zot:2    | Noticed Vv
 90187 | Zot:2    | Killed Vv
 91134 | Zot:2    | Noticed an orb of fire
 91148 | Zot:2    | Killed an orb of fire
 91836 | Zot:3    | Gained mutation: You are vulnerable to cold. (rC-)
                  | [mutagenic glow]
 91922 | Zot:3    | Gained mutation: You frequently emit foul miasma when
                  | damaged in melee. [demonic ancestry]
 91922 | Zot:3    | Reached XP level 27. HP: 224/224 MP: 45/47
 92473 | Zot:3    | Identified the +12 dagger "Zuczuc" {vamp, rElec rF+}
 93876 | D:9      | Bought a glowing cloak for 180 gold pieces
 93882 | D:9      | Bought a +2 cloak of poison resistance for 388 gold pieces
 94249 | Zot:5    | Entered Level 5 of the Realm of Zot
 95241 | Zot:5    | Noticed an orb of fire
 95252 | Zot:5    | Noticed an ancient lich
 95254 | Zot:5    | Killed an orb of fire
 95255 | Zot:5    | Killed an ancient lich
 95261 | Zot:5    | Noticed an ancient lich
 95262 | Zot:5    | Killed an ancient lich
 95283 | Zot:5    | Noticed an orb of fire
 95285 | Zot:5    | Noticed a dread lich
 95287 | Zot:5    | Killed a dread lich
 95288 | Zot:5    | Killed an orb of fire
 95291 | Zot:5    | Noticed an ancient lich
 95296 | Zot:5    | Killed an ancient lich
 95299 | Zot:5    | Noticed an orb of fire
 95299 | Zot:5    | Noticed a dread lich
 95301 | Zot:5    | Killed a dread lich
 95305 | Zot:5    | Killed an orb of fire
 95310 | Zot:5    | Noticed a dread lich
 95313 | Zot:5    | Reached skill level 15 in Air Magic
 95313 | Zot:5    | Killed a dread lich
 95655 | Zot:5    | Learned a level 9 spell: Chain Lightning
 95842 | Depths:3 | Voluntarily entered the Abyss.
 96189 | Abyss:2  | Found a corrupted altar of Lugonu.
 96204 | Abyss:2  | Found a corrupted altar of Lugonu.
 96231 | Abyss:2  | Found a corrupted altar of Lugonu.
 96322 | Depths:3 | Escaped the Abyss
 96461 | Depths:3 | Voluntarily entered the Abyss.
 96466 | Abyss:2  | Found a corrupted altar of Lugonu.
 96849 | Depths:3 | Escaped the Abyss
 97005 | Depths:3 | Voluntarily entered the Abyss.
 97018 | Abyss:3  | Found a corrupted altar of Lugonu.
 97028 | Abyss:3  | Found a corrupted altar of Lugonu.
 97033 | Abyss:3  | Noticed a dread lich
 97036 | Abyss:3  | Killed a dread lich
 97256 | Abyss:3  | Learned a level 1 spell: Apportation
 97273 | Abyss:3  | Noticed a dread lich
 97278 | Abyss:3  | Killed a dread lich
 97307 | Depths:3 | Escaped the Abyss
 97351 | Depths:3 | Voluntarily entered the Abyss.
 97352 | Abyss:3  | Found a corrupted altar of Lugonu.
 97508 | Abyss:3  | Found a corrupted altar of Lugonu.
 97541 | Abyss:3  | Got an abyssal rune of Zot
 97550 | Depths:3 | Escaped the Abyss
 97723 | Pan      | Entered Pandemonium
 97824 | Pan      | Noticed Xatucomu the pandemonium lord
 97835 | Pan      | Killed Xatucomu the pandemonium lord
 97952 | Pan      | Noticed Uliankyvis the pandemonium lord
 97957 | Pan      | Killed Uliankyvis the pandemonium lord
 98289 | Pan      | Entered the realm of Gloorx Vloq.
 98409 | Pan      | Noticed Gloorx Vloq
 98423 | Pan      | Killed Gloorx Vloq
 98576 | Pan      | Acquired the +18 shield of the Gong {Loud rN+ Will+ rCorr
                  | EV-5}
 98576 | Pan      | Found the +18 shield of the Gong {Loud rN+ Will+ rCorr
                  | EV-5}
 98611 | Pan      | Got a dark rune of Zot
 98846 | Pan      | Noticed Eryvvy the pandemonium lord
 98860 | Pan      | Killed Eryvvy the pandemonium lord
 99013 | Pan      | Identified the +3 leather armour of Okawaru's Envy {rN+
                  | Slay+2}
 99125 | Pan      | Learned a level 8 spell: Lehudib's Crystal Spear
 99136 | Pan      | Found a runed translucent door.
 99347 | Pan      | Reached skill level 1 in Transmutations
 99450 | Pan      | Gained mutation: You have an uncontrollable temper. [a
                  | neqoxec]
100279 | Pan      | Got a demonic rune of Zot
100493 | Pan      | Reached skill level 5 in Transmutations
100517 | Pan      | Entered the realm of Mnoleg.
100605 | Pan      | Reached skill level 15 in Earth Magic
100626 | Pan      | Noticed Mnoleg
100639 | Pan      | Killed Mnoleg
100913 | Pan      | Got a glowing rune of Zot
101004 | Pan      | Entered the realm of Cerebov.
101012 | Pan      | Lost mutation: You have an uncontrollable temper. [potion
                  | of mutation]
101012 | Pan      | Lost mutation: You occasionally lose the ability to drink
                  | potions when taking damage. [potion of mutation]
101012 | Pan      | Gained mutation: You occasionally lose the ability to drink
                  | potions when taking damage. [potion of mutation]
101012 | Pan      | Gained mutation: Your muscles are strong. (Str +4, Int/Dex
                  | -1) [potion of mutation]
101012 | Pan      | Lost mutation: You are vulnerable to cold. (rC-) [potion of
                  | mutation]
101013 | Pan      | Lost mutation: You occasionally lose the ability to drink
                  | potions when taking damage. [potion of mutation]
101013 | Pan      | Lost mutation: You sometimes lose your temper in combat.
                  | [potion of mutation]
101013 | Pan      | Gained mutation: Your spells are a little harder to cast,
                  | but a little more powerful. [potion of mutation]
101013 | Pan      | Gained mutation: You occasionally lose the ability to read
                  | scrolls when taking damage. [potion of mutation]
101013 | Pan      | Gained mutation: Your mind is acute. (Int +4, Str/Dex -1)
                  | [potion of mutation]
101013 | Pan      | Gained mutation: You have sharp toenails. [potion of
                  | mutation]
101014 | Pan      | Lost mutation: Your spells are a little harder to cast, but
                  | a little more powerful. [potion of mutation]
101014 | Pan      | Lost mutation: Your mind is acute. (Int +4, Str/Dex -1)
                  | [potion of mutation]
101014 | Pan      | Gained mutation: You expend magic power (3 MP) to
                  | strengthen your wands. [potion of mutation]
101014 | Pan      | Gained mutation: You have very sharp teeth. [potion of
                  | mutation]
101014 | Pan      | Gained mutation: Your spells are a little harder to cast,
                  | but a little more powerful. [potion of mutation]
101015 | Pan      | Lost mutation: You expend magic power (3 MP) to strengthen
                  | your wands. [potion of mutation]
101015 | Pan      | Lost mutation: You have very sharp teeth. [potion of
                  | mutation]
101015 | Pan      | Gained mutation: You have hidden genetic potential. [potion
                  | of mutation]
101015 | Pan      | Gained mutation: Your flesh is cold resistant. (rC+)
                  | [potion of mutation]
101016 | Pan      | Lost mutation: Your flesh is cold resistant. (rC+) [potion
                  | of mutation]
101016 | Pan      | Lost mutation: Your spells are a little harder to cast, but
                  | a little more powerful. [potion of mutation]
101016 | Pan      | Lost mutation: You have hidden genetic potential. [potion
                  | of mutation]
101016 | Pan      | Gained mutation: Your body sometimes deteriorates upon
                  | taking damage. [potion of mutation]
101016 | Pan      | Gained mutation: You passively map a small area around you.
                  | [potion of mutation]
101016 | Pan      | Gained mutation: You are strong-willed. (Will+) [potion of
                  | mutation]
101017 | Pan      | Lost mutation: You occasionally lose the ability to read
                  | scrolls when taking damage. [potion of mutation]
101017 | Pan      | Lost mutation: You are strong-willed. (Will+) [potion of
                  | mutation]
101017 | Pan      | Lost mutation: You passively map a small area around you.
                  | [potion of mutation]
101017 | Pan      | Gained mutation: You are robust. (+10% HP) [potion of
                  | mutation]
101017 | Pan      | Gained mutation: You are strong-willed. (Will+) [potion of
                  | mutation]
101017 | Pan      | Gained mutation: You have an increased reservoir of magic.
                  | (+10% MP) [potion of mutation]
101137 | Pan      | Identified the ring "Qatoalox" {Wiz rC+ Int+2}
101344 | Pan      | Found the +6 sword of Cerebov {flame}
101344 | Pan      | Noticed Cerebov
101769 | Pan      | Killed Cerebov
101801 | Pan      | Got a fiery rune of Zot
102773 | Pan      | Identified the +0 pair of boots "Yxaiq" {SInv}
102776 | Pan      | Identified the +1 plate armour of the Ward {-Tele rPois
                  | rN+}
103223 | Pan      | Reached skill level 10 in Transmutations
103233 | Pan      | Entered the realm of Lom Lobon.
103453 | Pan      | Noticed Lom Lobon
103473 | Pan      | Killed Lom Lobon
103483 | Pan      | Got a magical rune of Zot
104240 | Pan      | Noticed Mennas
104243 | Pan      | Killed Mennas
104938 | Pan      | Noticed Hallataa the pandemonium lord
105122 | Pan      | Found a transporter.
105209 | Pan      | Found a transporter.
105556 | Pan      | Noticed Cauromni the pandemonium lord
105559 | Pan      | Killed Cauromni the pandemonium lord
105789 | Pan      | Noticed Ignacio
106873 | Pan      | Killed Ignacio
106964 | Depths:3 | Escaped Pandemonium
106977 | Depths:3 | Learned a level 9 spell: Shatter
107105 | Hell     | Entered the Vestibule of Hell
107105 | Hell     | Noticed Geryon
107127 | Hell     | Killed Geryon
107671 | Hell     | Found a gateway to the decaying netherworld of Tartarus.
107783 | Hell     | Found a gateway to the freezing wastes of Cocytus.
107877 | Hell     | Found a gateway to the Iron City of Dis.
107968 | Hell     | Found a gateway to the ashen valley of Gehenna.
108142 | Coc:1    | Entered Level 1 of Cocytus
108211 | Coc:3    | Paralysed by a wendigo for 1 turns
108244 | Coc:4    | Paralysed by a wendigo for 1 turns
108257 | Coc:5    | Noticed a dread lich
108262 | Coc:5    | Killed a dread lich
108265 | Coc:5    | Reached skill level 10 in Necromancy
108269 | Coc:5    | Paralysed by a wendigo for 1 turns
108302 | Coc:7    | Entered Level 7 of Cocytus
108402 | Coc:7    | Paralysed by a wendigo for 1 turns
108685 | Coc:7    | Paralysed by a wendigo for 1 turns
108868 | Coc:7    | Paralysed by a wendigo for 1 turns
109160 | Coc:7    | Identified the +10 short sword of Gallantry {flame, rPois
                  | Will+}
109160 | Coc:7    | Noticed Antaeus
109164 | Coc:7    | Killed a dread lich
109171 | Coc:7    | Killed Antaeus
109415 | Coc:7    | Got an icy rune of Zot
109641 | Coc:7    | Identified the +3 double sword of Departure {heavy, rPois
                  | Str+3}
110191 | Geh:1    | Entered Level 1 of Gehenna
110902 | Geh:5    | Reached skill level 5 in Shields
111585 | Geh:7    | Entered Level 7 of Gehenna
111702 | Geh:7    | Reached skill level 15 in Necromancy
111905 | Geh:7    | Reached skill level 1 in Throwing
112966 | Geh:7    | Found the +13 sceptre of Asmodeus
112966 | Geh:7    | Noticed Asmodeus
112976 | Geh:7    | Killed Asmodeus
112977 | Geh:7    | Reached skill level 5 in Throwing
113191 | Geh:7    | Got an obsidian rune of Zot
115666 | Tar:1    | Entered Level 1 of Tartarus
116406 | Tar:3    | Reached skill level 10 in Throwing
116906 | Tar:4    | Found a runed translucent door.
117615 | Hell     | Learned a level 9 spell: Death's Door
117841 | Tar:5    | Reached skill level 1 in Polearms
118404 | Tar:6    | Reached skill level 5 in Polearms
119160 | Tar:7    | Entered Level 7 of Tartarus
119902 | Tar:7    | Noticed a dread lich
119927 | Tar:7    | Reached skill level 10 in Polearms
119979 | Tar:7    | Killed a dread lich
120337 | Tar:7    | Noticed an ancient lich
120342 | Tar:7    | Killed an ancient lich
120761 | Tar:7    | Noticed a dread lich
120763 | Tar:7    | Killed a dread lich
120804 | Tar:7    | Noticed the Serpent of Hell
120814 | Tar:7    | Killed the Serpent of Hell
121423 | Tar:7    | Noticed Ereshkigal
121429 | Tar:7    | Killed Ereshkigal
121701 | Tar:7    | Noticed an ancient lich
121707 | Tar:7    | Killed an ancient lich
122244 | Tar:7    | Got a bone rune of Zot
122323 | Tar:7    | Got a mumbling book
122436 | Dis:1    | Entered Level 1 of the Iron City of Dis
122514 | Dis:2    | Noticed a dread lich
122516 | Dis:2    | Killed a dread lich
122576 | Dis:5    | Noticed a juggernaut
122582 | Dis:5    | Killed a juggernaut
122915 | Dis:7    | Entered Level 7 of the Iron City of Dis
123063 | Dis:7    | Noticed a juggernaut
123068 | Dis:7    | Killed a juggernaut
124025 | Dis:7    | Noticed a juggernaut
124026 | Dis:7    | Noticed a juggernaut
124032 | Dis:7    | Killed a juggernaut
124034 | Dis:7    | Killed a juggernaut
124903 | Dis:7    | Identified the +7 halberd of Spring {elec, rF+ Str+5 Dex+5}
124903 | Dis:7    | Noticed Dispater
124913 | Dis:7    | Killed Dispater
124914 | Dis:7    | Reached skill level 15 in Throwing
124914 | Dis:7    | Found the orb of Dispater {+Damnation *Corrode AC+5}
124978 | Dis:7    | Got an iron rune of Zot
124979 | Dis:7    | Identified the +6 sling of Yeast {freeze, rPois rCorr Int-4
                  | SInv}
124982 | Dis:7    | Got a parchment book
126003 | Tomb:1   | Entered Level 1 of the Tomb of the Ancients
126106 | Tomb:1   | Noticed a royal mummy
126109 | Tomb:1   | Killed a royal mummy
126109 | Tomb:1   | Killed a royal mummy
126109 | Tomb:1   | Killed a royal mummy
126109 | Tomb:1   | Killed a royal mummy
126109 | Tomb:1   | Killed a royal mummy
126148 | Tomb:1   | Noticed a royal mummy
126149 | Tomb:1   | Killed a royal mummy
126158 | Tomb:1   | Noticed a royal mummy
126162 | Tomb:1   | Killed a royal mummy
126173 | Tomb:1   | Noticed a royal mummy
126177 | Tomb:1   | Killed a royal mummy
126180 | Tomb:1   | Noticed a royal mummy
126180 | Tomb:1   | Noticed a royal mummy
126183 | Tomb:1   | Killed a royal mummy
126184 | Tomb:1   | Killed a royal mummy
126397 | Tomb:1   | Noticed a royal mummy
126400 | Tomb:1   | Killed a royal mummy
126422 | Tomb:1   | Noticed a royal mummy
126425 | Tomb:1   | Killed a royal mummy
126513 | Tomb:1   | Noticed a royal mummy
126516 | Tomb:1   | Killed a royal mummy
126517 | Tomb:1   | Reached skill level 10 in Ice Magic
126524 | Tomb:1   | Noticed a royal mummy
126527 | Tomb:1   | Killed a royal mummy
127113 | Tomb:1   | Noticed a royal mummy
127117 | Tomb:1   | Killed a royal mummy
127228 | Tomb:1   | Noticed a royal mummy
127233 | Tomb:1   | Killed a royal mummy
127671 | Tomb:1   | Noticed a royal mummy
127676 | Tomb:1   | Killed a royal mummy
127846 | Tomb:1   | Noticed a royal mummy
127850 | Tomb:1   | Killed a royal mummy
127994 | Tomb:1   | Noticed a royal mummy
128000 | Tomb:1   | Killed a royal mummy
128235 | Tomb:1   | Noticed a royal mummy
128239 | Tomb:1   | Killed a royal mummy
128382 | Tomb:1   | Noticed a royal mummy
128386 | Tomb:1   | Killed a royal mummy
128394 | Tomb:1   | Noticed a royal mummy
128398 | Tomb:1   | Killed a royal mummy
128400 | Tomb:1   | Noticed a royal mummy
128404 | Tomb:1   | Killed a royal mummy
128424 | Tomb:1   | Noticed a royal mummy
128428 | Tomb:1   | Killed a royal mummy
128429 | Tomb:1   | Reached skill level 15 in Ice Magic
128639 | Tomb:1   | Noticed a royal mummy
128642 | Tomb:1   | Killed a royal mummy
128727 | Tomb:1   | Noticed a royal mummy
128733 | Tomb:1   | Killed a royal mummy
129131 | Tomb:1   | Learned a level 7 spell: Ozocubu's Refrigeration
129154 | Tomb:2   | Noticed a royal mummy
129156 | Tomb:2   | Noticed a royal mummy
129156 | Tomb:2   | Noticed a royal mummy
129159 | Tomb:2   | Killed a royal mummy
129161 | Tomb:2   | Killed a royal mummy
129163 | Tomb:2   | Killed a royal mummy
129172 | Tomb:2   | Noticed a royal mummy
129178 | Tomb:2   | Killed a royal mummy
129291 | Tomb:2   | Identified the +0 robe of Darkness {+Blink Str+5}
130089 | Tomb:2   | Lost mutation: You have an increased reservoir of magic.
                  | (+10% MP) [potion of mutation]
130089 | Tomb:2   | Lost mutation: You have sharp toenails. [potion of
                  | mutation]
130089 | Tomb:2   | Lost mutation: You are robust. (+10% HP) [potion of
                  | mutation]
130089 | Tomb:2   | Gained mutation: Your natural rate of healing is unusually
                  | fast. [potion of mutation]
130090 | Tomb:2   | Lost mutation: Your muscles are strong. (Str +4, Int/Dex
                  | -1) [potion of mutation]
130090 | Tomb:2   | Lost mutation: Your natural rate of healing is unusually
                  | fast. [potion of mutation]
130090 | Tomb:2   | Lost mutation: Your body sometimes deteriorates upon taking
                  | damage. [potion of mutation]
130090 | Tomb:2   | Gained mutation: You have large cloven feet. [potion of
                  | mutation]
130416 | Tomb:3   | Entered Level 3 of the Tomb of the Ancients
130433 | Tomb:3   | Noticed a royal mummy
130433 | Tomb:3   | Noticed a royal mummy
130435 | Tomb:3   | Killed a royal mummy
130757 | Tomb:3   | Noticed a royal mummy
130758 | Tomb:3   | Noticed a royal mummy
130761 | Tomb:3   | Killed a royal mummy
130763 | Tomb:3   | Killed a royal mummy
130763 | Tomb:3   | Killed a royal mummy
130786 | Tomb:3   | Noticed a royal mummy
130789 | Tomb:3   | Killed a royal mummy
130790 | Tomb:3   | Noticed a royal mummy
130793 | Tomb:3   | Killed a royal mummy
130796 | Tomb:3   | Noticed a royal mummy
130797 | Tomb:3   | Noticed a royal mummy
130801 | Tomb:3   | Killed a royal mummy
130809 | Tomb:3   | Killed a royal mummy
130973 | Tomb:3   | Found the +7 captain's cutlass {speed, disarm}
131037 | Tomb:3   | Identified the ring "Piwok" {rElec Will- Int+8 Dex+6}
131057 | Tomb:3   | Identified the +1 robe of Tot Ups {rPois rC+}
131059 | Tomb:3   | Identified the +3 ring mail "Godd" {*Corrode rPois Int+3
                  | SInv}
131075 | Tomb:3   | Identified the staff "Ydemuef" {rElec rPois rC+ Int+3 Conj}
131078 | Tomb:3   | Identified the +2 battleaxe of Haysele {venom, *Noise rPois
                  | rCorr Str+5}
131391 | Tomb:3   | Got a golden rune of Zot
131487 | Tomb:3   | Learned a level 9 spell: Polar Vortex
131894 | Zig:1    | Entered Level 1 of a ziggurat
131920 | Zig:2    | Entered Level 2 of a ziggurat
131955 | Zig:2    | Identified the +3 executioner's axe of Ocaipall {spect, rF+
                  | SInv}
131962 | Zig:3    | Entered Level 3 of a ziggurat
131965 | Zig:3    | Noticed an orb of fire
131974 | Zig:3    | Killed an orb of fire
132188 | Zig:3    | Identified the +9 hand axe "Beetleslayer" {freeze, rElec
                  | Str+2}
132192 | Zig:4    | Entered Level 4 of a ziggurat
132345 | Zig:5    | Entered Level 5 of a ziggurat
132432 | Zig:5    | Identified the staff "Kaskeir" {Drain rElec rPois rC+
                  | Stlth+ Ice}
132433 | Zig:5    | Identified the ring of Lozisint {rElec rF+ rN+ Str+2
                  | Slay-5}
132448 | Zig:6    | Entered Level 6 of a ziggurat
132487 | Zig:7    | Entered Level 7 of a ziggurat
132490 | Zig:7    | Noticed a royal mummy
132496 | Zig:7    | Killed a royal mummy
132599 | Zig:8    | Entered Level 8 of a ziggurat
132606 | Zig:8    | Noticed Xookon the pandemonium lord
132610 | Zig:8    | Killed Xookon the pandemonium lord
132651 | Zig:8    | Identified the +2 quarterstaff of Dung {freeze, rC+ Dex+3}
132669 | Zig:9    | Entered Level 9 of a ziggurat
132677 | Zig:9    | Noticed a royal mummy
132677 | Zig:9    | Found the +5 scythe "Finisher" {speed, execute}
132681 | Zig:9    | Killed a royal mummy
132716 | Zig:9    | Identified the +1 robe of an ossuary {Fly}
132756 | Zig:10   | Entered Level 10 of a ziggurat
132761 | Zig:10   | Noticed an ancient lich
132764 | Zig:10   | Noticed an ancient lich
132766 | Zig:10   | Killed an ancient lich
132766 | Zig:10   | Killed an ancient lich
132766 | Zig:10   | Noticed an ancient lich
132768 | Zig:10   | Killed an ancient lich
132822 | Zig:10   | Found the amulet of the Air {Inacc Air Fly rElec RMsl}
132845 | Zig:10   | Acquired the ring of Pisyd {Fly rElec rPois}
132854 | Zig:10   | Identified the +3 orcbow of Fate {speed, rF- rCorr Dex+3
                  | Stlth+}
132891 | Zig:11   | Entered Level 11 of a ziggurat
132980 | Zig:11   | Identified the +0 buckler of the Fisher {Dex+2}
132983 | Zig:11   | Acquired Sif Muna's Papyrus of Felsic Ceraunoscopy
132985 | Zig:11   | Identified the ring "Gocounen" {Will++ EV+5 Dex+2 Stlth+}
133028 | Zig:12   | Entered Level 12 of a ziggurat
133145 | Zig:12   | Identified the +8 arbalest "Raugor" {drain, rElec rPois
                  | Str+2}
133148 | Zig:12   | Identified the +1 morningstar of Peril {pain, Fly Will-
                  | Str+3 Stlth+}
133150 | Zig:12   | Identified the +7 great sword of Arbitration {venom, rPois
                  | Str+3 Int+3}
133152 | Zig:12   | Identified the ring "Dythu" {rC+ EV+5 SInv}
133154 | Zig:12   | Identified the +4 great sword of the Feather {spect, rN+
                  | Will+}
133155 | Zig:12   | Identified the +1 trident "Zirefeic" {pain, Int+2}
133156 | Zig:12   | Identified the +10 quarterstaff of the Inviting Blowfly
                  | {heavy, Str+3 Int+3}
133161 | Zig:13   | Entered Level 13 of a ziggurat
133168 | Zig:13   | Paralysed by a wendigo for 1 turns
133239 | Zig:13   | Identified the staff "Vacvo" {rF+ rC+ rN+ Conj}
133278 | Zig:13   | Identified the orb "Umenleoc" {guile, Int+4}
133283 | Zig:14   | Entered Level 14 of a ziggurat
133369 | Zig:14   | Identified the +1 flail of the Pits of Slime {venom, Str+3
                  | Int+5}
133390 | Zig:14   | Identified the ring of Utaicor {rElec rCorr Dex+5 Slay-4
                  | SInv}
133400 | Zig:14   | Identified the +3 glaive of Dim Light {drain, rF+ rC+++
                  | MP+9 Int-5}
133413 | Zig:15   | Entered Level 15 of a ziggurat
133509 | Zig:15   | Identified the +5 quarterstaff "Ruamea Gixi" {antimagic,
                  | Fly rC+ Dex-2}
133520 | Zig:15   | Identified the +5 battleaxe "Sigab" {freeze, rF+ rC++ rN+
                  | Will-}
133557 | Zig:15   | Learned a level 6 spell: Death Channel
133564 | Zig:16   | Entered Level 16 of a ziggurat
133585 | Zig:16   | Found the +8 demon blade "Leech" {evervamp, Harm Drain rN+}
133681 | Zig:16   | Identified the +6 spear of the Warrior-Mage {flame, Will-
                  | Int+5 Stlth+}
133682 | Zig:16   | Identified the +0 battleaxe of Kappi {heavy, Str+6 Int+3}
133683 | Zig:16   | Identified the +3 broad axe of Ascent {freeze, Str+3 Int+3
                  | Stlth+}
133691 | Zig:16   | Identified the +7 chain mail "Kischient" {rC+}
133703 | Zig:17   | Entered Level 17 of a ziggurat
133714 | Zig:17   | Noticed a royal mummy
133714 | Zig:17   | Noticed a royal mummy
133715 | Zig:17   | Noticed a royal mummy
133715 | Zig:17   | Noticed a royal mummy
133717 | Zig:17   | Killed a royal mummy
133718 | Zig:17   | Killed a royal mummy
133718 | Zig:17   | Noticed a royal mummy
133719 | Zig:17   | Killed a royal mummy
133719 | Zig:17   | Killed a royal mummy
133720 | Zig:17   | Noticed a royal mummy
133721 | Zig:17   | Killed a royal mummy
133722 | Zig:17   | Noticed a royal mummy
133723 | Zig:17   | Killed a royal mummy
133725 | Zig:17   | Noticed a royal mummy
133726 | Zig:17   | Killed a royal mummy
133727 | Zig:17   | Killed a royal mummy
133883 | Zig:17   | Identified the ring of Odiaq {rElec rF+++ Will+ Int+6
                  | Dex-5}
133895 | Zig:17   | Identified the +8 quarterstaff of Mieq {pain, Fragile MP+9
                  | Str+2 Stlth+}
133897 | Zig:17   | Identified the staff of Ignis's Whim {rElec Str+3 SInv
                  | Stlth+ Air}
133988 | Zig:18   | Entered Level 18 of a ziggurat
134103 | Zig:18   | Identified the +4 leather armour of the Lair of Beasts {rF+
                  | Str+3}
134137 | Zig:18   | Identified the +1 morningstar "Hobligil" {elec, rElec rF+
                  | Will-}
134153 | Zig:18   | Identified the ring of Atoh {Ice rPois}
134169 | Zig:19   | Entered Level 19 of a ziggurat
134177 | Zig:19   | Noticed a dread lich
134178 | Zig:19   | Noticed a dread lich
134182 | Zig:19   | Killed a dread lich
134182 | Zig:19   | Killed a dread lich
134331 | Zig:19   | Identified the +1 ring mail of Impressiveness {rC+ Str-2
                  | Dex+3 Stlth+}
134353 | Zig:20   | Entered Level 20 of a ziggurat
134377 | Zig:20   | Found the +11 Singing Sword {sonic wave}
134394 | Zig:20   | Found the ring of the Hare {EV+10}
134479 | Zig:20   | Identified the +10 morningstar of Iresm {freeze, Str+2}
134480 | Zig:20   | Identified the +1 falchion of Expedience {pain, *Slow Fly
                  | Will+ Str+2}
134546 | Zig:21   | Entered Level 21 of a ziggurat
134620 | Zig:21   | Identified the +2 short sword of Ascent {protect, *Corrode
                  | rElec Str+3}
134623 | Zig:21   | Identified the staff "Viad" {rPois Str+3 Int+4 Dex+9 Stlth-
                  | Poison}
134633 | Zig:21   | Identified the +8 short sword of the Warrior {freeze, Dex+3
                  | Stlth+}
134634 | Zig:21   | Identified the amulet "Visil" {Reflect rC- Str+4 Int+6
                  | SH+5}
134650 | Zig:21   | Identified the +9 scimitar of Chaos {venom, rPois Dex+2}
134679 | Zig:21   | Identified the +7 broad axe of Oxoth {freeze, rElec rC+
                  | SInv}
134761 | Zig:22   | Entered Level 22 of a ziggurat
134956 | Zig:22   | Identified the ring "Fost" {rPois Str+6 Dex+2}
134960 | Zig:22   | Identified the amulet of Feomob {Acrobat +Blink rCorr Str+3
                  | Dex-4}
134973 | Zig:22   | Identified the staff of Peace {rElec rCorr Int+5 Dex-3
                  | Earth}
135023 | Zig:23   | Entered Level 23 of a ziggurat
135040 | Zig:23   | Reached skill level 5 in Evocations
135047 | Zig:23   | Noticed Seaxeit the pandemonium lord
135049 | Zig:23   | Killed Seaxeit the pandemonium lord
135198 | Zig:23   | Identified the +8 shortbow "Alip" {heavy, rElec rC+ rN+
                  | Dex-5}
135201 | Zig:23   | Reached skill level 10 in Evocations
135209 | Zig:23   | Identified the +3 hand axe of the Mashing Butterfly {venom,
                  | Str+4 Int-4 SInv}
135210 | Zig:23   | Identified the +8 spear of Immorality {venom, rC++ SInv
                  | Stlth-}
135215 | Zig:23   | Identified the +9 hand axe of Kiseuwn {flame, rPois Str+10
                  | Int-3 SInv}
135235 | Zig:24   | Entered Level 24 of a ziggurat
135252 | Zig:24   | Found the ring of the Mage {Wiz Archmagi}
135392 | Zig:24   | Identified the ring "Idweim" {rCorr Str-4 Int+5 Dex+3}
135415 | Zig:24   | Identified the +6 lajatang "Keuroudgh" {heavy, rElec Str-3
                  | Int+5 Stlth+}
135485 | Zig:25   | Entered Level 25 of a ziggurat
135498 | Zig:25   | Noticed an ancient lich
135501 | Zig:25   | Killed an ancient lich
135504 | Zig:25   | Noticed a dread lich
135505 | Zig:25   | Reached skill level 15 in Evocations
135506 | Zig:25   | Killed a dread lich
135507 | Zig:25   | Noticed a dread lich
135510 | Zig:25   | Killed a dread lich
135513 | Zig:25   | Found the dreamshard necklace {Acrobat *Dream}
135514 | Zig:25   | Reached skill level 5 in Invocations
135581 | Zig:25   | Identified the +1 falchion of Action {drain, Drain Str+5
                  | Int+4}
135582 | Zig:25   | Identified the +0 glaive of Prudence {heavy, Will+ rCorr}
135587 | Zig:25   | Identified the +2 leather armour of Futuristic Freedom
                  | {Regen+}
135610 | Zig:25   | Identified the staff of Sif Muna {rC+ Int+4 Ice}
135611 | Zig:25   | Identified the +7 mace "Okaotsop" {spect, rF++ Dex+3}
135613 | Zig:25   | Identified the +5 scale mail "Lukuplav" {rF+ Str+3}
135747 | Zig:26   | Entered Level 26 of a ziggurat
135757 | Zig:26   | Noticed a royal mummy
135758 | Zig:26   | Noticed a royal mummy
135758 | Zig:26   | Noticed a royal mummy
135759 | Zig:26   | Noticed a royal mummy
135759 | Zig:26   | Noticed a royal mummy
135760 | Zig:26   | Noticed a royal mummy
135761 | Zig:26   | Killed a royal mummy
135761 | Zig:26   | Killed a royal mummy
135762 | Zig:26   | Killed a royal mummy
135762 | Zig:26   | Killed a royal mummy
135762 | Zig:26   | Killed a royal mummy
135763 | Zig:26   | Killed a royal mummy
135764 | Zig:26   | Reached skill level 10 in Invocations
135769 | Zig:26   | Noticed a royal mummy
135772 | Zig:26   | Killed a royal mummy
135774 | Zig:26   | Noticed a royal mummy
135775 | Zig:26   | Noticed a royal mummy
135776 | Zig:26   | Killed a royal mummy
135777 | Zig:26   | Noticed a royal mummy
135779 | Zig:26   | Killed a royal mummy
135779 | Zig:26   | Killed a royal mummy
135780 | Zig:26   | Noticed a royal mummy
135782 | Zig:26   | Killed a royal mummy
135931 | Zig:26   | Found the +15 Maxwell's patent armour {-Cast -Tele rElec
                  | Will+ rCorr}
136002 | Zig:26   | Identified the +1 ring mail of the Modern Mice {rN+ Int+3}
136006 | Zig:26   | Identified the +2 great sword of the Hidden Vale {freeze,
                  | rElec rF+ rN+ Stlth-}
136014 | Zig:26   | Identified the +9 falchion "Murmur" {venom, rF+ rC- Int+2
                  | SInv}
136040 | Zig:26   | Identified the +4 halberd of Checkmate {freeze, rPois}
136049 | Zig:26   | Identified the staff "Sidum" {rC+ Stlth+ Ice}
136134 | Zig:27   | Entered Level 27 of a ziggurat
136149 | Zig:27   | Reached skill level 15 in Invocations
136159 | Zig:27   | Found the +12 glaive of Prune {freeze, Prune}
136302 | Zig:27   | Identified the ring "Ynyicyge" {Drain Will++ Str+6 Dex+2}
144960 | Zig:1    | Entered Level 1 of a ziggurat
145054 | Zig:2    | Entered Level 2 of a ziggurat
145147 | Zig:3    | Entered Level 3 of a ziggurat
145151 | Zig:3    | Noticed a dread lich
145155 | Zig:3    | Killed a dread lich
145260 | Zig:4    | Entered Level 4 of a ziggurat
145371 | Zig:4    | Identified the +1 pair of gloves of the Scorching Gods
                  | {Harm Drain rElec Stlth+}
145375 | Zig:5    | Entered Level 5 of a ziggurat
145408 | Zig:5    | Identified the +8 whip "Heuhel" {spect, rPois rC- rN+
                  | Str+5}
145417 | Zig:6    | Entered Level 6 of a ziggurat
145599 | Zig:6    | Identified the +8 halberd of the Key {venom, rN+}
145614 | Zig:7    | Entered Level 7 of a ziggurat
145825 | Zig:8    | Entered Level 8 of a ziggurat
146029 | Zig:9    | Entered Level 9 of a ziggurat
146043 | Zig:9    | Found the +3 pair of gauntlets of War {Slay+5}
146169 | Zig:9    | Identified the +4 mace "Secret Weapon" {flame, rCorr Str-4
                  | Stlth+}
146172 | Zig:9    | Identified the ring of Asceticism {rPois rN+ Slay+2}
146214 | Zig:10   | Entered Level 10 of a ziggurat
146221 | Zig:10   | Noticed an ancient lich
146223 | Zig:10   | Killed an ancient lich
146375 | Zig:10   | Identified the +1 robe of Deuhesh {rPois rF+ Dex+3}
146398 | Zig:11   | Entered Level 11 of a ziggurat
146406 | Zig:11   | Gained mutation: Armour fits poorly on your strangely
                  | shaped body. [a shining eye]
146551 | Zig:11   | Identified the +1 ring mail of the Skies Above {rN+}
146580 | Zig:12   | Entered Level 12 of a ziggurat
146801 | Zig:12   | Identified the amulet "Fuoh" {Faith rF+ Will+}
146812 | Zig:12   | Identified the ring "Ixuota" {rC+ Str+4 Int-2}
146819 | Zig:12   | Identified the +6 great mace of Yredelemnul, Forging
                  | {drain, +Blink rElec rC- rN+}
146838 | Zig:13   | Entered Level 13 of a ziggurat
146854 | Zig:13   | Noticed Fomecw the pandemonium lord
146857 | Zig:13   | Killed Fomecw the pandemonium lord
147057 | Zig:14   | Entered Level 14 of a ziggurat
147323 | Zig:14   | Identified the +2 pair of gloves "Neus" {rPois rC+ Dex+4}
147366 | Zig:14   | Identified the +6 morningstar "Killer Klown's Foe" {freeze,
                  | rPois Str+3}
147370 | Zig:14   | Identified the +6 hand axe of Exebaesi {flame, rCorr Int+3}
147375 | Zig:14   | Identified the staff "Toaggudaj" {rElec Int+3 Dex+3 Stlth+
                  | Air}
147380 | Zig:15   | Entered Level 15 of a ziggurat
147388 | Zig:15   | Reached skill level 27 in Invocations
147592 | Zig:15   | Identified the ring "Bigut" {Drain rPois EV+5 Dex+4}
147602 | Zig:15   | Identified the +5 orcbow of Purpose {heavy, rC- rN++}
147609 | Zig:15   | Identified the +1 rapier of Ducioph {flame, rElec rPois rC-
                  | Str+4}
147614 | Zig:16   | Entered Level 16 of a ziggurat
147619 | Zig:16   | Noticed Equffamm the pandemonium lord
147620 | Zig:16   | Noticed Qiehal the pandemonium lord
147621 | Zig:16   | Noticed Tiseilev the pandemonium lord
147621 | Zig:16   | Noticed Ymmankec the pandemonium lord
147623 | Zig:16   | Noticed Itootus the pandemonium lord
147625 | Zig:16   | Killed Qiehal the pandemonium lord
147625 | Zig:16   | Killed Tiseilev the pandemonium lord
147625 | Zig:16   | Killed Equffamm the pandemonium lord
147625 | Zig:16   | Noticed Giwiubbi the pandemonium lord
147626 | Zig:16   | Killed Ymmankec the pandemonium lord
147629 | Zig:16   | Noticed Dopemah the pandemonium lord
147631 | Zig:16   | Killed Giwiubbi the pandemonium lord
147631 | Zig:16   | Noticed Zeip the pandemonium lord
147632 | Zig:16   | Killed Itootus the pandemonium lord
147635 | Zig:16   | Killed Dopemah the pandemonium lord
147636 | Zig:16   | Reached skill level 27 in Fighting
147642 | Zig:16   | Killed Zeip the pandemonium lord
147700 | Zig:16   | Found the +3 pair of mountain boots {steadfast, rC+}
147751 | Zig:16   | Identified the +1 leather armour "Plog" {rPois rF++ rCorr
                  | Str-4}
147752 | Zig:16   | Identified the +0 falchion of Summer {pain, rF+ rC+ rN+}
147755 | Zig:16   | Identified the ring of Sunlight {rPois Will+ MP+9 Int+3
                  | Slay+3}
147764 | Zig:16   | Identified the +5 dire flail of Distraction {speed, Str+2}
147797 | Zig:17   | Entered Level 17 of a ziggurat
147814 | Zig:17   | Reached skill level 27 in Spellcasting
147968 | Zig:17   | Identified the ring of Naguk {AC+4 Str+3 Int+5 Dex-3}
148019 | Zig:17   | Acquired 798 gold pieces
148022 | Zig:17   | Acquired 837 gold pieces
148023 | Zig:17   | Acquired 760 gold pieces
148028 | Zig:18   | Entered Level 18 of a ziggurat
148055 | Zig:18   | Reached skill level 15 in Armour
148198 | Zig:18   | Identified the staff "Reseu" {rF- rN+ Int+6 Necro}
148207 | Zig:18   | Identified the +10 eveningstar of Growth {vamp, rElec rF+}
148235 | Zig:19   | Entered Level 19 of a ziggurat
148247 | Zig:19   | Noticed Giagecsi's ghost (legendary GrFi)
148248 | Zig:19   | Noticed NoWhammies's ghost (legendary GrCj)
148248 | Zig:19   | Found the +4 robe of Folly {Brill Will-∞ Int+8}
148248 | Zig:19   | Noticed dontdoit's ghost (legendary DECj)
148249 | Zig:19   | Noticed gorushi's ghost (legendary MiFi)
148251 | Zig:19   | Noticed PurpleRed's ghost (veteran AtFi)
148251 | Zig:19   | Noticed Kinoajidouf's ghost (master HOBe)
148251 | Zig:19   | Noticed BarneyGumball's ghost (legendary DECj)
148256 | Zig:19   | Killed BarneyGumball's ghost
148257 | Zig:19   | Killed Giagecsi's ghost
148257 | Zig:19   | Killed dontdoit's ghost
148258 | Zig:19   | Killed NoWhammies's ghost
148259 | Zig:19   | Killed gorushi's ghost
148264 | Zig:19   | Killed Kinoajidouf's ghost
148264 | Zig:19   | Killed PurpleRed's ghost
148396 | Zig:19   | Identified the +9 glaive "Entoc" {flame, *Rage Int+4}
148403 | Zig:19   | Identified the +7 battleaxe of Haory {heavy, rF++ Dex+4}
148498 | Zig:20   | Entered Level 20 of a ziggurat
148512 | Zig:20   | Noticed a dread lich
148516 | Zig:20   | Killed a dread lich
148524 | Zig:20   | Found the +6 arbalest "Damnation" {damnation}
148684 | Zig:20   | Identified the amulet "Bimpef" {Acrobat rF+ Str+2}
148699 | Zig:20   | Identified the staff "Momp" {rPois rF- Int+4 Poison}
148755 | Zig:21   | Entered Level 21 of a ziggurat
148770 | Zig:21   | Noticed a dread lich
148775 | Zig:21   | Killed a dread lich
148778 | Zig:21   | Found the +7 Spriggan's Knife {stab, EV+4 Stlth+}
148962 | Zig:21   | Identified the +0 scale mail of the Secret Knaves {rPois
                  | rC+ Will++}
149057 | Zig:21   | Lost mutation: You have large cloven feet. [potion of
                  | mutation]
149057 | Zig:21   | Lost mutation: You are strong-willed. (Will+) [potion of
                  | mutation]
149057 | Zig:21   | Lost mutation: Armour fits poorly on your strangely shaped
                  | body. [potion of mutation]
149057 | Zig:21   | Gained mutation: You are occasionally teleported next to
                  | monsters. [potion of mutation]
149058 | Zig:21   | Lost mutation: You are occasionally teleported next to
                  | monsters. [potion of mutation]
149058 | Zig:21   | Gained mutation: You passively map a small area around you.
                  | [potion of mutation]
149058 | Zig:21   | Gained mutation: You possess an exceptional clarity of
                  | mind. [potion of mutation]
149058 | Zig:21   | Gained mutation: You are frail. (-10% HP) [potion of
                  | mutation]
149058 | Zig:21   | Gained mutation: You have a somewhat thin skeletal
                  | structure. (Dex +2, Stealth+) [potion of mutation]
149059 | Zig:21   | Lost mutation: You possess an exceptional clarity of mind.
                  | [potion of mutation]
149059 | Zig:21   | Lost mutation: You have a somewhat thin skeletal structure.
                  | (Dex +2, Stealth+) [potion of mutation]
149059 | Zig:21   | Lost mutation: You are frail. (-10% HP) [potion of
                  | mutation]
149059 | Zig:21   | Gained mutation: Your flesh is heat resistant. (rF+)
                  | [potion of mutation]
149060 | Zig:21   | Lost mutation: You passively map a small area around you.
                  | [potion of mutation]
149060 | Zig:21   | Lost mutation: Your flesh is heat resistant. (rF+) [potion
                  | of mutation]
149060 | Zig:21   | Gained mutation: You occasionally lose the ability to read
                  | scrolls when taking damage. [potion of mutation]
149060 | Zig:21   | Gained mutation: Your skin changes colour to match your
                  | surroundings (Stealth+). [potion of mutation]
149060 | Zig:21   | Gained mutation: You are robust. (+10% HP) [potion of
                  | mutation]
149060 | Zig:21   | Gained mutation: You have very sharp teeth. [potion of
                  | mutation]
149061 | Zig:21   | Lost mutation: You have very sharp teeth. [potion of
                  | mutation]
149061 | Zig:21   | Lost mutation: Your skin changes colour to match your
                  | surroundings (Stealth+). [potion of mutation]
149061 | Zig:21   | Gained mutation: Armour fits poorly on your strangely
                  | shaped body. [potion of mutation]
149061 | Zig:21   | Gained mutation: Your muscles are strong. (Str +4, Int/Dex
                  | -1) [potion of mutation]
149061 | Zig:21   | Gained mutation: Your mind is acute. (Int +4, Str/Dex -1)
                  | [potion of mutation]
149062 | Zig:21   | Lost mutation: You occasionally lose the ability to read
                  | scrolls when taking damage. [potion of mutation]
149062 | Zig:21   | Lost mutation: Armour fits poorly on your strangely shaped
                  | body. [potion of mutation]
149062 | Zig:21   | Lost mutation: Your mind is acute. (Int +4, Str/Dex -1)
                  | [potion of mutation]
149062 | Zig:21   | Gained mutation: You expend magic power (3 MP) to
                  | strengthen your wands. [potion of mutation]
149062 | Zig:21   | Gained mutation: Your mind is acute. (Int +4, Str/Dex -1)
                  | [potion of mutation]
149062 | Zig:21   | Gained mutation: You are agile. (Dex +4, Str/Int -1)
                  | [potion of mutation]
149066 | Zig:22   | Entered Level 22 of a ziggurat
149234 | Zig:22   | Identified the +8 mace of Kuor {antimagic, *Slow rF+++ rN+}
149241 | Zig:22   | Identified the ring of Koiwafov {EV+5 Dex+2}
149247 | Zig:22   | Identified the staff of Gallantry {rF+ Dex+3 Fire}
149258 | Zig:22   | Identified the amulet "Romadoit" {rElec rC+ rN+ Regen+
                  | Str-3}
149277 | Zig:22   | Identified the +1 sling "Killer Klown's Regret" {heavy,
                  | SInv}
149283 | Zig:22   | Identified the ring of the Weak God {Fly Str+3}
149288 | Zig:22   | Identified the +1 chain mail of Veneifai {Will+ Str+3}
149292 | Zig:22   | Identified the +0 robe of Jyzuos {Harm Str+4 Int+3}
149310 | Zig:23   | Entered Level 23 of a ziggurat
149378 | Zig:23   | Identified the +3 arbalest of World's End {freeze, rCorr
                  | MP+9 Str-5 SInv}
149381 | Zig:23   | Identified the staff "Myroteq" {rC+ Int+5 Ice}
149382 | Zig:23   | Identified the +0 leather armour of Liytil Poa {Rampage
                  | Int+3}
149385 | Zig:23   | Identified the +3 plate armour of Siwkaet {rElec Int+4}
149386 | Zig:23   | Identified the +4 great mace "Epinaf" {heavy, rElec Str+2
                  | Int+2 Stlth+}
149389 | Zig:23   | Identified the +2 robe of Disappointment {Regen+ Dex+3}
149390 | Zig:23   | Identified the +10 glaive of Cirymm Oshra {flame, rElec
                  | Dex+4}
149397 | Zig:23   | Identified the ring "Poef" {rC+ Str+6 Int+6}
149547 | Zig:24   | Entered Level 24 of a ziggurat
149560 | Zig:24   | Reached skill level 27 in Armour
149560 | Zig:24   | Reached skill level 10 in Shields
149814 | Zig:24   | Identified the +1 mace "Gukojorch" {vamp, Fragile Will++
                  | rCorr Dex+2}
149851 | Zig:24   | Identified the +6 scale mail of Crawling {rElec rF+ Slay+3}
149864 | Zig:24   | Identified the staff "Elef" {rElec rPois Int+4 Conj Air}
149902 | Zig:25   | Entered Level 25 of a ziggurat
149920 | Zig:25   | Reached skill level 15 in Shields
149929 | Zig:25   | Found the +8 orange crystal plate armour {Archmagi, Int+3
                  | Clar}
150180 | Zig:25   | Identified the +2 flail "Plog" {vamp, Int+2 Dex+3}
150186 | Zig:25   | Identified the ring of Tyofia {rPois rN+ Str-5 Dex+2}
150193 | Zig:25   | Identified the +5 hand axe of Xyep {venom, rCorr}
150197 | Zig:25   | Identified the +1 robe of Love and Death {rF+}
150200 | Zig:25   | Identified the +9 shortbow "Liguodi" {freeze, *Slow Will-
                  | Str+7 Dex+2}
150206 | Zig:25   | Identified the +1 robe of Submission {Rampage rC+ Stlth+
                  | Archmagi}
150207 | Zig:25   | Identified the staff of Due Proportion {Drain rC+ Dex+4
                  | Ice}
150209 | Zig:25   | Identified the +0 robe of Hopscotch {*Corrode rC+ Dex+4}
150294 | Zig:26   | Entered Level 26 of a ziggurat
150519 | Zig:26   | Identified the +9 flail of Trauma {holy, Dex+3}
150554 | Zig:26   | Identified the +1 rapier "Vofif" {flame, rElec rF+ SInv}
150558 | Zig:26   | Identified the ring of Xom's Bemusement {rPois Int+4 SInv}
150566 | Zig:26   | Identified the ring "Tajuiric" {rC+ MP+9 Dex+4}
150569 | Zig:26   | Identified the +4 glaive of the Girdle {venom, Dex+4}
150573 | Zig:26   | Identified the ring of the Ladybird {rPois rF- MP+9 Slay+5}
150574 | Zig:26   | Identified the ring of the Catamount {rF+ Will- MP+9 Str+3
                  | SInv}
150640 | Zig:27   | Entered Level 27 of a ziggurat
150648 | Zig:27   | Paralysed by an air elemental for 1 turns
150657 | Zig:27   | Paralysed by an air elemental for 1 turns
150670 | Zig:27   | Found the +0 mask of the Dragon {Will+ Slay+3 SInv}
150840 | Zig:27   | Found the +8 storm bow {elec, penet}
150906 | Zig:27   | Identified the +6 whip "Ruxtado" {heavy, Int+3}
150907 | Zig:27   | Identified the +7 rapier of Abuse {freeze, rC+}
150908 | Zig:27   | Identified the +2 pair of gloves "Zyha" {rF+ Regen+ Str-2
                  | Int+2}
150929 | Zig:27   | Identified the ring "Poegh" {rElec rF+ Dex+2 Slay+4}
151729 | Zig:1    | Entered Level 1 of a ziggurat
151750 | Zig:2    | Entered Level 2 of a ziggurat
151787 | Zig:2    | Acquired a manual of Staves
151892 | Zig:3    | Entered Level 3 of a ziggurat
152137 | Zig:4    | Entered Level 4 of a ziggurat
152280 | Zig:5    | Entered Level 5 of a ziggurat
152436 | Zig:5    | Identified the ring "Ahed" {Wiz rElec rCorr Int+7}
152481 | Zig:6    | Entered Level 6 of a ziggurat
152488 | Zig:6    | Paralysed by an air elemental for 1 turns
152643 | Zig:7    | Entered Level 7 of a ziggurat
152740 | Zig:7    | Identified the +1 mace of the Ninety-Nine Hells {pain,
                  | rPois rF- Int+5 SInv}
152782 | Zig:8    | Entered Level 8 of a ziggurat
152929 | Zig:9    | Entered Level 9 of a ziggurat
153094 | Zig:10   | Entered Level 10 of a ziggurat
153311 | Zig:10   | Identified the ring of Jirphaod {rN+ Str+3 Int+4}
153330 | Zig:11   | Entered Level 11 of a ziggurat
153334 | Zig:11   | Noticed a juggernaut
153337 | Zig:11   | Killed a juggernaut
153343 | Zig:11   | Found the +5 robe of Night {Dark Will+ SInv}
153538 | Zig:11   | Reached skill level 27 in Shields
153541 | Zig:12   | Entered Level 12 of a ziggurat
153548 | Zig:12   | Noticed Zouph the pandemonium lord
153549 | Zig:12   | Noticed Rehogrob the pandemonium lord
153549 | Zig:12   | Noticed Guegukoc the pandemonium lord
153549 | Zig:12   | Noticed Meozepn the pandemonium lord
153550 | Zig:12   | Noticed Hoiqutre the pandemonium lord
153550 | Zig:12   | Found the +7 great mace "Firestarter" {flame, immolate,
                  | rFlCloud rF++}
153551 | Zig:12   | Noticed Qesux the pandemonium lord
153552 | Zig:12   | Killed Rehogrob the pandemonium lord
153552 | Zig:12   | Killed Meozepn the pandemonium lord
153552 | Zig:12   | Noticed Meocob the pandemonium lord
153553 | Zig:12   | Noticed Ryiqa the pandemonium lord
153555 | Zig:12   | Reached skill level 10 in Shapeshifting
153556 | Zig:12   | Killed Zouph the pandemonium lord
153556 | Zig:12   | Killed Qesux the pandemonium lord
153559 | Zig:12   | Killed Guegukoc the pandemonium lord
153559 | Zig:12   | Killed Meocob the pandemonium lord
153561 | Zig:12   | Killed Ryiqa the pandemonium lord
153563 | Zig:12   | Killed Hoiqutre the pandemonium lord
153651 | Zig:12   | Identified the +1 shadow dragon scales of Nikkiasu {rN+
                  | Str+6 Dex-5 Stlth++++}
153661 | Zig:12   | Identified the +5 sling of Laegaj {drain, rC++ Str+4 Dex-2}
153695 | Zig:13   | Entered Level 13 of a ziggurat
153803 | Zig:13   | Identified the ring "Urruat" {rN+ Int+6}
153806 | Zig:13   | Identified the staff of Fate {Fragile rPois rF+ Int-3 Dex+7
                  | Fire}
153843 | Zig:13   | Identified the +4 great sword "Jadiumor" {flame, rPois rN+
                  | MP-9 Str+2}
153895 | Zig:14   | Entered Level 14 of a ziggurat
153903 | Zig:14   | Noticed a royal mummy
153904 | Zig:14   | Reached skill level 15 in Shapeshifting
153904 | Zig:14   | Noticed a royal mummy
153904 | Zig:14   | Noticed a royal mummy
153907 | Zig:14   | Killed a royal mummy
153907 | Zig:14   | Noticed a royal mummy
153908 | Zig:14   | Killed a royal mummy
153908 | Zig:14   | Killed a royal mummy
153908 | Zig:14   | Noticed a royal mummy
153908 | Zig:14   | Noticed a royal mummy
153911 | Zig:14   | Noticed a royal mummy
153917 | Zig:14   | Killed a royal mummy
153917 | Zig:14   | Killed a royal mummy
153917 | Zig:14   | Killed a royal mummy
153919 | Zig:14   | Killed a royal mummy
154086 | Zig:14   | Identified the staff of the Hurling Visionary {rElec Will+
                  | Air}
154094 | Zig:14   | Identified the staff "Dragon's Tongue" {Fragile rF+ rC+
                  | rCorr Ice}
154140 | Zig:14   | Identified the +0 robe of the Original Sin {rElec rPois rF+
                  | rCorr Int+2}
154143 | Zig:14   | Identified the +4 leather armour of the Lute {Str+9 Int-5
                  | Dex+3}
154173 | Zig:15   | Entered Level 15 of a ziggurat
154178 | Zig:15   | Noticed a juggernaut
154178 | Zig:15   | Noticed a juggernaut
154183 | Zig:15   | Killed a juggernaut
154183 | Zig:15   | Killed a juggernaut
154267 | Zig:15   | Identified the +0 plate armour "Tedd" {rPois rC+}
154425 | Zig:15   | Acquired a manual of Shapeshifting
154427 | Zig:15   | Acquired 866 gold pieces
154429 | Zig:15   | Acquired 1096 gold pieces
154432 | Zig:16   | Entered Level 16 of a ziggurat
154447 | Zig:16   | Paralysed by you for 2 turns
154677 | Zig:16   | Identified the staff of the Crypt {rPois Int+4 Poison}
154679 | Zig:16   | Identified the +2 short sword of Uruathron {flame, rN+
                  | Str+2 Dex-4}
154693 | Zig:16   | Identified the ring "Efeb" {rElec EV+5 Str-2 Int+7}
154695 | Zig:16   | Identified the +0 battleaxe "Vileom" {flame, rC++}
154698 | Zig:16   | Identified the +1 chain mail of Daore {+Blink rCorr Int+3}
154741 | Zig:17   | Entered Level 17 of a ziggurat
154761 | Zig:17   | Found the +3 Elemental Staff {ele, rElec rF+ rC+ AC+3}
154948 | Zig:17   | Identified the +6 chain mail of the Wereyak {*Corrode rN++}
154972 | Zig:17   | Identified the ring "Ycioqun" {rF+ rN+}
155046 | Zig:18   | Entered Level 18 of a ziggurat
155121 | Zig:18   | Identified the +4 ring mail of Whack-A-Mole {rPois Int+7
                  | Dex-5}
155324 | Zig:18   | Identified the ring "Raicvul" {EV+5 Int+7}
155335 | Zig:18   | Identified the +2 robe "Peghost" {Str-3 Dex+2 SInv
                  | Archmagi}
155380 | Zig:19   | Entered Level 19 of a ziggurat
155522 | Zig:19   | Identified the ring of Viut {rC++ rN+++ AC+4 Int-4 Stlth-}
155532 | Zig:19   | Identified the ring "Geobrush" {rF+ Stlth+}
155551 | Zig:19   | Identified the +1 sling of the Hidden Vale {elec, rPois
                  | rC++ Will+ rCorr}
155565 | Zig:19   | Identified the amulet "Ruif" {RegenMP Will+}
155678 | Zig:20   | Entered Level 20 of a ziggurat
155689 | Zig:20   | Noticed Atufasha's ghost (legendary DDBr)
155689 | Zig:20   | Noticed Pyfud Mepa's ghost (legendary AtFi)
155691 | Zig:20   | Noticed Yxuenos's ghost (legendary DsFi)
155692 | Zig:20   | Noticed Obydaxko's ghost (legendary DECj)
155693 | Zig:20   | Noticed Obydaxko's ghost (legendary DECj)
155693 | Zig:20   | Noticed Hytegor's ghost (legendary GnEE)
155694 | Zig:20   | Noticed Zacaty's ghost (legendary MiFi)
155694 | Zig:20   | Noticed Atufasha's ghost (legendary DDBr)
155694 | Zig:20   | Noticed Zupseoh's ghost (legendary DDFi)
155694 | Zig:20   | Noticed Fiusean's ghost (veteran MiBe)
155694 | Zig:20   | Noticed Wiesk's ghost (legendary DDFi)
155695 | Zig:20   | Noticed Atufasha's ghost (legendary DDBr)
155695 | Zig:20   | Noticed Ciucila's ghost (veteran DEHW)
155695 | Zig:20   | Noticed Obydaxko's ghost (legendary DECj)
155695 | Zig:20   | Noticed Zacaty's ghost (legendary MiFi)
155696 | Zig:20   | Killed Pyfud Mepa's ghost
155697 | Zig:20   | Killed Yxuenos's ghost
155697 | Zig:20   | Killed Obydaxko's ghost
155697 | Zig:20   | Killed Obydaxko's ghost
155697 | Zig:20   | Noticed Wiesk's ghost (legendary DDFi)
155698 | Zig:20   | Killed Atufasha's ghost
155698 | Zig:20   | Killed Ciucila's ghost
155699 | Zig:20   | Killed Atufasha's ghost
155699 | Zig:20   | Killed Fiusean's ghost
155699 | Zig:20   | Killed Hytegor's ghost
155700 | Zig:20   | Killed Zupseoh's ghost
155700 | Zig:20   | Killed Zacaty's ghost
155700 | Zig:20   | Killed Zacaty's ghost
155700 | Zig:20   | Killed Wiesk's ghost
155700 | Zig:20   | Killed Obydaxko's ghost
155700 | Zig:20   | Noticed Obydaxko's ghost (legendary DECj)
155705 | Zig:20   | Killed Wiesk's ghost
155705 | Zig:20   | Killed Atufasha's ghost
155706 | Zig:20   | Noticed Giagecsi's ghost (legendary GrFi)
155708 | Zig:20   | Killed Obydaxko's ghost
155720 | Zig:20   | Killed Giagecsi's ghost
155846 | Zig:20   | Found the brooch of Shielding {Spirit SH+8}
155884 | Zig:20   | Found the +7 lajatang of Order {silver, rMut}
156006 | Zig:21   | Entered Level 21 of a ziggurat
156022 | Zig:21   | Reached skill level 27 in Shapeshifting
156026 | Zig:21   | Found the +4 consecrated labrys {holy, Valiant Fragile Fly
                  | SInv}
156033 | Zig:21   | Reached skill level 15 in Dodging
156162 | Zig:21   | Identified the +1 pair of boots "Turegab" {rN+}
156297 | Zig:21   | Identified the +11 longbow of a Billion Leylines {speed,
                  | Will+ Int-4 Dex+4 Stlth+}
156342 | Zig:22   | Entered Level 22 of a ziggurat
156352 | Zig:22   | Paralysed by an air elemental for 1 turns
156573 | Zig:22   | Identified the +9 lajatang "Cekhlo" {antimagic, Will++
                  | Dex-2}
156631 | Zig:22   | Identified the +4 morningstar of Beogh, Jumping {flame,
                  | rF+}
156640 | Zig:22   | Identified the ring of the Distant Future {Ice Drain rElec
                  | Will++ rCorr}
156726 | Zig:23   | Entered Level 23 of a ziggurat
156747 | Zig:23   | Found the +7 hand cannon "Mule" {flame, backblast, rF+}
156748 | Zig:23   | Paralysed by an air elemental for 1 turns
156868 | Zig:23   | Identified the ring "Uviuschaf" {rF+ Will+ SInv}
156869 | Zig:23   | Identified the ring "Orphau" {rC++ Will+ rCorr Int-4 Dex+6}
156877 | Zig:23   | Identified the +4 orcbow of the Fae God {elec, rPois SInv}
156880 | Zig:23   | Identified the +0 leather armour of the Oily God {rPois rF+
                  | Int+2 Stlth+}
156896 | Zig:23   | Identified the +6 spear of Wu Jian, Transmuting {drain,
                  | rElec Will+ rCorr Int+2}
156897 | Zig:23   | Identified the ring "Gonir" {Wiz Str+5 Dex-3 Slay+2}
156906 | Zig:23   | Identified the +1 helmet of Magic {-Tele Str+8 Int-2
                  | Stlth+}
156967 | Zig:23   | Identified the ring of Giluli Woxzi {rC+++ rCorr Str+3
                  | Int+2 Dex-2}
157056 | Zig:24   | Entered Level 24 of a ziggurat
157348 | Zig:24   | Identified the +6 long sword "Keffev" {speed, Str+2}
157410 | Zig:25   | Entered Level 25 of a ziggurat
157417 | Zig:25   | Noticed Jatin the pandemonium lord
157418 | Zig:25   | Noticed Qigitidd the pandemonium lord
157419 | Zig:25   | Noticed Kisim the pandemonium lord
157419 | Zig:25   | Noticed Igaunkuy the pandemonium lord
157419 | Zig:25   | Noticed Weroffec the pandemonium lord
157420 | Zig:25   | Noticed Vaem the pandemonium lord
157420 | Zig:25   | Noticed Plog the pandemonium lord
157420 | Zig:25   | Noticed Evvit the pandemonium lord
157420 | Zig:25   | Noticed Vaits the pandemonium lord
157421 | Zig:25   | Killed Jatin the pandemonium lord
157422 | Zig:25   | Noticed Linkes the pandemonium lord
157422 | Zig:25   | Killed Qigitidd the pandemonium lord
157434 | Zig:25   | Killed Kisim the pandemonium lord
157435 | Zig:25   | Killed Vaits the pandemonium lord
157435 | Zig:25   | Killed Vaem the pandemonium lord
157435 | Zig:25   | Killed Linkes the pandemonium lord
157436 | Zig:25   | Killed Weroffec the pandemonium lord
157436 | Zig:25   | Noticed Igent the pandemonium lord
157437 | Zig:25   | Killed Evvit the pandemonium lord
157438 | Zig:25   | Killed Igaunkuy the pandemonium lord
157438 | Zig:25   | Noticed Neogab the pandemonium lord
157441 | Zig:25   | Killed Plog the pandemonium lord
157441 | Zig:25   | Noticed Fivuasmi the pandemonium lord
157442 | Zig:25   | Killed Igent the pandemonium lord
157442 | Zig:25   | Killed Neogab the pandemonium lord
157442 | Zig:25   | Noticed Niobullouff the pandemonium lord
157443 | Zig:25   | Reached skill level 27 in Dodging
157443 | Zig:25   | Noticed Lupleb the pandemonium lord
157443 | Zig:25   | Noticed Adisir the pandemonium lord
157443 | Zig:25   | Noticed Etesaosaw the pandemonium lord
157443 | Zig:25   | Noticed Inolo the pandemonium lord
157445 | Zig:25   | Killed Inolo the pandemonium lord
157445 | Zig:25   | Noticed Quqagam the pandemonium lord
157445 | Zig:25   | Noticed Osatie the pandemonium lord
157445 | Zig:25   | Noticed Kochycw the pandemonium lord
157446 | Zig:25   | Killed Fivuasmi the pandemonium lord
157447 | Zig:25   | Killed Etesaosaw the pandemonium lord
157447 | Zig:25   | Killed Lupleb the pandemonium lord
157447 | Zig:25   | Killed Niobullouff the pandemonium lord
157447 | Zig:25   | Killed Adisir the pandemonium lord
157448 | Zig:25   | Noticed Abasymud the pandemonium lord
157448 | Zig:25   | Noticed Xaxaroh the pandemonium lord
157448 | Zig:25   | Noticed Doh Larph the pandemonium lord
157449 | Zig:25   | Noticed Poiryim the pandemonium lord
157450 | Zig:25   | Killed Osatie the pandemonium lord
157450 | Zig:25   | Killed Quqagam the pandemonium lord
157450 | Zig:25   | Noticed Ymifeod the pandemonium lord
157451 | Zig:25   | Noticed Qymuv the pandemonium lord
157451 | Zig:25   | Killed Doh Larph the pandemonium lord
157452 | Zig:25   | Killed Xaxaroh the pandemonium lord
157452 | Zig:25   | Killed Kochycw the pandemonium lord
157455 | Zig:25   | Killed Poiryim the pandemonium lord
157456 | Zig:25   | Killed Abasymud the pandemonium lord
157457 | Zig:25   | Killed Qymuv the pandemonium lord
157457 | Zig:25   | Noticed Yneekh the pandemonium lord
157458 | Zig:25   | Noticed Ytiwneetsy the pandemonium lord
157458 | Zig:25   | Noticed Cegiam the pandemonium lord
157459 | Zig:25   | Killed Ymifeod the pandemonium lord
157460 | Zig:25   | Noticed Imnushas the pandemonium lord
157465 | Zig:25   | Killed Yneekh the pandemonium lord
157465 | Zig:25   | Killed Cegiam the pandemonium lord
157465 | Zig:25   | Noticed Xuycas the pandemonium lord
157467 | Zig:25   | Killed Imnushas the pandemonium lord
157467 | Zig:25   | Noticed Wosoo the pandemonium lord
157468 | Zig:25   | Killed Ytiwneetsy the pandemonium lord
157469 | Zig:25   | Killed Xuycas the pandemonium lord
157470 | Zig:25   | Killed Wosoo the pandemonium lord
157570 | Zig:25   | Identified the +6 hand axe of the Wheel {elec, Will+ Str+2}
157575 | Zig:25   | Identified the +1 leather armour "Kiabyrgh" {rPois Str+3
                  | Dex+4}
157581 | Zig:25   | Identified the ring of the Komtur {Fly rPois rC- SInv}
157586 | Zig:25   | Identified the ring of Vairchiff {Wiz Str+3 Dex+4}
157732 | Zig:26   | Entered Level 26 of a ziggurat
157987 | Zig:26   | Identified the +0 battleaxe "Hosed" {flame, Drain rElec
                  | Str+7 Dex+2}
157991 | Zig:26   | Identified the ring "Cil Tyrgh" {rN+ Int+2}
157992 | Zig:26   | Identified the +8 morningstar "Enget" {heavy, rElec rF-
                  | Str+4}
158086 | Zig:26   | Identified the +4 hand axe of Patterns {venom, rElec SInv}
158099 | Zig:27   | Entered Level 27 of a ziggurat
158111 | Zig:27   | Reached skill level 27 in Evocations
158129 | Zig:27   | Found the +10 zealot's sword {holy, Zealotry, *Rage rN+
                  | EV+3}
158275 | Zig:27   | Identified the +0 leather armour of the Shoals {+Blink
                  | rElec Will- rCorr}
158276 | Zig:27   | Identified the staff "Oleqot" {rElec rC++ rN+ Str-4 Dex-4
                  | Necro}
158279 | Zig:27   | Identified the +1 long sword "Newtbane" {drain, rCorr Int-2
                  | Dex+4}
158285 | Zig:27   | Identified the amulet of Iggen {Faith Dex+6}
158298 | Zig:27   | Identified the +5 flail of Untruth {spect, rF+ Dex+2 SInv}
158317 | Zig:27   | Identified the +4 mace of Ixaprer {flame, rC+}
158320 | Zig:27   | Identified the ring "Liphusch" {Ice *Slow rCorr Str+4
                  | Int+3}
158321 | Zig:27   | Identified the ring of Rerymow {rF+ rC- rN+ AC+4 Dex+2}
158365 | Zig:27   | Identified the +6 rapier of Mutilation {elec, Drain Will-
                  | rCorr Str+7}
158881 | Zig:1    | Entered Level 1 of a ziggurat
158959 | Zig:2    | Entered Level 2 of a ziggurat
159099 | Zig:3    | Entered Level 3 of a ziggurat
159099 | Zig:3    | Noticed Ugruss the pandemonium lord
159099 | Zig:3    | Noticed Guishiy the pandemonium lord
159103 | Zig:3    | Killed Guishiy the pandemonium lord
159103 | Zig:3    | Killed Ugruss the pandemonium lord
159104 | Zig:3    | Reached skill level 27 in Conjurations
159200 | Zig:3    | Identified the staff "Atity" {rF+ Will- Str+3 Int+3 Fire}
159220 | Zig:4    | Entered Level 4 of a ziggurat
159321 | Zig:4    | Identified the +8 battleaxe of the Pill Bug {spect, rF++
                  | rC+ Dex-4}
159353 | Zig:5    | Entered Level 5 of a ziggurat
159389 | Zig:5    | Identified the +2 plate armour "Nakiulit" {rF+ Dex+2}
159423 | Zig:6    | Entered Level 6 of a ziggurat
159535 | Zig:6    | Identified the ring of Dithmenos's Delight {rPois Will+
                  | MP+9 Str+6 Int-2 Dex+2}
159544 | Zig:7    | Entered Level 7 of a ziggurat
159694 | Zig:7    | Identified the +6 dagger of Circular Logic {flame, Fly
                  | Int+2}
159763 | Zig:8    | Entered Level 8 of a ziggurat
159768 | Zig:8    | Noticed a juggernaut
159768 | Zig:8    | Noticed a juggernaut
159769 | Zig:8    | Noticed a juggernaut
159769 | Zig:8    | Noticed a juggernaut
159770 | Zig:8    | Noticed a juggernaut
159772 | Zig:8    | Killed a juggernaut
159772 | Zig:8    | Killed a juggernaut
159772 | Zig:8    | Killed a juggernaut
159773 | Zig:8    | Killed a juggernaut
159773 | Zig:8    | Killed a juggernaut
159933 | Zig:9    | Entered Level 9 of a ziggurat
159947 | Zig:9    | Found the sphere of Battle
160095 | Zig:9    | Identified the amulet "Petrudwy" {rF+ Regen+ Dex+6}
160164 | Zig:9    | Identified the +2 hand axe of Ygyuleru {spect, rC+ Int+2}
160194 | Zig:10   | Entered Level 10 of a ziggurat
160200 | Zig:10   | Noticed an ancient lich
160201 | Zig:10   | Noticed an ancient lich
160202 | Zig:10   | Noticed a dread lich
160202 | Zig:10   | Noticed an ancient lich
160205 | Zig:10   | Killed an ancient lich
160205 | Zig:10   | Killed an ancient lich
160206 | Zig:10   | Killed an ancient lich
160206 | Zig:10   | Killed a dread lich
160362 | Zig:10   | Identified the +5 whip "Qeax" {flame, *Noise rPois Will+
                  | Dex+3}
160399 | Zig:11   | Entered Level 11 of a ziggurat
160412 | Zig:11   | Found the macabre finger necklace {Finger+ rN+}
160555 | Zig:11   | Identified the ring "Vetamuma" {Fly rF+ Str+5 Int-4 Stlth+}
160572 | Zig:11   | Identified the ring "Jebeef" {Fire rElec Int+2}
160647 | Zig:12   | Entered Level 12 of a ziggurat
160656 | Zig:12   | Noticed Anomar the pandemonium lord
160656 | Zig:12   | Noticed Wajob the pandemonium lord
160657 | Zig:12   | Noticed Irasausch the pandemonium lord
160657 | Zig:12   | Noticed Rinosic the pandemonium lord
160659 | Zig:12   | Noticed Domevaj the pandemonium lord
160659 | Zig:12   | Noticed Luevuts the pandemonium lord
160659 | Zig:12   | Noticed Kickurph the pandemonium lord
160660 | Zig:12   | Reached skill level 27 in Air Magic
160660 | Zig:12   | Killed Irasausch the pandemonium lord
160660 | Zig:12   | Killed Wajob the pandemonium lord
160661 | Zig:12   | Killed Anomar the pandemonium lord
160661 | Zig:12   | Noticed Teogh the pandemonium lord
160662 | Zig:12   | Noticed Weatoumpusch the pandemonium lord
160662 | Zig:12   | Killed Kickurph the pandemonium lord
160662 | Zig:12   | Killed Rinosic the pandemonium lord
160663 | Zig:12   | Killed Weatoumpusch the pandemonium lord
160663 | Zig:12   | Noticed Cerayzem the pandemonium lord
160664 | Zig:12   | Noticed Dyteot the pandemonium lord
160665 | Zig:12   | Killed Domevaj the pandemonium lord
160669 | Zig:12   | Killed Luevuts the pandemonium lord
160671 | Zig:12   | Killed Teogh the pandemonium lord
160676 | Zig:12   | Killed Cerayzem the pandemonium lord
160689 | Zig:12   | Killed Dyteot the pandemonium lord
160883 | Zig:12   | Identified the +1 scale mail of Sosext {rF+}
160908 | Zig:12   | Identified the +5 hand axe of Chance {flame, Int+4 Dex+3}
160955 | Zig:13   | Entered Level 13 of a ziggurat
160962 | Zig:13   | Noticed Dim Jos the pandemonium lord
160963 | Zig:13   | Noticed Zison the pandemonium lord
160963 | Zig:13   | Noticed Puez Puguf the pandemonium lord
160963 | Zig:13   | Noticed Janethuk the pandemonium lord
160966 | Zig:13   | Noticed Namo the pandemonium lord
160968 | Zig:13   | Killed Zison the pandemonium lord
160968 | Zig:13   | Killed Dim Jos the pandemonium lord
160969 | Zig:13   | Killed Janethuk the pandemonium lord
160970 | Zig:13   | Noticed Xumupuskuh the pandemonium lord
160971 | Zig:13   | Killed Puez Puguf the pandemonium lord
160971 | Zig:13   | Noticed Patitu the pandemonium lord
160973 | Zig:13   | Killed Namo the pandemonium lord
160973 | Zig:13   | Killed Patitu the pandemonium lord
160973 | Zig:13   | Noticed Ogeish the pandemonium lord
160974 | Zig:13   | Killed Xumupuskuh the pandemonium lord
160984 | Zig:13   | Killed Ogeish the pandemonium lord
161170 | Zig:13   | Identified the +7 sling of the Impish God {heavy, rF++
                  | Str+4 Int-3}
161256 | Zig:14   | Entered Level 14 of a ziggurat
161546 | Zig:14   | Identified the +0 ring mail "Zipluz" {Dex+2}
161566 | Zig:14   | Identified the ring "Ovuivvoe" {Drain Will+ rCorr Dex+4}
161659 | Zig:15   | Entered Level 15 of a ziggurat
161674 | Zig:15   | Noticed High the pandemonium lord
161674 | Zig:15   | Noticed Lufod the pandemonium lord
161674 | Zig:15   | Noticed Biuthucso the pandemonium lord
161675 | Zig:15   | Noticed Nimeetz the pandemonium lord
161676 | Zig:15   | Noticed Fitellek the pandemonium lord
161676 | Zig:15   | Noticed Inoss the pandemonium lord
161676 | Zig:15   | Noticed Biurrecoiz the pandemonium lord
161677 | Zig:15   | Killed Biurrecoiz the pandemonium lord
161677 | Zig:15   | Killed Lufod the pandemonium lord
161677 | Zig:15   | Noticed Tekk the pandemonium lord
161678 | Zig:15   | Killed Biuthucso the pandemonium lord
161678 | Zig:15   | Killed Fitellek the pandemonium lord
161678 | Zig:15   | Killed Inoss the pandemonium lord
161678 | Zig:15   | Killed Nimeetz the pandemonium lord
161679 | Zig:15   | Killed High the pandemonium lord
161679 | Zig:15   | Noticed Vumm the pandemonium lord
161680 | Zig:15   | Noticed Wogg the pandemonium lord
161680 | Zig:15   | Noticed Rogaon Odeep the pandemonium lord
161681 | Zig:15   | Killed Tekk the pandemonium lord
161682 | Zig:15   | Noticed Koimakaf the pandemonium lord
161682 | Zig:15   | Noticed Tizyngi the pandemonium lord
161684 | Zig:15   | Killed Vumm the pandemonium lord
161685 | Zig:15   | Killed Wogg the pandemonium lord
161685 | Zig:15   | Killed Tizyngi the pandemonium lord
161685 | Zig:15   | Killed Koimakaf the pandemonium lord
161685 | Zig:15   | Noticed Zosik the pandemonium lord
161686 | Zig:15   | Noticed Zotoihak the pandemonium lord
161687 | Zig:15   | Noticed Voziahia the pandemonium lord
161693 | Zig:15   | Killed Rogaon Odeep the pandemonium lord
161694 | Zig:15   | Reached skill level 27 in Earth Magic
161695 | Zig:15   | Killed Zotoihak the pandemonium lord
161695 | Zig:15   | Killed Zosik the pandemonium lord
161697 | Zig:15   | Killed Voziahia the pandemonium lord
161852 | Zig:15   | Found the +9 staff of Olgreb {rPois∞}
161883 | Zig:15   | Identified the +1 hand axe "Cabuta" {drain, Str+3}
161892 | Zig:15   | Identified the +7 orcbow of Ankiw {freeze, rElec rC+++
                  | Int+4 Dex-3}
161929 | Zig:15   | Identified the +0 plate armour of Vibut {Will+}
161997 | Zig:16   | Entered Level 16 of a ziggurat
162020 | Zig:16   | Found the +5 demon whip "Spellbinder" {antimagic, disrupt,
                  | Will+}
162320 | Zig:16   | Identified the +9 long sword "Bet Lura" {venom, rCorr}
162390 | Zig:17   | Entered Level 17 of a ziggurat
162572 | Zig:17   | Identified the +0 ring mail of Haluvad {rN+ Dex+7}
162578 | Zig:17   | Identified the ring of Niatif {*Corrode Will++ MP+9}
162580 | Zig:17   | Identified the amulet of the Scavenger {Acrobat Dex+3}
162594 | Zig:17   | Identified the +4 dagger "Siemau Dowk" {antimagic, Fragile
                  | rElec rPois Str+2}
162772 | Zig:18   | Entered Level 18 of a ziggurat
162930 | Zig:18   | Found the ring of Shadows {Umbra +Inv Stlth+}
162932 | Zig:18   | Found the +2 hood of the Assassin {Detect Stab+ Stlth++}
163089 | Zig:18   | Identified the +6 dagger "Beastbane" {pain, Fragile rPois
                  | Str-5 SInv}
163090 | Zig:18   | Identified the +8 falchion of Sor Xic {spect, +Blink rElec
                  | rPois rF-}
163092 | Zig:18   | Identified the +1 leather armour "Atatof" {rElec rF- Int+2
                  | Dex+2}
163109 | Zig:18   | Identified the +1 shortbow of Fageun {antimagic, Str+2}
163112 | Zig:18   | Identified the +7 halberd of the Peculiar Lies {spect,
                  | Int+2}
163128 | Zig:18   | Identified the +2 chain mail "Boogiqet" {Str+5}
163305 | Zig:19   | Entered Level 19 of a ziggurat
163328 | Zig:19   | Reached skill level 27 in Fire Magic
163328 | Zig:19   | Reached skill level 15 in Polearms
163418 | Zig:19   | Identified the +2 pair of gloves "Cerugren" {rF+}
163426 | Zig:19   | Identified the ring "Colli" {*Slow rC+ Int+3 Dex+6}
163428 | Zig:19   | Identified the +0 morningstar of Embarrassment {freeze, rC+
                  | Int+3 Dex+6}
163453 | Zig:19   | Identified the +2 spear "Qohaafef" {flame, *Slow Will+
                  | Str+3}
163580 | Zig:20   | Entered Level 20 of a ziggurat
163601 | Zig:20   | Noticed an orb of fire
163601 | Zig:20   | Noticed an orb of fire
163601 | Zig:20   | Noticed an orb of fire
163602 | Zig:20   | Noticed an orb of fire
163603 | Zig:20   | Noticed an orb of fire
163603 | Zig:20   | Noticed an orb of fire
163603 | Zig:20   | Noticed an orb of fire
163604 | Zig:20   | Noticed an orb of fire
163605 | Zig:20   | Noticed an orb of fire
163607 | Zig:20   | Killed an orb of fire
163607 | Zig:20   | Killed an orb of fire
163607 | Zig:20   | Killed an orb of fire
163607 | Zig:20   | Killed an orb of fire
163607 | Zig:20   | Killed an orb of fire
163607 | Zig:20   | Killed an orb of fire
163608 | Zig:20   | Noticed an orb of fire
163609 | Zig:20   | Noticed an orb of fire
163609 | Zig:20   | Noticed an orb of fire
163609 | Zig:20   | Noticed an orb of fire
163609 | Zig:20   | Noticed an orb of fire
163609 | Zig:20   | Found the +9 sword of Power {lifebolt}
163610 | Zig:20   | Noticed an orb of fire
163610 | Zig:20   | Killed an orb of fire
163613 | Zig:20   | Found the +8 Wrath of Trog {antimagic, *Rage Rampage}
163613 | Zig:20   | Killed an orb of fire
163616 | Zig:20   | Killed an orb of fire
163616 | Zig:20   | Killed an orb of fire
163617 | Zig:20   | Killed an orb of fire
163617 | Zig:20   | Killed an orb of fire
163618 | Zig:20   | Killed an orb of fire
163618 | Zig:20   | Killed an orb of fire
163618 | Zig:20   | Killed an orb of fire
163799 | Zig:20   | Identified the ring of Teutwuon {rC++ Will+ Dex+6}
163805 | Zig:20   | Identified the staff "Saronaik" {rF+ Str+2 Fire}
163809 | Zig:20   | Identified the +7 eveningstar of the Shining Light {freeze,
                  | Drain rPois rF++ SInv}
163815 | Zig:20   | Identified the ring "Goguz" {Int+3 Slay+4}
163859 | Zig:20   | Identified the ring "Ithuany" {rElec rF- MP+9 Slay+2 SInv}
163861 | Zig:20   | Identified the +6 chain mail "Ivooq" {rN++ MP+9}
163881 | Zig:20   | Identified the +3 short sword "Enueriote" {heavy, Dex+5}
163989 | Zig:21   | Entered Level 21 of a ziggurat
164361 | Zig:21   | Identified the +9 scimitar of Watchfulness {venom, rF+
                  | rCorr Dex+3}
164362 | Zig:21   | Identified the ring "Gyfam" {Will+ MP+9 Stlth+}
164363 | Zig:21   | Identified the staff "Honolamy" {Str+6 Conj}
164375 | Zig:21   | Identified the +1 short sword of Xoskoc {distort, rC+ Str+2
                  | Int+2}
164386 | Zig:21   | Identified the ring of Limitation {rCorr MP+9 Str+2}
164526 | Zig:22   | Entered Level 22 of a ziggurat
164544 | Zig:22   | Noticed Haqie the pandemonium lord
164550 | Zig:22   | Killed Haqie the pandemonium lord
164804 | Zig:22   | Identified the +7 hand axe of Laximn {heavy, Drain Str+2
                  | Int+5}
164810 | Zig:22   | Identified the +4 arbalest of the Doomed Warrior {drain,
                  | rF+ Will+ Str+3 Dex-2}
164814 | Zig:22   | Identified the ring "Xuatoung" {rPois rCorr AC+4 Slay-3
                  | Stlth+}
164979 | Zig:23   | Entered Level 23 of a ziggurat
164991 | Zig:23   | Paralysed by an air elemental for 1 turns
165002 | Zig:23   | Reached skill level 27 in Polearms
165011 | Zig:23   | Found the +8 longbow "Zephyr" {speed, Dex+3 SInv}
165237 | Zig:23   | Identified the +3 trident of Delightful Honour {elec,
                  | rElec}
165276 | Zig:23   | Identified the amulet "Notatu Aceu" {rC+ Regen+ Str+3}
165480 | Zig:24   | Entered Level 24 of a ziggurat
165499 | Zig:24   | Noticed Detoniap the pandemonium lord
165503 | Zig:24   | Reached skill level 27 in Necromancy
165504 | Zig:24   | Killed Detoniap the pandemonium lord
165700 | Zig:24   | Found the amulet of the Four Winds {rN+ Will+++ Clar}
165870 | Zig:24   | Identified the +10 mace of Disembowelment {drain, rElec
                  | MP+9 Str+4}
166062 | Zig:25   | Entered Level 25 of a ziggurat
166088 | Zig:25   | Reached skill level 27 in Ice Magic
166102 | Zig:25   | Reached skill level 15 in Transmutations
166219 | Zig:25   | Identified the +4 halberd "Ogreslayer" {holy, Int+4}
166230 | Zig:25   | Identified the +6 halberd of a ziggurat {flame, rPois}
166320 | Zig:25   | Identified the +4 trident of Kismet {vamp, rC+ Will+}
166604 | Zig:25   | Identified the ring of Teemuth {Wiz Dex+5}
166710 | Zig:26   | Entered Level 26 of a ziggurat
166729 | Zig:26   | Noticed Judwobox the pandemonium lord
166731 | Zig:26   | Noticed Gihon the pandemonium lord
166731 | Zig:26   | Noticed Perph the pandemonium lord
166731 | Zig:26   | Noticed Nevaexut the pandemonium lord
166731 | Zig:26   | Noticed Cipemass the pandemonium lord
166732 | Zig:26   | Noticed Qariv the pandemonium lord
166732 | Zig:26   | Noticed Onlokhlud the pandemonium lord
166734 | Zig:26   | Killed Judwobox the pandemonium lord
166734 | Zig:26   | Noticed Nikeroerr the pandemonium lord
166734 | Zig:26   | Noticed Poacuul the pandemonium lord
166735 | Zig:26   | Killed Gihon the pandemonium lord
166735 | Zig:26   | Killed Cipemass the pandemonium lord
166735 | Zig:26   | Noticed Jodyet the pandemonium lord
166735 | Zig:26   | Noticed Mykegeh the pandemonium lord
166735 | Zig:26   | Noticed Goedghur the pandemonium lord
166735 | Zig:26   | Noticed Rotamnuo the pandemonium lord
166736 | Zig:26   | Killed Onlokhlud the pandemonium lord
166736 | Zig:26   | Killed Poacuul the pandemonium lord
166736 | Zig:26   | Killed Perph the pandemonium lord
166736 | Zig:26   | Noticed Damurphem the pandemonium lord
166737 | Zig:26   | Killed Nikeroerr the pandemonium lord
166738 | Zig:26   | Noticed Selyg the pandemonium lord
166739 | Zig:26   | Killed Qariv the pandemonium lord
166739 | Zig:26   | Killed Rotamnuo the pandemonium lord
166739 | Zig:26   | Noticed Guxuzus the pandemonium lord
166740 | Zig:26   | Killed Mykegeh the pandemonium lord
166740 | Zig:26   | Killed Damurphem the pandemonium lord
166741 | Zig:26   | Noticed Busyt the pandemonium lord
166742 | Zig:26   | Killed Selyg the pandemonium lord
166742 | Zig:26   | Killed Nevaexut the pandemonium lord
166742 | Zig:26   | Noticed Retirot the pandemonium lord
166743 | Zig:26   | Killed Retirot the pandemonium lord
166743 | Zig:26   | Noticed Keotopuuko the pandemonium lord
166744 | Zig:26   | Noticed Suydadiq the pandemonium lord
166744 | Zig:26   | Noticed Jousm the pandemonium lord
166745 | Zig:26   | Noticed Aciumaatanu the pandemonium lord
166745 | Zig:26   | Noticed Cozel the pandemonium lord
166746 | Zig:26   | Killed Jodyet the pandemonium lord
166746 | Zig:26   | Noticed Mayn Yffe the pandemonium lord
166746 | Zig:26   | Noticed Ebboann the pandemonium lord
166747 | Zig:26   | Killed Goedghur the pandemonium lord
166747 | Zig:26   | Killed Jousm the pandemonium lord
166747 | Zig:26   | Killed Aciumaatanu the pandemonium lord
166747 | Zig:26   | Killed Cozel the pandemonium lord
166747 | Zig:26   | Noticed Qaps the pandemonium lord
166747 | Zig:26   | Noticed Recruoti the pandemonium lord
166748 | Zig:26   | Noticed Tett the pandemonium lord
166749 | Zig:26   | Noticed Hoxaecott the pandemonium lord
166750 | Zig:26   | Noticed Piasev the pandemonium lord
166750 | Zig:26   | Noticed Ginneveu the pandemonium lord
166750 | Zig:26   | Noticed Saymim the pandemonium lord
166751 | Zig:26   | Killed Keotopuuko the pandemonium lord
166752 | Zig:26   | Killed Busyt the pandemonium lord
166752 | Zig:26   | Killed Guxuzus the pandemonium lord
166753 | Zig:26   | Noticed Ashrum the pandemonium lord
166753 | Zig:26   | Noticed Gixke the pandemonium lord
166754 | Zig:26   | Noticed Fiumots the pandemonium lord
166754 | Zig:26   | Noticed Qofid the pandemonium lord
166754 | Zig:26   | Noticed Gajulun the pandemonium lord
166755 | Zig:26   | Killed Recruoti the pandemonium lord
166755 | Zig:26   | Killed Ashrum the pandemonium lord
166755 | Zig:26   | Killed Suydadiq the pandemonium lord
166755 | Zig:26   | Noticed Mousyt the pandemonium lord
166755 | Zig:26   | Noticed Adecih the pandemonium lord
166756 | Zig:26   | Killed Fiumots the pandemonium lord
166756 | Zig:26   | Killed Gajulun the pandemonium lord
166756 | Zig:26   | Killed Hoxaecott the pandemonium lord
166756 | Zig:26   | Noticed Cauz Ibeu the pandemonium lord
166757 | Zig:26   | Killed Tett the pandemonium lord
166757 | Zig:26   | Killed Gixke the pandemonium lord
166757 | Zig:26   | Killed Mayn Yffe the pandemonium lord
166757 | Zig:26   | Killed Qaps the pandemonium lord
166757 | Zig:26   | Killed Qofid the pandemonium lord
166757 | Zig:26   | Noticed Zorau the pandemonium lord
166758 | Zig:26   | Killed Ginneveu the pandemonium lord
166758 | Zig:26   | Killed Adecih the pandemonium lord
166758 | Zig:26   | Killed Saymim the pandemonium lord
166758 | Zig:26   | Noticed Nymebboc the pandemonium lord
166758 | Zig:26   | Noticed Xuank the pandemonium lord
166759 | Zig:26   | Killed Ebboann the pandemonium lord
166759 | Zig:26   | Killed Mousyt the pandemonium lord
166760 | Zig:26   | Killed Piasev the pandemonium lord
166760 | Zig:26   | Killed Xuank the pandemonium lord
166760 | Zig:26   | Killed Zorau the pandemonium lord
166761 | Zig:26   | Noticed Ezize the pandemonium lord
166761 | Zig:26   | Noticed Onler the pandemonium lord
166763 | Zig:26   | Killed Nymebboc the pandemonium lord
166763 | Zig:26   | Killed Ezize the pandemonium lord
166766 | Zig:26   | Killed Cauz Ibeu the pandemonium lord
166768 | Zig:26   | Killed Onler the pandemonium lord
167016 | Zig:26   | Identified the +9 hand axe "Jimyliniha" {heavy, rPois}
167020 | Zig:26   | Identified the +3 chain mail of Death's Door {Rampage MP+9
                  | Str-3 Dex-3}
167083 | Zig:26   | Identified the +6 ring mail "Vetahouck" {Fly Str+3 SInv}
167089 | Zig:26   | Identified the +3 scale mail of the Hippogriff {rN++ Int+2
                  | Stlth-}
167090 | Zig:26   | Identified the staff "Zuetul" {+Blink Earth}
167099 | Zig:26   | Identified the +8 rapier "Niur" {venom, Int+2}
167100 | Zig:26   | Identified the +2 spear of Dioroif {holy, Will+}
167110 | Zig:26   | Identified the +1 lajatang "Undertaker" {antimagic, rC+
                  | Int+2}
167210 | Zig:27   | Entered Level 27 of a ziggurat
167246 | Zig:27   | Paralysed by accursed screaming for 2 turns
167529 | Zig:27   | Identified the +2 pair of gloves of Ilicuh {rF+ Will+ Dex+3
                  | SInv}
167533 | Zig:27   | Identified the ring "Nyutz" {rN+ Str+5 Int-3}
167539 | Zig:27   | Identified the +8 glaive "Cilacwes" {spect, rF+}
167546 | Zig:27   | Identified the staff of the Vendetta {Fly rElec rPois
                  | Will+++ Int-2 Poison}
167557 | Zig:27   | Identified the +4 plate armour of Protective Custody {rC-
                  | Regen+ Int-3 Dex+7}
167558 | Zig:27   | Identified the ring "Nenlurr" {Will+ Int+6}
167559 | Zig:27   | Identified the ring of Amaw {rElec rPois EV+5 Stlth-}
167566 | Zig:27   | Identified the +1 battleaxe of Intimidation {spect, rCorr
                  | Str+4 Dex+4}
167567 | Zig:27   | Identified the ring of Gecviju {Fly rF+ rN+ MP+9}
167568 | Zig:27   | Identified the +5 mace "Hiun" {elec, Stlth+}
167577 | Zig:27   | Identified the +4 morningstar of Discomfort {freeze, rF+
                  | Dex+3 Stlth-}
167914 | Zig:1    | Entered Level 1 of a ziggurat
167971 | Zig:2    | Entered Level 2 of a ziggurat
167973 | Zig:2    | Noticed a dread lich
167978 | Zig:2    | Killed a dread lich
168081 | Zig:3    | Entered Level 3 of a ziggurat
168244 | Zig:4    | Entered Level 4 of a ziggurat
168246 | Zig:4    | Noticed Cuficopi the pandemonium lord
168248 | Zig:4    | Killed Cuficopi the pandemonium lord
168397 | Zig:5    | Entered Level 5 of a ziggurat
168484 | Zig:6    | Entered Level 6 of a ziggurat
168723 | Zig:6    | Identified the ring "Xeusalorr" {Fly rF+ rC++ Int-3 Stlth+}
168727 | Zig:6    | Identified the amulet "Myzooq" {Spirit Regen+ Str+5}
168740 | Zig:7    | Entered Level 7 of a ziggurat
169031 | Zig:8    | Entered Level 8 of a ziggurat
169036 | Zig:8    | Reached skill level 27 in Transmutations
169236 | Zig:9    | Entered Level 9 of a ziggurat
169241 | Zig:9    | Noticed an ancient lich
169246 | Zig:9    | Killed an ancient lich
169369 | Zig:9    | Identified the ring of Faymeok {rPois rF+++ rN+ Int-3
                  | Dex+6}
169385 | Zig:9    | Identified the amulet of Vyudef Seer {RegenMP rN++ Dex-5
                  | Slay-3 Stlth+}
169438 | Zig:10   | Entered Level 10 of a ziggurat
169619 | Zig:10   | Found the +8 whip "Snakebite" {venom, curare, rPois}
169698 | Zig:10   | Identified the +9 quarterstaff of the Old World {vamp,
                  | Str+3}
169742 | Zig:11   | Entered Level 11 of a ziggurat
169753 | Zig:11   | Found the +4 Cigotuvi's embrace {Corpsefed rMiasma Drain
                  | rN+}
169754 | Zig:11   | Found the ring of the Octopus King
169924 | Zig:11   | Identified a ring of the Octopus King {rC+ HP+2 AC+2 EV+2
                  | SH+2}
169928 | Zig:11   | Identified the +8 shortbow of the Lamprey {antimagic,
                  | Str+4}
169929 | Zig:11   | Identified the +6 halberd "Repixtaz" {antimagic, rCorr}
169938 | Zig:11   | Identified the +0 robe of Vudgh {rF+}
170023 | Zig:12   | Entered Level 12 of a ziggurat
170027 | Zig:12   | Paralysed by an air elemental for 1 turns
170286 | Zig:12   | Identified the +3 executioner's axe "Ogrebane" {freeze,
                  | Will+}
170305 | Zig:12   | Identified the ring "Plog" {rF+ EV+5 Stlth+}
170309 | Zig:12   | Identified the +5 flail of Yrchublui {holy, *Rage Will+
                  | Dex+4}
170310 | Zig:12   | Identified the +2 plate armour of Egalitarianism {rN+
                  | Dex+3}
170362 | Zig:13   | Entered Level 13 of a ziggurat
170365 | Zig:13   | Noticed a dread lich
170367 | Zig:13   | Noticed a dread lich
170369 | Zig:13   | Paralysed by accursed screaming for 2 turns
170376 | Zig:13   | Killed a dread lich
170377 | Zig:13   | Killed a dread lich
170571 | Zig:13   | Identified the amulet of Disaster {Reflect Contam +Inv rC+
                  | Dex+3 SH+5}
170717 | Zig:13   | Identified the +2 flail of Kismet {spect, rC++}
170734 | Zig:14   | Entered Level 14 of a ziggurat
170734 | Zig:14   | Noticed a dread lich
170737 | Zig:14   | Killed a dread lich
170749 | Zig:14   | Noticed Opeih the pandemonium lord
170758 | Zig:14   | Killed Opeih the pandemonium lord
171053 | Zig:14   | Identified the ring "Zikoaveci" {rF+ Will++ Int+5 SInv}
171142 | Zig:15   | Entered Level 15 of a ziggurat
171142 | Zig:15   | Noticed a royal mummy
171142 | Zig:15   | Noticed a royal mummy
171144 | Zig:15   | Noticed a royal mummy
171144 | Zig:15   | Noticed a royal mummy
171145 | Zig:15   | Noticed a royal mummy
171145 | Zig:15   | Noticed a royal mummy
171145 | Zig:15   | Noticed a royal mummy
171145 | Zig:15   | Noticed a royal mummy
171146 | Zig:15   | Killed a royal mummy
171146 | Zig:15   | Killed a royal mummy
171146 | Zig:15   | Killed a royal mummy
171147 | Zig:15   | Noticed a royal mummy
171147 | Zig:15   | Noticed a royal mummy
171148 | Zig:15   | Noticed a royal mummy
171149 | Zig:15   | Killed a royal mummy
171149 | Zig:15   | Killed a royal mummy
171149 | Zig:15   | Killed a royal mummy
171149 | Zig:15   | Killed a royal mummy
171149 | Zig:15   | Noticed a royal mummy
171150 | Zig:15   | Reached skill level 27 in Throwing
171150 | Zig:15   | Killed a royal mummy
171151 | Zig:15   | Killed a royal mummy
171152 | Zig:15   | Reached skill level 5 in Stealth
171152 | Zig:15   | Noticed a royal mummy
171153 | Zig:15   | Noticed a royal mummy
171153 | Zig:15   | Noticed a royal mummy
171154 | Zig:15   | Killed a royal mummy
171154 | Zig:15   | Killed a royal mummy
171154 | Zig:15   | Killed a royal mummy
171154 | Zig:15   | Noticed a royal mummy
171155 | Zig:15   | Killed a royal mummy
171155 | Zig:15   | Killed a royal mummy
171155 | Zig:15   | Killed a royal mummy
171155 | Zig:15   | Noticed a royal mummy
171156 | Zig:15   | Reached skill level 10 in Stealth
171156 | Zig:15   | Noticed a royal mummy
171158 | Zig:15   | Killed a royal mummy
171158 | Zig:15   | Killed a royal mummy
171163 | Zig:15   | Killed a royal mummy
171370 | Zig:15   | Identified the +11 hand axe of Wyrd {flame, rPois}
171374 | Zig:15   | Identified the +5 dire flail "Doont" {antimagic, Str+6 SInv
                  | Stlth-}
171511 | Zig:16   | Entered Level 16 of a ziggurat
171518 | Zig:16   | Noticed a dread lich
171520 | Zig:16   | Killed a dread lich
171522 | Zig:16   | Reached skill level 15 in Stealth
171788 | Zig:16   | Identified the +9 flail of the Valley of Death {flame, rF++
                  | Int+4}
171813 | Zig:16   | Identified the +1 chain mail of Darkness {-Tele Drain rC+
                  | Str+5}
171814 | Zig:16   | Identified the ring "Ufikkoir" {rF- rN+ Will+ SInv}
171817 | Zig:16   | Identified the staff of Capital Punishment {rF++ Will+
                  | Dex+3 Earth}
171849 | Zig:17   | Entered Level 17 of a ziggurat
172048 | Zig:17   | Identified the amulet of Duegame {Spirit rElec Dex+2}
172049 | Zig:17   | Identified the +3 dagger "Qeovimn" {elec, rC+ rCorr Str+2}
172052 | Zig:17   | Identified the +3 spear "Concordance" {freeze, Int+2}
172054 | Zig:17   | Identified the +4 scale mail of Rotation {rElec rF- Int+3
                  | Dex+2}
172196 | Zig:18   | Entered Level 18 of a ziggurat
172203 | Zig:18   | Noticed a juggernaut
172203 | Zig:18   | Noticed a juggernaut
172204 | Zig:18   | Noticed a juggernaut
172206 | Zig:18   | Noticed a juggernaut
172206 | Zig:18   | Noticed a juggernaut
172208 | Zig:18   | Killed a juggernaut
172208 | Zig:18   | Killed a juggernaut
172208 | Zig:18   | Killed a juggernaut
172208 | Zig:18   | Noticed a juggernaut
172209 | Zig:18   | Noticed a juggernaut
172209 | Zig:18   | Noticed a juggernaut
172210 | Zig:18   | Noticed a juggernaut
172210 | Zig:18   | Killed a juggernaut
172210 | Zig:18   | Noticed a juggernaut
172211 | Zig:18   | Killed a juggernaut
172211 | Zig:18   | Killed a juggernaut
172212 | Zig:18   | Killed a juggernaut
172212 | Zig:18   | Killed a juggernaut
172212 | Zig:18   | Killed a juggernaut
172213 | Zig:18   | Noticed a juggernaut
172213 | Zig:18   | Killed a juggernaut
172214 | Zig:18   | Noticed a juggernaut
172215 | Zig:18   | Killed a juggernaut
172216 | Zig:18   | Killed a juggernaut
172480 | Zig:18   | Identified the ring "Zirphice" {Wiz rPois}
172488 | Zig:18   | Identified the +3 chain mail "Wepaa" {Rampage rElec Dex+2
                  | Stlth+}
172495 | Zig:18   | Identified the +2 mace of Ireqiez {flame, rF+ rC+ Str-2
                  | Dex+2}
172513 | Zig:19   | Entered Level 19 of a ziggurat
172514 | Zig:19   | Noticed a royal mummy
172515 | Zig:19   | Noticed a royal mummy
172516 | Zig:19   | Noticed a royal mummy
172516 | Zig:19   | Noticed a royal mummy
172517 | Zig:19   | Noticed a royal mummy
172517 | Zig:19   | Noticed a royal mummy
172517 | Zig:19   | Noticed a royal mummy
172518 | Zig:19   | Noticed a royal mummy
172519 | Zig:19   | Noticed a royal mummy
172520 | Zig:19   | Killed a royal mummy
172520 | Zig:19   | Killed a royal mummy
172520 | Zig:19   | Killed a royal mummy
172520 | Zig:19   | Killed a royal mummy
172520 | Zig:19   | Killed a royal mummy
172520 | Zig:19   | Killed a royal mummy
172520 | Zig:19   | Noticed a royal mummy
172521 | Zig:19   | Killed a royal mummy
172521 | Zig:19   | Killed a royal mummy
172521 | Zig:19   | Killed a royal mummy
172521 | Zig:19   | Noticed a royal mummy
172522 | Zig:19   | Noticed a royal mummy
172523 | Zig:19   | Noticed a royal mummy
172524 | Zig:19   | Noticed a royal mummy
172524 | Zig:19   | Noticed a royal mummy
172525 | Zig:19   | Killed a royal mummy
172525 | Zig:19   | Killed a royal mummy
172525 | Zig:19   | Killed a royal mummy
172525 | Zig:19   | Killed a royal mummy
172526 | Zig:19   | Noticed a royal mummy
172526 | Zig:19   | Noticed a royal mummy
172527 | Zig:19   | Noticed a royal mummy
172527 | Zig:19   | Noticed a royal mummy
172527 | Zig:19   | Noticed a royal mummy
172529 | Zig:19   | Killed a royal mummy
172529 | Zig:19   | Killed a royal mummy
172529 | Zig:19   | Killed a royal mummy
172529 | Zig:19   | Killed a royal mummy
172529 | Zig:19   | Killed a royal mummy
172530 | Zig:19   | Reached skill level 27 in Stealth
172530 | Zig:19   | Reached skill level 10 in Poison Magic
172530 | Zig:19   | Noticed a royal mummy
172530 | Zig:19   | Noticed a royal mummy
172531 | Zig:19   | Noticed a royal mummy
172531 | Zig:19   | Noticed a royal mummy
172532 | Zig:19   | Killed a royal mummy
172532 | Zig:19   | Killed a royal mummy
172532 | Zig:19   | Killed a royal mummy
172532 | Zig:19   | Killed a royal mummy
172534 | Zig:19   | Killed a royal mummy
172534 | Zig:19   | Killed a royal mummy
172689 | Zig:19   | Identified the +6 orcbow of Tiagef {antimagic, *Corrode
                  | rF++}
172693 | Zig:19   | Identified the +6 ring mail "Betutt" {Rampage rC+ Slay-5}
172699 | Zig:19   | Identified the amulet of the Final Chapter {Acrobat rPois
                  | rF+ rN+ Slay+3}
172918 | Zig:19   | Identified the +0 helmet "Cocw" {rPois Str-4 Int+6}
172923 | Zig:20   | Entered Level 20 of a ziggurat
172928 | Zig:20   | Noticed a juggernaut
172930 | Zig:20   | Noticed a juggernaut
172930 | Zig:20   | Noticed a juggernaut
172931 | Zig:20   | Noticed a juggernaut
172931 | Zig:20   | Killed a juggernaut
172932 | Zig:20   | Noticed a juggernaut
172932 | Zig:20   | Noticed a juggernaut
172933 | Zig:20   | Noticed a juggernaut
172934 | Zig:20   | Noticed a juggernaut
172936 | Zig:20   | Killed a juggernaut
172936 | Zig:20   | Killed a juggernaut
172936 | Zig:20   | Killed a juggernaut
172936 | Zig:20   | Killed a juggernaut
172936 | Zig:20   | Killed a juggernaut
172937 | Zig:20   | Reached skill level 15 in Poison Magic
172939 | Zig:20   | Noticed a juggernaut
172941 | Zig:20   | Killed a juggernaut
172941 | Zig:20   | Killed a juggernaut
172941 | Zig:20   | Killed a juggernaut
173250 | Zig:20   | Identified the staff of Enchanting Quick Death {Contam
                  | +Blink rF+ Dex+2 Earth}
173254 | Zig:20   | Identified the +1 pearl dragon scales of the Snake Pit
                  | {+Inv rC+++ rN+ Will- Regen+}
173262 | Zig:20   | Identified the +6 quarterstaff "Ytasur" {heavy, Fly Will-
                  | Stlth+}
173271 | Zig:20   | Identified the +4 shortbow of Qazlal, Shouting {heavy,
                  | Dex+4}
173358 | Zig:20   | Identified the +0 orcbow of Vopatos {flame, Dex+2}
173373 | Zig:20   | Identified the amulet of Mistrust {RegenMP Will- Int+9
                  | Dex-5}
173375 | Zig:20   | Identified the staff "Eskuosan" {rF+ Dex+2 Fire}
173387 | Zig:20   | Identified the +6 great mace of Oseegh {drain, Contam rPois
                  | Str+5 Dex+2}
173392 | Zig:20   | Identified the ring of Pride {*Corrode rC+ rN+ EV+5 Int+3
                  | Stlth+}
173458 | Zig:21   | Entered Level 21 of a ziggurat
173466 | Zig:21   | Noticed a juggernaut
173466 | Zig:21   | Noticed a juggernaut
173466 | Zig:21   | Noticed a juggernaut
173466 | Zig:21   | Noticed a juggernaut
173467 | Zig:21   | Noticed a juggernaut
173468 | Zig:21   | Noticed a juggernaut
173469 | Zig:21   | Noticed a juggernaut
173469 | Zig:21   | Noticed a juggernaut
173470 | Zig:21   | Noticed a juggernaut
173470 | Zig:21   | Noticed a juggernaut
173472 | Zig:21   | Killed a juggernaut
173472 | Zig:21   | Killed a juggernaut
173472 | Zig:21   | Killed a juggernaut
173472 | Zig:21   | Killed a juggernaut
173473 | Zig:21   | Killed a juggernaut
173473 | Zig:21   | Killed a juggernaut
173473 | Zig:21   | Killed a juggernaut
173473 | Zig:21   | Killed a juggernaut
173473 | Zig:21   | Killed a juggernaut
173473 | Zig:21   | Killed a juggernaut
173473 | Zig:21   | Noticed a juggernaut
173473 | Zig:21   | Noticed a juggernaut
173474 | Zig:21   | Noticed a juggernaut
173474 | Zig:21   | Noticed a juggernaut
173474 | Zig:21   | Noticed a juggernaut
173475 | Zig:21   | Noticed a juggernaut
173475 | Zig:21   | Noticed a juggernaut
173477 | Zig:21   | Killed a juggernaut
173477 | Zig:21   | Killed a juggernaut
173478 | Zig:21   | Killed a juggernaut
173478 | Zig:21   | Killed a juggernaut
173478 | Zig:21   | Killed a juggernaut
173478 | Zig:21   | Killed a juggernaut
173479 | Zig:21   | Killed a juggernaut
173626 | Zig:21   | Identified the +1 robe of the Purple Skies {rF+ Dex+2}
173630 | Zig:21   | Identified the +0 sling "Qirghu Hydy" {drain, rElec rC+
                  | Int+4}
173646 | Zig:21   | Identified the ring of Qeafoc {Int+3 Dex+6}
173664 | Zig:21   | Identified the +4 chain mail "Giacupna" {rC- Str+2 Int+6
                  | Stlth-}
173674 | Zig:21   | Identified the +6 great mace "Ceogimm" {heavy, rCorr}
173825 | Zig:22   | Entered Level 22 of a ziggurat
173831 | Zig:22   | Noticed a dread lich
173842 | Zig:22   | Killed a dread lich
174208 | Zig:22   | Identified the +1 robe of the Lotus Blossom {rElec Stlth+}
174235 | Zig:22   | Identified the staff of Reason {rN+ MP+9 Conj}
174266 | Zig:23   | Entered Level 23 of a ziggurat
174289 | Zig:23   | Reached skill level 27 in Poison Magic
174289 | Zig:23   | Reached skill level 5 in Translocations
174434 | Zig:23   | Identified the +6 dagger "Reimm" {drain, Int+3 Dex+4}
174442 | Zig:23   | Identified the amulet "Zepus" {Spirit Will+ Int+2}
174444 | Zig:23   | Identified the staff of Eminent Domain {Contam rElec Will+
                  | Str+3 Air}
174585 | Zig:24   | Entered Level 24 of a ziggurat
174608 | Zig:24   | Reached skill level 15 in Translocations
174926 | Zig:24   | Identified the ring "Hunefiup" {Wiz rCorr}
174936 | Zig:24   | Identified the +0 glaive of Res Judicata {freeze, +Blink
                  | Fly Will+ Dex+3}
174940 | Zig:24   | Identified the staff "Ytzo" {rN+ Str+5 Necro}
174957 | Zig:24   | Identified the amulet of Ru's Inspiration {Rampage rC+ rN+
                  | Regen+ Str+2}
174962 | Zig:24   | Identified the ring "Osouqoek" {Will+ SInv}
174965 | Zig:24   | Identified the +0 ring mail of Filigreed Knowledge {Drain
                  | rN+ rCorr Stlth+}
175013 | Zig:25   | Entered Level 25 of a ziggurat
175016 | Zig:25   | Paralysed by a floating eye for 2 turns
175048 | Zig:25   | Found the amulet of Vitality {RegenMP++ Regen++}
175229 | Zig:25   | Identified the amulet "Jotaig" {Spirit -Cast rC+ rCorr
                  | Str+6}
175230 | Zig:25   | Identified the +3 falchion of Wisdom {holy, +Blink}
175242 | Zig:25   | Identified the +11 dire flail "steven32's Doom" {freeze,
                  | *Corrode rPois Int+4}
175248 | Zig:25   | Identified the +8 spear of Someil {vamp, *Noise +Blink Fly}
175293 | Zig:25   | Identified the +3 ring mail of Liydat {Will- MP+9 Str+3
                  | Dex+3}
175562 | Zig:26   | Entered Level 26 of a ziggurat
175582 | Zig:26   | Found the +8 Vampire's Tooth {megavamp}
175866 | Zig:26   | Identified the +3 dagger of the Hurtling Gods {spect,
                  | *Noise Dex+4}
175869 | Zig:26   | Identified the ring of the Tsukumogami {Wiz rElec rF- Str+7
                  | Stlth-}
175955 | Zig:27   | Entered Level 27 of a ziggurat
175974 | Zig:27   | Found the +7 sceptre of Torment {pain, torment}
176148 | Zig:27   | Identified the +3 broad axe "Ecood" {freeze, rN+ Str-3
                  | Dex+3}
176154 | Zig:27   | Identified the +1 falchion of the Boiling Point {freeze,
                  | rF+ Str-2 Int+3}
176172 | Zig:27   | Identified the +1 ring mail of the Arcane {Dex+5}
176177 | Zig:27   | Identified the +0 quarterstaff of Honesty {heavy, rC+
                  | Str+5}
176183 | Zig:27   | Identified the ring of Beauty {Wiz rF+ Int+4}
176186 | Zig:27   | Identified the +5 short sword "Biqia" {flame, rC+}
176188 | Zig:27   | Identified the ring "Kamaofiw" {Contam rPois rF++ rN+
                  | Stlth+}
176400 | Depths:1 | Reached skill level 1 in Short Blades
176400 | Depths:1 | Reached skill level 1 in Long Blades
176400 | Depths:1 | Reached skill level 1 in Axes
176400 | Depths:1 | Reached skill level 1 in Maces & Flails
176400 | Depths:1 | Reached skill level 1 in Staves
176400 | Depths:1 | Reached skill level 1 in Ranged Weapons
176400 | Depths:1 | Reached skill level 1 in Unarmed Combat
176400 | Depths:1 | Reached skill level 1 in Hexes
176400 | Depths:1 | Reached skill level 1 in Summonings
176405 | Depths:1 | Acquired a manual of Maces & Flails
176410 | Depths:1 | Acquired a manual of Maces & Flails
176416 | Depths:1 | Acquired the +0 cloak "Idaityir" {rPois rF++}
176595 | Zig:1    | Entered Level 1 of a ziggurat
176642 | Zig:2    | Entered Level 2 of a ziggurat
176740 | Zig:3    | Entered Level 3 of a ziggurat
176745 | Zig:3    | Reached skill level 5 in Unarmed Combat
176747 | Zig:3    | Reached skill level 5 in Long Blades
176747 | Zig:3    | Reached skill level 5 in Staves
176749 | Zig:3    | Reached skill level 27 in Translocations
176808 | Zig:3    | Identified the +10 morningstar of Ixiulo {venom, *Noise
                  | rElec rPois Str+3}
176810 | Zig:4    | Entered Level 4 of a ziggurat
176811 | Zig:4    | Noticed a dread lich
176813 | Zig:4    | Killed a dread lich
176815 | Zig:4    | Reached skill level 5 in Maces & Flails
176925 | Zig:4    | Identified the +1 ring mail "Liny" {rCorr Int+3}
176956 | Zig:4    | Acquired a manual of Short Blades
176958 | Zig:4    | Acquired 1238 gold pieces
176965 | Zig:5    | Entered Level 5 of a ziggurat
176974 | Zig:5    | Reached skill level 5 in Short Blades
176974 | Zig:5    | Reached skill level 5 in Hexes
176974 | Zig:5    | Reached skill level 5 in Summonings
176974 | Zig:5    | Found the necklace of Bloodlust {Fury *Rage Will++ Int-3
                  | Slay+6}
177077 | Zig:5    | Identified the +2 sling of the Heavens {drain, rC++ Int+3}
177139 | Zig:6    | Entered Level 6 of a ziggurat
177142 | Zig:6    | Paralysed by a wendigo for 1 turns
177144 | Zig:6    | Noticed a dread lich
177145 | Zig:6    | Reached skill level 5 in Ranged Weapons
177146 | Zig:6    | Reached skill level 5 in Axes
177147 | Zig:6    | Killed a dread lich
177281 | Zig:7    | Entered Level 7 of a ziggurat
177285 | Zig:7    | Paralysed by an air elemental for 1 turns
177553 | Zig:8    | Entered Level 8 of a ziggurat
177555 | Zig:8    | Noticed a juggernaut
177556 | Zig:8    | Noticed a juggernaut
177558 | Zig:8    | Killed a juggernaut
177558 | Zig:8    | Noticed a juggernaut
177559 | Zig:8    | Killed a juggernaut
177564 | Zig:8    | Killed a juggernaut
177822 | Zig:8    | Identified the ring "Atseav" {Wiz +Blink Will+ Dex+4}
177840 | Zig:9    | Entered Level 9 of a ziggurat
177854 | Zig:9    | Found the +8 demon trident "Rift" {distort, reach+}
178064 | Zig:10   | Entered Level 10 of a ziggurat
178070 | Zig:10   | Noticed an ancient lich
178075 | Zig:10   | Killed an ancient lich
178076 | Zig:10   | Reached skill level 10 in Long Blades
178076 | Zig:10   | Reached skill level 10 in Staves
178076 | Zig:10   | Reached skill level 10 in Unarmed Combat
178342 | Zig:10   | Identified the staff "Aleharoc" {+Blink rPois rF+ Conj
                  | Fire}
178389 | Zig:10   | Reached skill level 10 in Short Blades
178389 | Zig:10   | Reached skill level 10 in Maces & Flails
178397 | Zig:11   | Entered Level 11 of a ziggurat
178519 | Zig:11   | Identified the +0 quarterstaff "Tama" {spect, Drain rCorr
                  | Str-4 SInv}
178522 | Zig:11   | Identified the staff "Fuvian" {Dex+7 Earth}
178540 | Zig:11   | Identified the +3 scale mail of the Nexus {Will+ Str+3}
178639 | Zig:12   | Entered Level 12 of a ziggurat
178645 | Zig:12   | Noticed a juggernaut
178645 | Zig:12   | Noticed a juggernaut
178646 | Zig:12   | Noticed a juggernaut
178647 | Zig:12   | Noticed a juggernaut
178647 | Zig:12   | Noticed a juggernaut
178649 | Zig:12   | Noticed a juggernaut
178649 | Zig:12   | Noticed a juggernaut
178649 | Zig:12   | Killed a juggernaut
178649 | Zig:12   | Killed a juggernaut
178650 | Zig:12   | Killed a juggernaut
178650 | Zig:12   | Killed a juggernaut
178650 | Zig:12   | Killed a juggernaut
178650 | Zig:12   | Killed a juggernaut
178650 | Zig:12   | Killed a juggernaut
178652 | Zig:12   | Noticed a juggernaut
178652 | Zig:12   | Found the +8 pair of quick blades "Gyre" and "Gimble"
                  | {protect}
178653 | Zig:12   | Found the +5 Storm Queen's Shield {shock, Fly rElec}
178656 | Zig:12   | Killed a juggernaut
178766 | Zig:12   | Identified the ring of Dipoap {Wiz Drain rF++ rN+ Dex+3}
178797 | Zig:12   | Identified the +2 dagger "Tibb" {freeze, Fly Will++ rCorr
                  | Int-5}
178814 | Zig:12   | Identified the ring of the Hippo {*Slow rPois rN++ Int+3
                  | Slay+2}
178818 | Zig:12   | Identified the +0 leather armour "Macwudi" {rN+}
178819 | Zig:12   | Identified the +6 scale mail "Qarhapp" {rC+ Int+2}
178827 | Zig:12   | Identified the staff of the Purse {Fly rC+ Will- Dex+2 Ice}
178886 | Zig:13   | Entered Level 13 of a ziggurat
178900 | Zig:13   | Reached skill level 10 in Hexes
178900 | Zig:13   | Reached skill level 10 in Summonings
179050 | Zig:13   | Identified the +11 trident of Objectivity {heavy, rC+
                  | Str+3}
179166 | Zig:14   | Entered Level 14 of a ziggurat
179181 | Zig:14   | Reached skill level 10 in Axes
179181 | Zig:14   | Reached skill level 10 in Ranged Weapons
179395 | Zig:14   | Identified the +7 spear of Soggobli {antimagic, Int+3
                  | Dex+3}
179412 | Zig:14   | Identified the +5 flail of Mana {venom, rN+ MP+9 Str+3
                  | Int+3}
179433 | Zig:14   | Identified the ring "Heolis" {rF+ Will+ MP+9 Dex-4 Slay+3}
179497 | Zig:15   | Entered Level 15 of a ziggurat
179517 | Zig:15   | Found the +6 lightning scales {swift, rElec}
179517 | Zig:15   | Found the ring of the Tortoise {AC+8}
179520 | Zig:15   | Found the +3 hat of Pondering {ponderous, Will+ MP+10
                  | Int+5}
179608 | Zig:15   | Identified the ring "Zeuteg" {rF+ rC+}
179611 | Zig:15   | Identified the amulet of the Equinox {rF+ Regen+ SInv
                  | Stlth+}
179620 | Zig:15   | Identified the +3 leather armour of Pride {rN+++ MP-9 Dex+3
                  | Stlth+}
179794 | Zig:16   | Entered Level 16 of a ziggurat
179806 | Zig:16   | Reached skill level 15 in Long Blades
179806 | Zig:16   | Reached skill level 15 in Staves
179816 | Zig:16   | Reached skill level 15 in Maces & Flails
180281 | Zig:17   | Entered Level 17 of a ziggurat
180283 | Zig:17   | Noticed a dread lich
180285 | Zig:17   | Killed a dread lich
180288 | Zig:17   | Noticed Cuppooro the pandemonium lord
180290 | Zig:17   | Noticed Dininuys the pandemonium lord
180292 | Zig:17   | Killed Cuppooro the pandemonium lord
180294 | Zig:17   | Noticed Xuthru the pandemonium lord
180294 | Zig:17   | Noticed Jagukhlobuyg the pandemonium lord
180296 | Zig:17   | Killed Xuthru the pandemonium lord
180296 | Zig:17   | Noticed Favedghu the pandemonium lord
180296 | Zig:17   | Noticed Dotomil the pandemonium lord
180297 | Zig:17   | Noticed Caudisel the pandemonium lord
180297 | Zig:17   | Noticed Woptaph the pandemonium lord
180298 | Zig:17   | Killed Dininuys the pandemonium lord
180298 | Zig:17   | Noticed Siabijea the pandemonium lord
180298 | Zig:17   | Noticed Luebiur the pandemonium lord
180299 | Zig:17   | Noticed Atyrig the pandemonium lord
180300 | Zig:17   | Killed Favedghu the pandemonium lord
180300 | Zig:17   | Killed Woptaph the pandemonium lord
180300 | Zig:17   | Killed Jagukhlobuyg the pandemonium lord
180301 | Zig:17   | Killed Dotomil the pandemonium lord
180302 | Zig:17   | Noticed Oteh the pandemonium lord
180302 | Zig:17   | Killed Caudisel the pandemonium lord
180303 | Zig:17   | Noticed Sattyud the pandemonium lord
180303 | Zig:17   | Noticed Riede the pandemonium lord
180304 | Zig:17   | Noticed Badivo Xakh the pandemonium lord
180304 | Zig:17   | Noticed Nezunium the pandemonium lord
180305 | Zig:17   | Killed Atyrig the pandemonium lord
180305 | Zig:17   | Noticed Timoemak the pandemonium lord
180305 | Zig:17   | Noticed Wugud the pandemonium lord
180306 | Zig:17   | Killed Siabijea the pandemonium lord
180306 | Zig:17   | Killed Nezunium the pandemonium lord
180307 | Zig:17   | Noticed Ikeon the pandemonium lord
180307 | Zig:17   | Killed Badivo Xakh the pandemonium lord
180307 | Zig:17   | Killed Oteh the pandemonium lord
180307 | Zig:17   | Noticed Suwe the pandemonium lord
180308 | Zig:17   | Noticed Joerohuill the pandemonium lord
180308 | Zig:17   | Noticed Raohes the pandemonium lord
180310 | Zig:17   | Noticed Offy the pandemonium lord
180312 | Zig:17   | Killed Luebiur the pandemonium lord
180312 | Zig:17   | Killed Sattyud the pandemonium lord
180314 | Zig:17   | Killed Timoemak the pandemonium lord
180314 | Zig:17   | Killed Riede the pandemonium lord
180315 | Zig:17   | Killed Offy the pandemonium lord
180315 | Zig:17   | Killed Wugud the pandemonium lord
180315 | Zig:17   | Noticed Lyaxt the pandemonium lord
180315 | Zig:17   | Noticed Poceqoz the pandemonium lord
180316 | Zig:17   | Killed Ikeon the pandemonium lord
180317 | Zig:17   | Reached skill level 15 in Short Blades
180317 | Zig:17   | Noticed Athooh the pandemonium lord
180318 | Zig:17   | Killed Raohes the pandemonium lord
180319 | Zig:17   | Killed Joerohuill the pandemonium lord
180319 | Zig:17   | Noticed Jecheun the pandemonium lord
180320 | Zig:17   | Killed Suwe the pandemonium lord
180321 | Zig:17   | Killed Poceqoz the pandemonium lord
180322 | Zig:17   | Noticed Ragoj the pandemonium lord
180322 | Zig:17   | Killed Athooh the pandemonium lord
180324 | Zig:17   | Killed Ragoj the pandemonium lord
180324 | Zig:17   | Noticed Vyumeam the pandemonium lord
180325 | Zig:17   | Killed Jecheun the pandemonium lord
180325 | Zig:17   | Noticed Jothumpai the pandemonium lord
180326 | Zig:17   | Killed Lyaxt the pandemonium lord
180327 | Zig:17   | Killed Vyumeam the pandemonium lord
180327 | Zig:17   | Noticed Jucepsos the pandemonium lord
180328 | Zig:17   | Killed Jothumpai the pandemonium lord
180333 | Zig:17   | Killed Jucepsos the pandemonium lord
180675 | Zig:17   | Found the +8 frozen axe "Frostbite" {freeze, freezing
                  | cloud, *Noise Fly rC+}
180687 | Zig:17   | Identified the ring "Liraeby" {rF+ rN+ Will+ Str+4 Dex+2}
180688 | Zig:17   | Identified the +3 scale mail of Hospitality {Int+3}
180694 | Zig:17   | Identified the +6 dagger "Kale Relo" {flame, rC++}
180750 | Zig:18   | Entered Level 18 of a ziggurat
180772 | Zig:18   | Reached skill level 15 in Unarmed Combat
181061 | Zig:18   | Identified the staff of Arrival {rElec rPois Str+5 Int-3
                  | Air}
181063 | Zig:18   | Identified the +1 hand axe of Impatience {freeze, rElec
                  | rPois}
181117 | Zig:18   | Identified the +6 long sword "Fiosmeo" {chaos, rElec rN+
                  | Str-4 Dex+9}
181124 | Zig:18   | Identified the staff "Moribli" {rN+ Dex+2 Necro}
181127 | Zig:18   | Identified the +1 robe of the Rhinotaur {Will+ Str+2}
181189 | Zig:19   | Entered Level 19 of a ziggurat
181235 | Zig:19   | Identified the +4 fire dragon scales "Lohaorch" {Contam
                  | Harm rF++ rC- Will+}
181374 | Zig:19   | Identified the +2 morningstar of the Rat {flame, rElec}
181386 | Zig:19   | Identified the ring of False Pretenses {Ice rElec Str+5
                  | SInv Stlth-}
181414 | Zig:19   | Identified the +3 scimitar of Jutuumag {chaos, +Blink}
181452 | Zig:19   | Identified the ring of Xopont {Fly rElec rC- Str+6}
181637 | Zig:19   | Acquired 978 gold pieces
181639 | Zig:19   | Acquired a manual of Unarmed Combat
181643 | Zig:20   | Entered Level 20 of a ziggurat
181652 | Zig:20   | Paralysed by a floating eye for 4 turns
181673 | Zig:20   | Reached skill level 15 in Hexes
181673 | Zig:20   | Reached skill level 15 in Summonings
181684 | Zig:20   | Found the +5 woodcutter's axe
182048 | Zig:20   | Identified the +4 plate armour of Supple Strength {rPois
                  | rN+ Dex-2 Stlth+}
182049 | Zig:20   | Identified the staff "Grim" {rCorr Dex+4 SInv Necro Earth}
182065 | Zig:20   | Identified the -1 pair of gloves of Tenacity {Fly Int+5}
182069 | Zig:20   | Identified the +6 shortbow of Darkness {flame, rElec}
182070 | Zig:20   | Identified the +6 short sword of Gogreup {venom, *Noise
                  | rPois rCorr Int+4}
182080 | Zig:20   | Identified the ring of Due Proportion {+Blink rN++ Int+2
                  | Dex-4 Slay+4}
182146 | Zig:21   | Entered Level 21 of a ziggurat
182404 | Zig:21   | Identified the amulet "Larpheocw" {Will++ Regen+ Int+3
                  | Dex+5}
182410 | Zig:21   | Identified the staff "Nofurut" {rElec Int+2 Dex+4 Earth}
182414 | Zig:21   | Identified the ring "Goettus" {rCorr Slay+2}
182418 | Zig:21   | Identified the ring "Oniy" {Ice MP+9 Dex+2}
182419 | Zig:21   | Identified the ring of Mifesurgh {Wiz Will+ Str+3 Slay-6}
182420 | Zig:21   | Identified the +5 longbow "Cang" {freeze, Int+2}
182421 | Zig:21   | Identified the +1 glaive "Kauloiw" {elec, *Rage rN+ Int+2
                  | Dex+5}
182422 | Zig:21   | Identified the +5 falchion "Qaihik" {freeze, rN+}
182423 | Zig:21   | Identified the +1 long sword of the Five Stars {vamp, rC+
                  | Int+2 SInv}
182426 | Zig:21   | Identified the staff "Luerr" {rPois rN+ Poison}
182427 | Zig:21   | Identified the staff "Madghig" {rElec Str+3 Air}
182651 | Zig:21   | Identified the staff "Killeasta" {rElec rC+ Str-4 Summ Air}
182658 | Zig:21   | Identified the +1 orcbow of Disorder {elec, rF+}
182673 | Zig:22   | Entered Level 22 of a ziggurat
182692 | Zig:22   | Reached skill level 15 in Axes
182692 | Zig:22   | Reached skill level 15 in Ranged Weapons
183000 | Zig:22   | Identified the +6 rapier of Quepronu {drain, Drain rElec
                  | Str+3}
183008 | Zig:22   | Identified the +5 morningstar "Murmur" {freeze, Str+5}
183009 | Zig:22   | Identified the amulet "Hacastrib" {RegenMP -Tele Fly rPois
                  | Dex-4}
183019 | Zig:22   | Identified the +3 quarterstaff "Dizacutz" {antimagic, rC+
                  | Int+5}
183126 | Zig:23   | Entered Level 23 of a ziggurat
183337 | Zig:23   | Identified the +1 pair of gloves of Quanoklu {*Slow rN+
                  | Str+2 Int+4}
183341 | Zig:23   | Identified the scarf of Viymemah {+Inv, Will- Regen+ Str+2}
183343 | Zig:23   | Identified the +3 battleaxe of steven32's Quick Death
                  | {freeze, Str+4 Int+2 Stlth+}
183740 | Zig:24   | Entered Level 24 of a ziggurat
183916 | Zig:24   | Identified the +8 arbalest "Gojoidang" {elec, Int+3 SInv}
184138 | Zig:24   | Identified the +1 war axe of the Establishment {drain, Fly
                  | rPois Will- Dex+2}
184266 | Zig:25   | Entered Level 25 of a ziggurat
184274 | Zig:25   | Noticed a royal mummy
184274 | Zig:25   | Noticed a royal mummy
184274 | Zig:25   | Noticed a royal mummy
184275 | Zig:25   | Noticed a royal mummy
184275 | Zig:25   | Noticed a royal mummy
184275 | Zig:25   | Noticed a royal mummy
184284 | Zig:25   | Killed a royal mummy
184284 | Zig:25   | Killed a royal mummy
184284 | Zig:25   | Killed a royal mummy
184284 | Zig:25   | Killed a royal mummy
184284 | Zig:25   | Noticed a royal mummy
184284 | Zig:25   | Noticed a royal mummy
184285 | Zig:25   | Killed a royal mummy
184285 | Zig:25   | Killed a royal mummy
184286 | Zig:25   | Killed a royal mummy
184286 | Zig:25   | Noticed a royal mummy
184287 | Zig:25   | Killed a royal mummy
184288 | Zig:25   | Noticed a royal mummy
184288 | Zig:25   | Noticed a royal mummy
184288 | Zig:25   | Noticed a royal mummy
184288 | Zig:25   | Noticed a royal mummy
184288 | Zig:25   | Noticed a royal mummy
184288 | Zig:25   | Noticed a royal mummy
184288 | Zig:25   | Noticed a royal mummy
184288 | Zig:25   | Noticed a royal mummy
184288 | Zig:25   | Noticed a royal mummy
184288 | Zig:25   | Noticed a royal mummy
184288 | Zig:25   | Noticed a royal mummy
184289 | Zig:25   | Killed a royal mummy
184289 | Zig:25   | Killed a royal mummy
184289 | Zig:25   | Killed a royal mummy
184289 | Zig:25   | Killed a royal mummy
184289 | Zig:25   | Killed a royal mummy
184290 | Zig:25   | Killed a royal mummy
184290 | Zig:25   | Killed a royal mummy
184290 | Zig:25   | Killed a royal mummy
184290 | Zig:25   | Killed a royal mummy
184290 | Zig:25   | Noticed a royal mummy
184291 | Zig:25   | Killed a royal mummy
184291 | Zig:25   | Killed a royal mummy
184291 | Zig:25   | Noticed a royal mummy
184293 | Zig:25   | Killed a royal mummy
184293 | Zig:25   | Killed a royal mummy
184293 | Zig:25   | Noticed a royal mummy
184294 | Zig:25   | Killed a royal mummy
184294 | Zig:25   | Noticed a royal mummy
184296 | Zig:25   | Noticed a royal mummy
184297 | Zig:25   | Noticed a royal mummy
184298 | Zig:25   | Killed a royal mummy
184298 | Zig:25   | Killed a royal mummy
184299 | Zig:25   | Noticed a royal mummy
184300 | Zig:25   | Noticed a royal mummy
184301 | Zig:25   | Noticed a royal mummy
184301 | Zig:25   | Noticed a royal mummy
184302 | Zig:25   | Noticed a royal mummy
184303 | Zig:25   | Killed a royal mummy
184303 | Zig:25   | Killed a royal mummy
184303 | Zig:25   | Killed a royal mummy
184304 | Zig:25   | Killed a royal mummy
184304 | Zig:25   | Noticed a royal mummy
184305 | Zig:25   | Noticed a royal mummy
184305 | Zig:25   | Noticed a royal mummy
184306 | Zig:25   | Noticed a royal mummy
184307 | Zig:25   | Noticed a royal mummy
184308 | Zig:25   | Killed a royal mummy
184308 | Zig:25   | Killed a royal mummy
184308 | Zig:25   | Killed a royal mummy
184310 | Zig:25   | Killed a royal mummy
184310 | Zig:25   | Killed a royal mummy
184310 | Zig:25   | Killed a royal mummy
184310 | Zig:25   | Killed a royal mummy
184312 | Zig:25   | Killed a royal mummy
184313 | Zig:25   | Noticed a royal mummy
184318 | Zig:25   | Found the +6 shillelagh "Devastator" {shatter}
184319 | Zig:25   | Killed a royal mummy
184487 | Zig:25   | Identified the amulet "Jaosotz" {Reflect rElec rC+ rCorr
                  | Int+2 SH+5}
184489 | Zig:25   | Identified the +7 plate armour of Bitterness {+Inv Int+2
                  | Slay+4 Stlth-}
184491 | Zig:25   | Identified the ring "Ryuzaff" {rC+ Int+6 Dex+3}
184502 | Zig:25   | Identified the +8 short sword of Melee {venom, Str+3}
184876 | Zig:25   | Identified the ring "Jurawun" {rElec EV+5 Int+2 Dex+2}
184877 | Zig:25   | Identified the staff "Visoh" {rC- rN+ Str-3 Dex+9 Conj}
184881 | Zig:25   | Identified the staff of In Flagrante Delicto {rN+ Int+3
                  | Necro}
184886 | Zig:25   | Identified the +9 mace "Gykix" {drain, rPois Will+ Str+3
                  | Dex+4}
184892 | Zig:25   | Identified the +6 arbalest "Damariek" {drain, Contam Fly
                  | Str+8 Int-4}
184942 | Zig:26   | Entered Level 26 of a ziggurat
184981 | Zig:26   | Identified the +1 rapier of Fejyohirgh {flame, Int+2}
185343 | Zig:26   | Identified the amulet "Huelecw" {Regen+ Slay+2}
185392 | Zig:26   | Identified the +1 leather armour of Kulisoex {rN+ Will+
                  | SInv}
185394 | Zig:26   | Identified the +0 scimitar "Weere" {spect, rF+ rN+ rCorr
                  | Dex-5}
185422 | Zig:26   | Identified the staff "Annuh" {Fragile rPois rC+ Will+
                  | Poison}
185423 | Zig:26   | Identified the amulet "Moroet" {rF- Regen+ Dex+6}
185580 | Zig:27   | Entered Level 27 of a ziggurat
185603 | Zig:27   | Found the +27 heavy crossbow "Sniper" {heavy, Acc+∞ SInv}
185791 | Zig:27   | Identified the ring "Dabis" {Fire Int+3 Dex+3}
185802 | Zig:27   | Identified the +4 whip "Poholupt" {drain, rF+++ rC+ rN+
                  | Str-3}
185818 | Zig:27   | Identified the +9 scimitar of Fimbulwinter {protect, +Blink
                  | Int+4 Stlth+}
185820 | Zig:27   | Identified the ring of Ymif {Will+ Slay+2 Stlth+}
185834 | Zig:27   | Identified the +8 plate armour of Suampur {rPois Str+5
                  | Stlth-}
185841 | Zig:27   | Identified the ring "Xoq Cun" {Fly rF+ Will+}
186355 | Zig:1    | Entered Level 1 of a ziggurat
186355 | Zig:1    | Noticed a royal mummy
186361 | Zig:1    | Killed a royal mummy
186485 | Zig:2    | Entered Level 2 of a ziggurat
186583 | Zig:3    | Entered Level 3 of a ziggurat
186701 | Zig:4    | Entered Level 4 of a ziggurat
186797 | Zig:4    | Identified the +1 pair of boots "Fap Poesa" {Rampage rN+
                  | Regen+ Dex+3}
186813 | Zig:4    | Identified the +6 orcbow "Iraifynk" {drain, Str+4}
186842 | Zig:5    | Entered Level 5 of a ziggurat
186847 | Zig:5    | Noticed Oxkuwneh the pandemonium lord
186853 | Zig:5    | Killed Oxkuwneh the pandemonium lord
187004 | Zig:5    | Identified the ring "Inamog" {Contam rElec rN+ Will+ Int+4}
187060 | Zig:6    | Entered Level 6 of a ziggurat
187273 | Zig:7    | Entered Level 7 of a ziggurat
187451 | Zig:7    | Identified the +8 shortbow of the Shallot {freeze, rF+}
187527 | Zig:8    | Entered Level 8 of a ziggurat
187536 | Zig:8    | Found the +5 Lochaber axe {reach-cleave, Poleaxe Drain}
187725 | Zig:8    | Identified the +11 glaive "Tuluomm" {freeze, rC++}
187727 | Zig:8    | Identified the +0 scale mail of the Enchanted Forest {rC+++
                  | Str-3 Int+3}
187729 | Zig:8    | Identified the amulet of Suuseth {Faith rC++ rN++ Str-3}
187775 | Zig:9    | Entered Level 9 of a ziggurat
187786 | Zig:9    | Found the ring of the Octopus King
187947 | Zig:9    | Identified the ring "Mujoimuj" {Wiz Fly rF- Str+4}
188035 | Zig:9    | Identified a ring of the Octopus King {rN+ HP+2 AC+2 EV+2
                  | SH+2}
188039 | Zig:9    | Identified the staff "Bizxoar" {rPois Will- Str+3 Stlth+
                  | Poison}
188048 | Zig:10   | Entered Level 10 of a ziggurat
188048 | Zig:10   | Noticed a juggernaut
188048 | Zig:10   | Noticed a juggernaut
188048 | Zig:10   | Noticed a juggernaut
188048 | Zig:10   | Noticed a juggernaut
188048 | Zig:10   | Noticed a juggernaut
188048 | Zig:10   | Noticed a juggernaut
188049 | Zig:10   | Killed a juggernaut
188049 | Zig:10   | Killed a juggernaut
188049 | Zig:10   | Killed a juggernaut
188049 | Zig:10   | Killed a juggernaut
188049 | Zig:10   | Killed a juggernaut
188052 | Zig:10   | Noticed a juggernaut
188054 | Zig:10   | Killed a juggernaut
188054 | Zig:10   | Killed a juggernaut
188056 | Zig:10   | Found the +9 sword of Zonguldrok {reap}
188360 | Zig:10   | Identified the +9 spear of Experimentation {heavy, rElec
                  | rPois Will- Stlth+}
188365 | Zig:10   | Identified the +1 falchion of Bread {protect, *Slow Fly
                  | Dex+2}
188402 | Zig:11   | Entered Level 11 of a ziggurat
188410 | Zig:11   | Paralysed by an air elemental for 1 turns
188594 | Zig:11   | Identified the +2 whip of Bodily Harmony {heavy, rElec
                  | Int+2}
188595 | Zig:11   | Identified the +8 war axe "Diblat" {flame, Int+5}
188606 | Zig:11   | Identified the +2 leather armour of the Gloaming {rPois
                  | Str+2 Dex+2}
188627 | Zig:11   | Identified the +1 ring mail "Ycadox" {Dex+3}
188628 | Zig:11   | Identified the +0 great sword of Perversion {antimagic, rC-
                  | Int+3 Dex+4}
188643 | Zig:11   | Identified the staff "Donnebea" {Fly rElec rF+ Str-3 Air}
188755 | Zig:12   | Entered Level 12 of a ziggurat
189036 | Zig:12   | Identified the amulet "Ithiem" {Reflect rF+ SH+5}
189038 | Zig:12   | Identified the +6 spear of the Quick God {heavy, rPois}
189049 | Zig:12   | Identified the staff "Pawog" {rC+ Str-2 Int+3 Stlth+ Conj}
189066 | Zig:12   | Acquired a manual of Ranged Weapons
189082 | Zig:13   | Entered Level 13 of a ziggurat
189098 | Zig:13   | Found the +3 warlock's mirror {omnireflect}
189296 | Zig:13   | Identified the amulet of Vaekled {Reflect rC+ rCorr Slay+2
                  | SH+5}
189297 | Zig:13   | Identified the staff of Contention {rC+ Str+4 SInv Ice}
189300 | Zig:13   | Identified the +5 quarterstaff of the Asp {heavy, Will-
                  | rCorr Str+3}
189308 | Zig:13   | Identified the +5 scimitar of Tyujogh {drain, rF++}
189512 | Zig:14   | Entered Level 14 of a ziggurat
189512 | Zig:14   | Noticed a juggernaut
189512 | Zig:14   | Noticed a juggernaut
189513 | Zig:14   | Noticed a juggernaut
189515 | Zig:14   | Killed a juggernaut
189515 | Zig:14   | Killed a juggernaut
189518 | Zig:14   | Noticed a juggernaut
189519 | Zig:14   | Noticed a juggernaut
189520 | Zig:14   | Killed a juggernaut
189520 | Zig:14   | Killed a juggernaut
189521 | Zig:14   | Noticed a juggernaut
189522 | Zig:14   | Noticed a juggernaut
189522 | Zig:14   | Noticed a juggernaut
189525 | Zig:14   | Killed a juggernaut
189525 | Zig:14   | Killed a juggernaut
189525 | Zig:14   | Killed a juggernaut
189525 | Zig:14   | Killed a juggernaut
189944 | Zig:14   | Identified the +0 triple sword "Mopha" {venom, rElec Str+3
                  | Stlth+}
189978 | Zig:14   | Identified the +3 quarterstaff "Zeunamm" {speed, rC++ rCorr
                  | Str-5 Stlth+}
190035 | Zig:15   | Entered Level 15 of a ziggurat
190039 | Zig:15   | Noticed Vagoony the pandemonium lord
190039 | Zig:15   | Noticed Ziclim the pandemonium lord
190039 | Zig:15   | Noticed Qesu the pandemonium lord
190039 | Zig:15   | Noticed Ruef Fev the pandemonium lord
190040 | Zig:15   | Noticed Womucwe the pandemonium lord
190040 | Zig:15   | Noticed Burph the pandemonium lord
190040 | Zig:15   | Noticed Zeycleergh the pandemonium lord
190040 | Zig:15   | Noticed Jivaot the pandemonium lord
190040 | Zig:15   | Noticed Nesug the pandemonium lord
190040 | Zig:15   | Noticed Heywkopt the pandemonium lord
190040 | Zig:15   | Noticed Cocrifes the pandemonium lord
190040 | Zig:15   | Noticed Wuenishu the pandemonium lord
190041 | Zig:15   | Noticed Omiowawn the pandemonium lord
190041 | Zig:15   | Noticed Vefopuu the pandemonium lord
190044 | Zig:15   | Noticed Gyoc the pandemonium lord
190044 | Zig:15   | Noticed Lipsiug the pandemonium lord
190044 | Zig:15   | Noticed Ykowk the pandemonium lord
190045 | Zig:15   | Killed Burph the pandemonium lord
190045 | Zig:15   | Noticed Usuurul the pandemonium lord
190046 | Zig:15   | Noticed Veuteyg the pandemonium lord
190046 | Zig:15   | Killed Jivaot the pandemonium lord
190046 | Zig:15   | Killed Zeycleergh the pandemonium lord
190046 | Zig:15   | Killed Wuenishu the pandemonium lord
190046 | Zig:15   | Killed Cocrifes the pandemonium lord
190046 | Zig:15   | Killed Ruef Fev the pandemonium lord
190046 | Zig:15   | Killed Ziclim the pandemonium lord
190046 | Zig:15   | Killed Nesug the pandemonium lord
190046 | Zig:15   | Noticed Rigausk the pandemonium lord
190047 | Zig:15   | Noticed Holock the pandemonium lord
190047 | Zig:15   | Killed Womucwe the pandemonium lord
190047 | Zig:15   | Killed Qesu the pandemonium lord
190047 | Zig:15   | Killed Gyoc the pandemonium lord
190047 | Zig:15   | Killed Omiowawn the pandemonium lord
190048 | Zig:15   | Killed Usuurul the pandemonium lord
190048 | Zig:15   | Killed Lipsiug the pandemonium lord
190048 | Zig:15   | Noticed Yphoiva the pandemonium lord
190048 | Zig:15   | Noticed Uhoerar the pandemonium lord
190048 | Zig:15   | Noticed Rascho the pandemonium lord
190049 | Zig:15   | Killed Heywkopt the pandemonium lord
190049 | Zig:15   | Killed Vagoony the pandemonium lord
190049 | Zig:15   | Noticed Jelih the pandemonium lord
190051 | Zig:15   | Noticed Ycoc the pandemonium lord
190052 | Zig:15   | Killed Yphoiva the pandemonium lord
190052 | Zig:15   | Killed Rigausk the pandemonium lord
190052 | Zig:15   | Killed Holock the pandemonium lord
190052 | Zig:15   | Killed Uhoerar the pandemonium lord
190052 | Zig:15   | Killed Ykowk the pandemonium lord
190052 | Zig:15   | Killed Vefopuu the pandemonium lord
190053 | Zig:15   | Noticed Faonecwa the pandemonium lord
190053 | Zig:15   | Noticed Niura the pandemonium lord
190054 | Zig:15   | Killed Rascho the pandemonium lord
190055 | Zig:15   | Noticed Seeff the pandemonium lord
190055 | Zig:15   | Noticed Jeoggos the pandemonium lord
190058 | Zig:15   | Killed Ycoc the pandemonium lord
190058 | Zig:15   | Killed Jelih the pandemonium lord
190059 | Zig:15   | Noticed Deron the pandemonium lord
190060 | Zig:15   | Killed Niura the pandemonium lord
190060 | Zig:15   | Killed Veuteyg the pandemonium lord
190061 | Zig:15   | Noticed Bargh the pandemonium lord
190062 | Zig:15   | Killed Jeoggos the pandemonium lord
190062 | Zig:15   | Killed Seeff the pandemonium lord
190064 | Zig:15   | Killed Bargh the pandemonium lord
190066 | Zig:15   | Killed Faonecwa the pandemonium lord
190067 | Zig:15   | Killed Deron the pandemonium lord
190347 | Zig:15   | Identified the +0 cloak "Saisean" {Will++ Str-2}
190360 | Zig:16   | Entered Level 16 of a ziggurat
190595 | Zig:16   | Identified the +8 chain mail of the Loving Gods {Rampage
                  | rN++ Dex+3}
190605 | Zig:16   | Identified the ring of the Jumping Gods {Ice rPois}
190657 | Zig:16   | Identified the ring "Ivurai" {AC+4 Int+8 Dex-2 SInv}
190694 | Zig:17   | Entered Level 17 of a ziggurat
190858 | Zig:17   | Identified the amulet "Itaimeav" {Faith -Tele Str+5}
190860 | Zig:17   | Identified the +5 morningstar "Hell-Harrower" {heavy, rPois
                  | rC+}
190864 | Zig:17   | Identified the amulet "Samopluo" {Faith rF+ rN+ Int-2
                  | Dex+5}
190900 | Zig:17   | Identified the +10 spear of Turmoil {protect, rC+ Int+4}
190906 | Zig:17   | Identified the +10 plate armour "Xuuhunn" {+Blink rN+}
190917 | Zig:17   | Identified the +1 leather armour of Sif Muna, Sharing
                  | {Will+}
191041 | Zig:18   | Entered Level 18 of a ziggurat
191042 | Zig:18   | Noticed a juggernaut
191042 | Zig:18   | Noticed a juggernaut
191042 | Zig:18   | Noticed a juggernaut
191042 | Zig:18   | Noticed a juggernaut
191042 | Zig:18   | Noticed a juggernaut
191042 | Zig:18   | Noticed a juggernaut
191042 | Zig:18   | Noticed a juggernaut
191042 | Zig:18   | Noticed a juggernaut
191042 | Zig:18   | Noticed a juggernaut
191042 | Zig:18   | Noticed a juggernaut
191043 | Zig:18   | Noticed a juggernaut
191043 | Zig:18   | Noticed a juggernaut
191043 | Zig:18   | Noticed a juggernaut
191043 | Zig:18   | Noticed a juggernaut
191043 | Zig:18   | Noticed a juggernaut
191043 | Zig:18   | Noticed a juggernaut
191043 | Zig:18   | Noticed a juggernaut
191043 | Zig:18   | Found the +11 plutonium sword {Contam Stlth-}
191044 | Zig:18   | Noticed a juggernaut
191044 | Zig:18   | Noticed a juggernaut
191045 | Zig:18   | Killed a juggernaut
191045 | Zig:18   | Killed a juggernaut
191045 | Zig:18   | Killed a juggernaut
191045 | Zig:18   | Killed a juggernaut
191045 | Zig:18   | Killed a juggernaut
191045 | Zig:18   | Killed a juggernaut
191045 | Zig:18   | Killed a juggernaut
191045 | Zig:18   | Killed a juggernaut
191045 | Zig:18   | Killed a juggernaut
191045 | Zig:18   | Killed a juggernaut
191045 | Zig:18   | Killed a juggernaut
191045 | Zig:18   | Killed a juggernaut
191045 | Zig:18   | Killed a juggernaut
191045 | Zig:18   | Noticed a juggernaut
191046 | Zig:18   | Killed a juggernaut
191046 | Zig:18   | Killed a juggernaut
191046 | Zig:18   | Killed a juggernaut
191046 | Zig:18   | Killed a juggernaut
191046 | Zig:18   | Noticed a juggernaut
191047 | Zig:18   | Killed a juggernaut
191047 | Zig:18   | Killed a juggernaut
191048 | Zig:18   | Killed a juggernaut
191049 | Zig:18   | Noticed a juggernaut
191051 | Zig:18   | Killed a juggernaut
191051 | Zig:18   | Killed a juggernaut
191304 | Zig:18   | Identified the +10 long sword "Tinaladiag" {freeze, rN+
                  | Str+2 Dex+3 Stlth-}
191368 | Zig:19   | Entered Level 19 of a ziggurat
191372 | Zig:19   | Found the +3 giant club "Skullcrusher" {speed, Str+7}
191521 | Zig:19   | Identified the +6 battleaxe of Vanity {drain, rN+}
191856 | Zig:20   | Entered Level 20 of a ziggurat
191860 | Zig:20   | Noticed Kapupsia the pandemonium lord
191861 | Zig:20   | Noticed Aleomewkiu the pandemonium lord
191861 | Zig:20   | Noticed Meawn the pandemonium lord
191861 | Zig:20   | Noticed Qason the pandemonium lord
191861 | Zig:20   | Noticed Piaqun the pandemonium lord
191861 | Zig:20   | Noticed Tisovang the pandemonium lord
191861 | Zig:20   | Noticed Iceosiohai the pandemonium lord
191861 | Zig:20   | Noticed Biesunwi the pandemonium lord
191861 | Zig:20   | Noticed Rufuc the pandemonium lord
191861 | Zig:20   | Noticed Nogoil the pandemonium lord
191861 | Zig:20   | Noticed Toufaf the pandemonium lord
191861 | Zig:20   | Noticed Zuito the pandemonium lord
191861 | Zig:20   | Noticed Sejiapn the pandemonium lord
191861 | Zig:20   | Noticed Otrewak the pandemonium lord
191861 | Zig:20   | Noticed Lesy the pandemonium lord
191861 | Zig:20   | Noticed Umips the pandemonium lord
191861 | Zig:20   | Noticed Ipum the pandemonium lord
191861 | Zig:20   | Noticed Kyeschut the pandemonium lord
191861 | Zig:20   | Noticed Zeybib the pandemonium lord
191861 | Zig:20   | Noticed Fuylargh the pandemonium lord
191862 | Zig:20   | Noticed Batrijym the pandemonium lord
191862 | Zig:20   | Noticed Ebriupu the pandemonium lord
191862 | Zig:20   | Noticed Hihirrox the pandemonium lord
191863 | Zig:20   | Noticed Unicwoz the pandemonium lord
191863 | Zig:20   | Killed Aleomewkiu the pandemonium lord
191863 | Zig:20   | Killed Piaqun the pandemonium lord
191863 | Zig:20   | Killed Tisovang the pandemonium lord
191863 | Zig:20   | Killed Zeybib the pandemonium lord
191863 | Zig:20   | Killed Zuito the pandemonium lord
191863 | Zig:20   | Killed Nogoil the pandemonium lord
191863 | Zig:20   | Killed Sejiapn the pandemonium lord
191863 | Zig:20   | Killed Qason the pandemonium lord
191863 | Zig:20   | Killed Ipum the pandemonium lord
191864 | Zig:20   | Killed Kyeschut the pandemonium lord
191864 | Zig:20   | Killed Fuylargh the pandemonium lord
191864 | Zig:20   | Killed Umips the pandemonium lord
191864 | Zig:20   | Noticed Riwedeca the pandemonium lord
191864 | Zig:20   | Noticed Soaqemuc the pandemonium lord
191865 | Zig:20   | Killed Otrewak the pandemonium lord
191865 | Zig:20   | Killed Biesunwi the pandemonium lord
191865 | Zig:20   | Killed Hihirrox the pandemonium lord
191865 | Zig:20   | Killed Rufuc the pandemonium lord
191866 | Zig:20   | Noticed Hapnaqig the pandemonium lord
191866 | Zig:20   | Noticed Vittompe the pandemonium lord
191866 | Zig:20   | Noticed Rinuac the pandemonium lord
191866 | Zig:20   | Noticed Ilekesou the pandemonium lord
191866 | Zig:20   | Noticed Tuimewnosch the pandemonium lord
191866 | Zig:20   | Noticed Dagyttoa the pandemonium lord
191866 | Zig:20   | Noticed Poaq the pandemonium lord
191866 | Zig:20   | Noticed Keaploerr the pandemonium lord
191866 | Zig:20   | Noticed Sies Qis the pandemonium lord
191866 | Zig:20   | Noticed Upseqim the pandemonium lord
191866 | Zig:20   | Noticed Athreasu the pandemonium lord
191866 | Zig:20   | Noticed Eggyud the pandemonium lord
191866 | Zig:20   | Found the +0 pair of fencer's gloves {Riposte Dex+3}
191866 | Zig:20   | Killed Lesy the pandemonium lord
191867 | Zig:20   | Killed Soaqemuc the pandemonium lord
191867 | Zig:20   | Killed Dagyttoa the pandemonium lord
191867 | Zig:20   | Killed Riwedeca the pandemonium lord
191867 | Zig:20   | Killed Poaq the pandemonium lord
191867 | Zig:20   | Killed Toufaf the pandemonium lord
191867 | Zig:20   | Killed Meawn the pandemonium lord
191867 | Zig:20   | Killed Upseqim the pandemonium lord
191868 | Zig:20   | Killed Ebriupu the pandemonium lord
191868 | Zig:20   | Killed Unicwoz the pandemonium lord
191868 | Zig:20   | Killed Tuimewnosch the pandemonium lord
191868 | Zig:20   | Killed Rinuac the pandemonium lord
191868 | Zig:20   | Killed Ilekesou the pandemonium lord
191868 | Zig:20   | Killed Keaploerr the pandemonium lord
191868 | Zig:20   | Killed Batrijym the pandemonium lord
191868 | Zig:20   | Killed Hapnaqig the pandemonium lord
191869 | Zig:20   | Killed Eggyud the pandemonium lord
191869 | Zig:20   | Killed Iceosiohai the pandemonium lord
191869 | Zig:20   | Killed Athreasu the pandemonium lord
191870 | Zig:20   | Killed Sies Qis the pandemonium lord
191870 | Zig:20   | Killed Vittompe the pandemonium lord
191870 | Zig:20   | Killed Kapupsia the pandemonium lord
192206 | Zig:20   | Identified the ring "Luverr" {rF+ rC+ AC+4 Int-5}
192224 | Zig:20   | Identified the ring of Apsyax {rPois rC+ Int+3}
192232 | Zig:20   | Identified the +9 quarterstaff of Qaicw {flame, Dex+3}
192241 | Zig:20   | Identified the +5 giant club "Saoss" {pain, rElec}
192244 | Zig:20   | Identified the +6 spear "Lips" {vamp, rPois rC- rCorr
                  | Int-3}
192246 | Zig:20   | Identified the +1 falchion "Makh" {protect, Fragile rF+
                  | rN++ Int+4}
192311 | Zig:21   | Entered Level 21 of a ziggurat
192311 | Zig:21   | Noticed a dread lich
192315 | Zig:21   | Reached skill level 27 in Staves
192315 | Zig:21   | Killed a dread lich
192510 | Zig:21   | Identified the +6 falchion "Mosiril" {holy, Fly rPois Int-5
                  | Dex-3}
192534 | Zig:21   | Identified the ring "Vajyicvo" {AC+4 Str+7}
192795 | Zig:22   | Entered Level 22 of a ziggurat
192800 | Zig:22   | Noticed Noarghasi the pandemonium lord
192801 | Zig:22   | Noticed Ysmoi the pandemonium lord
192801 | Zig:22   | Noticed Hotec the pandemonium lord
192801 | Zig:22   | Noticed Adonuleh the pandemonium lord
192801 | Zig:22   | Noticed Xiewkoh the pandemonium lord
192801 | Zig:22   | Noticed Ykupseemp the pandemonium lord
192801 | Zig:22   | Noticed Beerch the pandemonium lord
192801 | Zig:22   | Noticed Dovinainti the pandemonium lord
192801 | Zig:22   | Noticed Iseyfi the pandemonium lord
192801 | Zig:22   | Noticed Baorar the pandemonium lord
192801 | Zig:22   | Noticed Wusuru the pandemonium lord
192801 | Zig:22   | Noticed Cepet the pandemonium lord
192801 | Zig:22   | Noticed Gurhipn the pandemonium lord
192801 | Zig:22   | Noticed Adixovve the pandemonium lord
192801 | Zig:22   | Noticed Ocuaczof the pandemonium lord
192801 | Zig:22   | Noticed Loblibb the pandemonium lord
192801 | Zig:22   | Noticed Efucuuj the pandemonium lord
192801 | Zig:22   | Noticed Wugeixon the pandemonium lord
192801 | Zig:22   | Noticed Reaf the pandemonium lord
192801 | Zig:22   | Noticed Jocog the pandemonium lord
192801 | Zig:22   | Noticed Lyahuod the pandemonium lord
192801 | Zig:22   | Noticed Cicuhag the pandemonium lord
192801 | Zig:22   | Noticed Naguef the pandemonium lord
192801 | Zig:22   | Noticed Litonn the pandemonium lord
192801 | Zig:22   | Noticed Lupruane the pandemonium lord
192801 | Zig:22   | Noticed Tatoah the pandemonium lord
192801 | Zig:22   | Noticed Jeredd the pandemonium lord
192801 | Zig:22   | Noticed Oguddumu the pandemonium lord
192801 | Zig:22   | Noticed Gept the pandemonium lord
192801 | Zig:22   | Noticed Jaal the pandemonium lord
192803 | Zig:22   | Noticed Fueph the pandemonium lord
192803 | Zig:22   | Killed Loblibb the pandemonium lord
192803 | Zig:22   | Killed Ysmoi the pandemonium lord
192803 | Zig:22   | Killed Wugeixon the pandemonium lord
192803 | Zig:22   | Killed Jaal the pandemonium lord
192803 | Zig:22   | Killed Litonn the pandemonium lord
192803 | Zig:22   | Killed Xiewkoh the pandemonium lord
192803 | Zig:22   | Killed Ocuaczof the pandemonium lord
192803 | Zig:22   | Killed Cepet the pandemonium lord
192803 | Zig:22   | Killed Baorar the pandemonium lord
192803 | Zig:22   | Killed Gept the pandemonium lord
192803 | Zig:22   | Noticed Faamn the pandemonium lord
192803 | Zig:22   | Noticed Setuofawk the pandemonium lord
192803 | Zig:22   | Killed Oguddumu the pandemonium lord
192803 | Zig:22   | Noticed Fithri the pandemonium lord
192804 | Zig:22   | Noticed Kigakkich the pandemonium lord
192804 | Zig:22   | Noticed Onis the pandemonium lord
192804 | Zig:22   | Noticed Iladgh Vucvu the pandemonium lord
192804 | Zig:22   | Noticed Rino the pandemonium lord
192804 | Zig:22   | Noticed Alueduqu the pandemonium lord
192804 | Zig:22   | Noticed Ifaufyst the pandemonium lord
192804 | Zig:22   | Noticed Idimn the pandemonium lord
192804 | Zig:22   | Noticed Ocaobbuo the pandemonium lord
192804 | Zig:22   | Noticed Hubruj Tuogg the pandemonium lord
192804 | Zig:22   | Noticed Biniheb the pandemonium lord
192804 | Zig:22   | Noticed Xatroriet the pandemonium lord
192804 | Zig:22   | Noticed Durralen the pandemonium lord
192804 | Zig:22   | Noticed Zenecagu the pandemonium lord
192804 | Zig:22   | Noticed Ypperie the pandemonium lord
192804 | Zig:22   | Noticed Jidun the pandemonium lord
192804 | Zig:22   | Noticed Jerhe Umuq the pandemonium lord
192804 | Zig:22   | Noticed Qitid the pandemonium lord
192804 | Zig:22   | Noticed Etiomuac the pandemonium lord
192804 | Zig:22   | Noticed Zehane the pandemonium lord
192804 | Zig:22   | Found the ring of the Octopus King
192804 | Zig:22   | Killed Adonuleh the pandemonium lord
192804 | Zig:22   | Killed Beerch the pandemonium lord
192804 | Zig:22   | Noticed Lemaeleo the pandemonium lord
192805 | Zig:22   | Killed Hotec the pandemonium lord
192805 | Zig:22   | Killed Dovinainti the pandemonium lord
192805 | Zig:22   | Killed Lemaeleo the pandemonium lord
192805 | Zig:22   | Killed Adixovve the pandemonium lord
192805 | Zig:22   | Killed Reaf the pandemonium lord
192806 | Zig:22   | Reached skill level 27 in Maces & Flails
192807 | Zig:22   | Killed Naguef the pandemonium lord
192807 | Zig:22   | Killed Cicuhag the pandemonium lord
192808 | Zig:22   | Killed Durralen the pandemonium lord
192809 | Zig:22   | Killed Jeredd the pandemonium lord
192810 | Zig:22   | Killed Ykupseemp the pandemonium lord
192810 | Zig:22   | Killed Setuofawk the pandemonium lord
192810 | Zig:22   | Killed Noarghasi the pandemonium lord
192810 | Zig:22   | Killed Jocog the pandemonium lord
192811 | Zig:22   | Killed Lyahuod the pandemonium lord
192812 | Zig:22   | Killed Lupruane the pandemonium lord
192812 | Zig:22   | Killed Iseyfi the pandemonium lord
192813 | Zig:22   | Killed Tatoah the pandemonium lord
192814 | Zig:22   | Killed Efucuuj the pandemonium lord
192814 | Zig:22   | Killed Fueph the pandemonium lord
192815 | Zig:22   | Reached skill level 27 in Ranged Weapons
192817 | Zig:22   | Killed Jidun the pandemonium lord
192817 | Zig:22   | Killed Onis the pandemonium lord
192818 | Zig:22   | Killed Ypperie the pandemonium lord
192821 | Zig:22   | Killed Ocaobbuo the pandemonium lord
192833 | Zig:22   | Killed Kigakkich the pandemonium lord
192836 | Zig:22   | Killed Zenecagu the pandemonium lord
192836 | Zig:22   | Killed Hubruj Tuogg the pandemonium lord
192836 | Zig:22   | Killed Iladgh Vucvu the pandemonium lord
192836 | Zig:22   | Killed Wusuru the pandemonium lord
192836 | Zig:22   | Killed Alueduqu the pandemonium lord
192837 | Zig:22   | Killed Qitid the pandemonium lord
192838 | Zig:22   | Killed Ifaufyst the pandemonium lord
192839 | Zig:22   | Killed Etiomuac the pandemonium lord
192839 | Zig:22   | Killed Biniheb the pandemonium lord
192839 | Zig:22   | Killed Faamn the pandemonium lord
192839 | Zig:22   | Killed Fithri the pandemonium lord
192842 | Zig:22   | Killed Xatroriet the pandemonium lord
192843 | Zig:22   | Killed Zehane the pandemonium lord
192843 | Zig:22   | Killed Gurhipn the pandemonium lord
192843 | Zig:22   | Killed Rino the pandemonium lord
192845 | Zig:22   | Killed Idimn the pandemonium lord
192846 | Zig:22   | Reached skill level 27 in Long Blades
192848 | Zig:22   | Killed Jerhe Umuq the pandemonium lord
193155 | Zig:22   | Identified the +2 dagger of Nankat {spect, rC+}
193157 | Zig:22   | Identified the +0 scimitar of the Morning {pain, Dex+5}
193159 | Zig:22   | Identified the ring "Pefetuh" {rC+ Dex+3}
193174 | Zig:22   | Identified a ring of the Octopus King {HP+2 MP+9 AC+2 EV+2
                  | SH+2}
193251 | Zig:23   | Entered Level 23 of a ziggurat
193262 | Zig:23   | Reached skill level 27 in Unarmed Combat
193263 | Zig:23   | Reached skill level 27 in Hexes
193266 | Zig:23   | Reached skill level 27 in Short Blades
193266 | Zig:23   | Reached skill level 27 in Summonings
193272 | Zig:23   | Noticed an ancient lich
193274 | Zig:23   | Killed an ancient lich
193275 | Zig:23   | Reached skill level 27 in Axes
193291 | Zig:23   | Found the +10 morningstar "Eos" {elec, Halo rElec}
193427 | Zig:23   | Identified the staff "Yggal" {rElec rC+ rN++ Str-4 SInv
                  | Ice}
193437 | Zig:23   | Identified the amulet of the Clam {Faith MP+9 Int+4 Slay+3}
193441 | Zig:23   | Identified the +5 long sword of Starshine {venom, Int+3
                  | Dex+3 SInv}
193451 | Zig:23   | Identified the +11 great sword of Jeareu {vamp, Str+4 SInv}
193452 | Zig:23   | Identified the staff "Eviscerator" {rElec rPois Will++
                  | Dex+3 Stlth- Conj}
193468 | Zig:23   | Identified the ring of Duxuaqan {rF+ AC+4}
193936 | Zot:5    | Got the Orb of Zot
194001 | Zot:4    | Noticed Ylauhaemef the pandemonium lord
194002 | Zot:4    | Killed Ylauhaemef the pandemonium lord
194007 | Zot:4    | Noticed Kiahomn the pandemonium lord
194012 | Zot:4    | Killed Kiahomn the pandemonium lord
194594 | D:1      | Noticed Taidy the pandemonium lord
194600 | D:1      | Noticed a seraph
194604 | D:1      | Killed a seraph
194607 | D:1      | Killed Taidy the pandemonium lord
194705 | D:1      | Noticed Lufapt the pandemonium lord
194708 | D:1      | Killed Lufapt the pandemonium lord
194752 | D:1      | Noticed Icicry the pandemonium lord
194772 | D:1      | Killed Icicry the pandemonium lord
194806 | D:1      | Noticed Vall the pandemonium lord
194831 | D:1      | Killed Vall the pandemonium lord
195042 | D:1      | Noticed Cafomyo the pandemonium lord
195068 | D:1      | Killed Cafomyo the pandemonium lord
195293 | D:1      | Noticed Voadgh the pandemonium lord
195297 | D:1      | Killed Voadgh the pandemonium lord
195490 | D:1      | Noticed Asku the pandemonium lord
195492 | D:1      | Killed Asku the pandemonium lord
195922 | D:1      | Noticed Naxoeze the pandemonium lord
195927 | D:1      | Killed Naxoeze the pandemonium lord
196011 | D:$      | Escaped with the Orb!

Illustrated notes

Levels and vault maps discovered:
D:1:      minmay_arrival_arboretum_small, layout_basic, serial_shops,
          nicolae_shop_rolling_square, minmay_misc_feat_rugged,
          kennysheep_flooded_box, chequers_serial_rivers_micro_c,
          chequers_serial_rivers_micro_c, minmay_split_cup_large
D:2:      layout_basic, ebering_ecumenical_altar_rust
D:3:      layout_loops_ring, nicolae_hepliaklqana_hippocampus,
          nicolae_gozag_cash_rules_everything_around_me,
          mainiacjoe_overflow_surrounded_room,
          nicolae_ru_great_annihilating_truth, uniq_pargi
D:4:      layout_basic, gup_sewer_entry_bubbles
D:5:      layout_loops_corners, old_standard_altar,
          mainiacjoe_overflow_chevrons, nicolae_elyvilon_peaceful_grove,
          amcnicky_mini_rare_corridor_liquid, minmay_misc_feat_x, uniq_sigmund,
          uniq_duvessa, uniq_grinder
D:6:      layout_loops_ring, old_standard_altar
D:7:      layout_basic, nicolae_ashenzari_panopticon, minmay_temple_entry_trees,
          enter_bailey_7
D:8:      hangedman_cross_veins, layout_loops_ring, lemuel_tele_altar,
          uniq_maggie, uniq_pikel
D:9:      layout_basic, general_overflow_altar, dpeg_oklobed_lair, minivault_1
D:10:     layout_basic, mainiacjoe_overflow_small_starburst,
          overflow_temple_1_default, okawaru_metal_pillars_1_2,
          grunt_ministairs_6
D:11:     layout_loops_cross, enter_trove_3, uniq_maurice
D:12:     layout_irregular_city, david_orc_1_choice,
          portal_ice_cave_entry_pillars_2, minmay_variable_closet
D:13:     layout_roguey, david_vaults_4
D:14:     layout_roguey, chequers_serial_rivers_small_b, uniq_josephine
D:15:     grunt_enter_depths_snipers, layout_irregular_city,
          minmay_misc_feat_iff, serial_shops, bzr_entry_dummy,
          minmay_shattered_shrine
Lair:1:   layout_cave_pods, uniq_harold, uniq_nergalle, uniq_fannar
Lair:2:   layout_layer_cave, elwin_shoals_entry_rocks, spider_nest_entry_a,
          nicolae_lair_lindhole, grunt_megastairs_1, serial_bayou_shore_b,
          lemuel_fruit_fields
Lair:3:   layout_hall_layers, serial_bayou_shore_b
Lair:4:   layout_regular_city, slime_entry_1, lemuel_fruit_tree
Lair:5:   due_jungle_book, layout_cave_pods, lemuel_old_faithful,
          lemuel_fruit_fields, uniq_snorg, uniq_kirke
Shoals:1: layout_shoals, nicolae_shoals_wave_tunnel
Shoals:2: layout_shoals
Shoals:3: layout_shoals
Shoals:4: shoals_end_simple, layout_shoals, nicolae_shop_clearance
Spider:1: layout_spider_delve, nicolae_spider_spiderdrome
Spider:2: layout_spider_delve
Spider:3: layout_spider_delve, nicolae_spider_wall_of_niches
Spider:4: grunt_spider_rune_circles, hellmonk_ghost_happy_afterlife, drop_trap,
          uniq_aizul
Slime:1:  layout_caves
Slime:2:  layout_caves, dissolution_awaits
Slime:3:  nicolae_slime_spelunking
Slime:4:  cheibrodos_slime_lost_civilization_1, layout_caves,
          nicolae_slime_rock_hall_of_fame
Slime:5:  slime_pit_nicolae_trefoil
Orc:1:    layout_diamond_mine, uniq_jorgrun
Orc:2:    st_orc_ogre_mass, layout_caves, uniq_nessos
Elf:1:    minmay_elf_arrival_circle, layout_geoelf_diagonals,
          gammafunk_ghost_berserking_beasts, minmay_elf_sorcery, uniq_frances
Elf:2:    nicolae_elf_blades_crystal_corner, layout_onion_city,
          gammafunk_ghost_wrathful_warriors
Elf:3:    minmay_elf_hall_four_x, layout_geoelf_octagon,
          serial_sigils_hangedman_gnaw, minmay_elf_necromancy
Vaults:1: nicolae_vaults_doubleplus_tesselated, nicolae_vaults_little_squares_4,
          v_rooms_5, nicolae_vaults_cochlea, nicolae_vaults_ellipses_ellipsis,
          hangedman_vaults_pinch, nicolae_vaults_variable_pillar_hall,
          hangedman_vaults_trim, nicolae_vaults_little_squares_5, v_misc_25,
          v_alt_pattern_5, nicolae_vaults_trapezoid_lopsided_4,
          layout_vaults_omnicross, serial_shops, shop, shop, shop, shop
Vaults:2: portal_desolation_entry_salt, nicolae_vaults_security_offices_5,
          minmay_crypt_entry_simple_corners, ontoclasm_vaults_decontamination,
          nicolae_vaults_big_ls, nicolae_vaults_network_periphery,
          nicolae_vaults_alarming, nicolae_vaults_offset_grid_hallway_4,
          v_misc_10, nicolae_vaults_offset_grid_hallway_4,
          nicolae_vaults_hallways_thing, nicolae_vaults_apartment_2,
          hangedman_vaults_restitches, layout_vaults_ring, uniq_nikola,
          uniq_frederick, uniq_sojobo
Vaults:3: nicolae_vaults_mush_room, nicolae_vaults_twisting_passages, v_misc_4,
          nicolae_vaults_storage_closets_2, ontoclasm_vaults_fault,
          nicolae_vaults_two_Ls, v_pattern_1, nicolae_vaults_storage_closets_3,
          grunt_vaults_diagonal, nicolae_vaults_little_ls, v_misc_28,
          layout_vaults_chaotic_city, serial_shops, shop
Vaults:4: nicolae_vaults_meiosis, st_lattice, v_misc_22,
          nicolae_vaults_lightning_bolt, nicolae_vaults_puzzle_piece, v_misc_26,
          vaults_mumra_hexcomb, grunt_vaults_swirl, grunt_vaults_funnel,
          nicolae_vaults_little_squares_6, nicolae_vaults_trapezoid_lopsided_3,
          vaults_dpeg_encased_lava, nicolae_vaults_tetromino_L_1,
          nicolae_vaults_little_squares_1, layout_vaults_omnibox
Vaults:5: serial_shops, uniq_mara
Crypt:1:  layout_chaotic_city, hellmonk_scarab_ruin, grunt_crypt_arrival_webbed
Crypt:2:  layout_regular_city, infiniplex_enter_wizlab_glasses
Crypt:3:  david_glass_crypt, layout_chaotic_city, uniq_jory
Tomb:1
Tomb:2
Tomb:3
Depths:1: layout_cave_pools, enter_ziggurat_f, abyss_entry_glasseish,
          serial_sigils_hangedman_confine, hellmouth_1,
          small_chamber_with_monster, dispersion_dpeg, uniq_enchantress
Depths:2: minmay_octo_star, layout_twisted_cross, grunt_hell_entry_dis_mu,
          rand_demon_pan_entry_8, infiniplex_staircase_zigzag_1
Depths:3: gammafunk_mikee_crab_dinner, layout_gridlike, grunt_mini_vestibule,
          nicolae_abyss_entry_one_way_or_another, grunt_pan_entry_in_and_out,
          serial_sigils_hangedman_leer, drop_trap, nicolae_diode_quadrants
Depths:4: grunt_twist_and_shout, layout_gridlike, hangedman_geh_valley,
          serial_shops, nicolae_shop_bloodbath_and_beyond, shop, shop, shop,
          nicolae_shop_advertising_works [nicolae_subvault_shop_adworks],
          serial_bayou_shore_a
Hell
Dis:1:    layout_gridville, nicolae_dis_having_a_grate_time
Dis:2:    layout_jigsaw
Dis:3:    layout_overlapping_boxes, lemuel_mystery_crypt
Dis:4:    layout_subdivisions
Dis:5:    layout_regular_city, nicolae_dis_step_into_the_octagon
Dis:6:    layout_gridville
Dis:7:    dis_grunt_layers
Geh:1:    layout_gehenna_lava_caves
Geh:2:    layout_gehenna_lava_caves
Geh:3:    layout_gehenna_pools_triple, nicolae_geh_niches_of_the_damned
Geh:4:    layout_gehenna_pools_box
Geh:5:    layout_gehenna_lava_caves
Geh:6:    layout_gehenna_lava_caves
Geh:7:    geh_hangedman
Coc:1:    layout_cocytus_water_paths
Coc:2:    nicolae_coc_icebeans_plural [nicolae_sub_coc_subbean,
          nicolae_sub_coc_subbean, nicolae_sub_coc_subbean,
          nicolae_sub_coc_subbean], layout_cocytus_delve,
          nicolae_coc_icebean_singular [nicolae_sub_coc_subbean]
Coc:3:    layout_ice_bergs
Coc:4:    layout_ice_bergs
Coc:5:    layout_cocytus_water_paths
Coc:6:    layout_cocytus_delve, serial_ice, serial_ice_o, serial_ice_d,
          serial_ice_a, serial_ice_e
Coc:7:    coc_grunt
Tar:1:    layout_cathedral_of_symmetry, nicolae_hells_hurtin_island
Tar:2:    layout_honeycomb
Tar:3:    layout_honeycomb, nicolae_tar_cuneiform_to_be, evilmike_ambush
          [evilmike_ambush_outer_corners, evilmike_ambush_inner_cross]
Tar:4:    nicolae_tar_ssshhh
Tar:5:    layout_cathedral_of_symmetry
Tar:6:    layout_catacombs
Tar:7:    tar_grunt_cathedral
Zot:1:    kennysheep_room_grid, layout_gridlike, uniq_parghit
Zot:2:    layout_concentric_octagons, zot_minivault_1, uniq_vv
Zot:3:    layout_basic
Zot:4:    layout_onion_interference, grunt_megastairs_2
Zot:5:    layout_misc_corridors

Skill      XL: |  1  2  3  4  5  6  7  8  9 10 11 12 13 14 15 16 17 18 19 20 21 22 23 24 25 26 27 |
---------------+----------------------------------------------------------------------------------+-----
Fighting       | 1 2 3 4 6 8 9 12 13 15 18 20 27 | 27.0
Spellcasting   | 4 6 8 9 10 12 13 15 18 20 27 | 27.0
Conjurations   | 5 6 9 12 13 19 20 21 27 | 27.0
Dodging        | 5 6 9 10 27 | 27.0
Earth Magic    | 2 9 12 27 | 27.0
Armour         | 3 4 11 14 27 | 27.0
Fire Magic     | 8 12 15 17 18 21 27 | 27.0
Air Magic      | 10 12 27 | 27.0
Poison Magic   | 8 27 | 27.0
Necromancy     | 8 27 | 27.0
Shields        | 1 27 | 27.0
Transmutations | 27 | 27.0
Throwing       | 27 | 27.0
Polearms       | 27 | 27.0
Ice Magic      | 27 | 27.0
Evocations     | 27 | 27.0
Invocations    | 27 | 27.0
Shapeshifting  | 27 | 27.0
Stealth        | 27 | 27.0
Translocations | 27 | 27.0
Short Blades   | 27 | 27.0
Long Blades    | 27 | 27.0
Axes           | 27 | 27.0
Maces & Flails | 27 | 27.0
Staves         | 27 | 27.0
Ranged Weapons | 27 | 27.0
Unarmed Combat | 27 | 27.0
Hexes          | 27 | 27.0
Summonings     | 27 | 27.0

Action                     |  1- 3 |  4- 6 |  7- 9 | 10-12 | 13-15 | 16-18 | 19-21 | 22-24 | 25-27 || total
---------------------------+-------+-------+-------+-------+-------+-------+-------+-------+-------++-------
  Melee: Unarmed           |     5 |       |       |       |    11 |       |       |       |       ||    16
         Mace              |     4 |    23 |     5 |    13 |    31 |       |       |       |       ||    76
         Staff             |       |       |       |       |       |    56 |   125 |    51 |       ||   232
         Punch             |       |       |       |       |       |     3 |     3 |       |       ||     6
         Bo                |       |       |       |       |       |       |       |     2 |   322 ||   324
         Lance             |       |       |       |       |       |       |       |       |   508 ||   508
  Throw: Dart              |       |       |       |    23 |     3 |     7 |       |       |     1 ||    34
         Javelin           |       |       |       |       |       |       |       |       |    14 ||    14
   Cast: Magic Dart        |    58 |    74 |   276 |   406 |   610 |    52 |     2 |       |       ||  1478
         Searing Ray       |     6 |    25 |    61 |    15 |     1 |       |       |       |       ||   108
         Iskenderun's Batt |       |       |    17 |    84 |   102 |     8 |     1 |       |       ||   212
         Iskenderun's Myst |       |       |       |    50 |   311 |   125 |    50 |       |    18 ||   554
         Bombard           |       |       |       |       |    11 |   186 |   141 |   211 |   681 ||  1230
         Starburst         |       |       |       |       |     3 |    53 |   258 |    68 |    13 ||   395
         Airstrike         |       |       |       |       |       |   107 |   468 |    11 |       ||   586
         Plasma Beam       |       |       |       |       |       |    25 |    22 |    32 |    78 ||   157
         Irradiate         |       |       |       |       |       |     1 |     3 |     2 |    18 ||    24
         Poisonous Vapours |       |       |       |       |       |       |     6 |   111 |   117 ||   234
         Fireball          |       |       |       |       |       |       |    28 |     3 |    10 ||    41
         Ignite Poison     |       |       |       |       |       |       |     2 |    94 |    85 ||   181
         Blink             |       |       |       |       |       |       |     1 |     2 |    22 ||    25
         Ignition          |       |       |       |       |       |       |       |   175 |   867 ||  1042
         Sublimation of Bl |       |       |       |       |       |       |       |    84 |   894 ||   978
         Dispel Undead     |       |       |       |       |       |       |       |   265 |   138 ||   403
         Death Channel     |       |       |       |       |       |       |       |     3 |    31 ||    34
         Fire Storm        |       |       |       |       |       |       |       |       |   750 ||   750
         Shatter           |       |       |       |       |       |       |       |       |  1048 ||  1048
         Chain Lightning   |       |       |       |       |       |       |       |       |   595 ||   595
         Lehudib's Crystal |       |       |       |       |       |       |       |       |   272 ||   272
         Apportation       |       |       |       |       |       |       |       |       |   173 ||   173
         Polar Vortex      |       |       |       |       |       |       |       |       |    16 ||    16
         Death's Door      |       |       |       |       |       |       |       |       |     3 ||     3
         Olgreb's Toxic Ra |       |       |       |       |       |       |       |       |     2 ||     2
         Ozocubu's Refrige |       |       |       |       |       |       |       |       |     1 ||     1
 Invoke: Call Merchant     |       |       |       |     3 |     1 |     2 |       |     1 |     1 ||     8
         Potion Petition   |       |       |       |       |     2 |     3 |     3 |       |   315 ||   323
Ability: Evoke Blink       |       |       |       |       |       |       |       |       |     4 ||     4
  Evoke: Wand              |       |       |       |     1 |     5 |     3 |     4 |     1 |    22 ||    36
         Condenser vane    |       |       |       |       |       |       |     1 |     1 |       ||     2
         Phantom mirror    |       |       |       |       |       |       |       |     1 |       ||     1
         Figurine of a zig |       |       |       |       |       |       |       |       |     6 ||     6
    Use: Potion            |     1 |     1 |     2 |     4 |     1 |     2 |     1 |     6 |   131 ||   149
         Scroll            |       |       |    10 |     9 |    11 |     5 |     9 |     4 |    91 ||   139
   Stab: Distracted        |       |       |       |     1 |       |       |       |       |     8 ||     9
         Invisible         |       |       |       |       |       |     2 |       |       |     1 ||     3
 Armour: Robe              |    12 |       |       |       |       |       |       |       |       ||    12
         Leather armour    |     6 |    52 |    90 |   203 |   355 |   401 |       |       |       ||  1107
         Skin              |       |       |       |       |    10 |       |       |       |    10 ||    20
         Ring mail         |       |       |       |       |       |    38 |   726 |   578 |    39 ||  1381
         Pearl dragon scal |       |       |       |       |       |       |       |       |  2950 ||  2950
         Crystal plate arm |       |       |       |       |       |       |       |       |   587 ||   587
  Dodge: Dodged            |    37 |    54 |    66 |   135 |   274 |   293 |   404 |   301 |   966 ||  2530
  Block: Buckler           |       |       |       |       |       |       |    27 |   165 |   492 ||   684
         Kite shield       |       |       |       |       |       |       |       |       |  1187 ||  1187
         Reflection        |       |       |       |       |       |       |       |       |     8 ||     8
         Form:             |       |       |       |       |       |       |       |       |    22 ||    22
         Death             |       |       |       |       |       |       |       |       |    22 ||    22

Table legend: (Time is in decaauts)
 A = Elapsed time spent in this place.
 B = Non-inter-level travel time spent in this place.
 C = Inter-level travel time spent in this place.
 D = Time resting spent in this place.
 E = Time spent auto-exploring this place.
 F = Levels seen in this place.
 G = Mean time per level.
                   A        B        C        D        E       F      G
               +--------+--------+--------+--------+--------+-----+--------+
         Total | 195216 | 179442 |  15774 |  22381 | 119537 | 302 |  646.4 |
       Dungeon |  27544 |  22459 |   5085 |   2614 |  16111 |  15 | 1836.3 |
          Lair |  10309 |   8837 |   1472 |    766 |   6420 |   5 | 2061.8 |
        Shoals |   6527 |   5827 |    700 |    810 |   4113 |   4 | 1631.8 |
   Spider Nest |   6700 |   6275 |    425 |   1844 |   3432 |   4 | 1675.0 |
    Slime Pits |   4725 |   4273 |    452 |   1114 |   2409 |   5 |  945.0 |
  Orcish Mines |   2237 |   1957 |    280 |    668 |    873 |   2 | 1118.5 |
   Elven Halls |   7315 |   6973 |    342 |    604 |   5116 |   3 | 2438.3 |
        Vaults |  12662 |  11362 |   1300 |    656 |   8905 |   5 | 2532.4 |
         Crypt |   4750 |   4180 |    570 |    592 |   2752 |   3 | 1583.3 |
          Tomb |   5699 |   4921 |    778 |    589 |   3564 |   3 | 1899.7 |
        Depths |  16769 |  14706 |   2063 |   6684 |   6381 |   4 | 4192.2 |
          Hell |   1929 |   1444 |    485 |    460 |    725 |   1 | 1929.0 |
           Dis |   3118 |   2926 |    192 |    411 |   1896 |   7 |  445.4 |
       Gehenna |   3496 |   3205 |    291 |    786 |   1809 |   7 |  499.4 |
       Cocytus |   2087 |   1943 |    144 |     67 |   1442 |   7 |  298.1 |
      Tartarus |   6139 |   5721 |    418 |    691 |   3957 |   7 |  877.0 |
           Zot |   7448 |   6679 |    769 |    431 |   5288 |   5 | 1489.6 |
         Abyss |   1380 |   1380 |      0 |     21 |     34 |   6 |  230.0 |
   Pandemonium |   9123 |   9123 |      0 |    782 |   3832 |  18 |  506.8 |
      Ziggurat |  50407 |  50407 |      0 |   1151 |  37548 | 185 |  272.5 |
        Bazaar |     70 |     70 |      0 |      0 |     47 |   1 |   70.0 |
         Trove |     74 |     74 |      0 |      0 |      0 |   1 |   74.0 |
         Sewer |   1158 |   1158 |      0 |    105 |    878 |   1 | 1158.0 |
        Bailey |   1319 |   1319 |      0 |    316 |    656 |   1 | 1319.0 |
      Ice Cave |   1323 |   1323 |      0 |    105 |    830 |   1 | 1323.0 |
        Wizlab |    894 |    894 |      0 |    110 |    512 |   1 |  894.0 |
               +--------+--------+--------+--------+--------+-----+--------+

Top non-repeatable levels by time:
Depths:1: 10167 daAuts
  Lair:5: 3570 daAuts
  Tomb:1: 3532 daAuts
Vaults:2: 3297 daAuts
   Tar:7: 3200 daAuts
     D:1: 3182 daAuts
Depths:3: 3112 daAuts
   Elf:3: 3067 daAuts
     D:8: 2916 daAuts
  Zig:27: 2910 daAuts
Vaults:3: 2804 daAuts
  Zig:25: 2785 daAuts
   Elf:2: 2729 daAuts
Vaults:1: 2686 daAuts
  Zig:21: 2664 daAuts
